Workbook

Sheet Info
A1: Haushaltstführung
A2: Überwachen Sie Ihren Haushalt und Erstellen Sie Statistiken in Excel. Erzeugen Sie komfortabel Diagramme und
A3: Übersichten.
A5: Excel-Anwendung von
A6: WERNER LUCK
A8: INHALT
A9: Info | D9: Dieses Blatt
A10: E | D10: Eingaben (Anweisung zum Gebrauch der Arbeitsmappe)
A11: Buchungsplan | D11: Buchungsplan über Einnahmen und Ausgaben
A12: HÜL | D12: Zusammenstellung der jährlichen Einnahmen und Ausgaben nach Monaten
A13: Einnahmenliste | D13: Datumsweise Auflistung der Einnahmen
A14: Ausgabenliste | D14: Datumsweise Auflistung der Ausgaben
A15: Einnahmen | D15: Übersicht über die Einnahmen des Jahres nach Monaten
A16: Ausgaben | D16: Übersicht über die Ausgaben des Jahres nach Monaten
A17: Feste Ausgaben | D17: Auflistung der festen Ausgaben
A18: Veränderliche Ausgaben | D18: Auflistung der variablen Ausgaben
A19: Kreditkartenausgaben | D19: Aufteilung der Ausgaben via Kreditkarte
A20: HÜL-Diagramm | D20: Übersichtsdiagramm Einnahmen/Ausgaben nach Monaten
A23: Excel-Anwendung speziell für die Buchführung rund um Ihren Haushalt
A24: Entwickelt von Werner Luck
A25: Hauptstraße 2
A26: 54413 Beuren
A27: Tel.: 06586 986025
A28: E-Mail: wernerluck@web.de

Sheet E
A1: Anweisungen und Erläuterungen zum Gebrauch der Arbeitsmappe
A2: Allgemeines | B2: Die Arbeitsmappe dient der Überwachung und Dokumentation der Haushaltseinnahmen und -ausgaben.
B3: Sie dient weiters dazu, Kostentransparenz und Kostenbewusstsein zu schaffen sowie die Haushaltseinnahmen
B4: aufzuzeigen, wobei hierbei auch Möglichkeiten neuer Einnahmequellen aufscheinen können.
B5: All diese Informationen sollen eine wirksamere Planung, Steuerung und Kontrolle von Kosten und Einnahmen
B6: ermöglichen.
B7: Das Haushaltsbuch unterstützt Sie bei der Budgetkontrolle und hilft, finanzielle Spielräume zu schaffen und
B8: sich bei Finanzentscheidungen sicher zu fühlen.
B9: Die vorliegende Haushaltsbuchführung ist nach dem Konzept einer einfachen Einnahmen-Ausgaben-Aufschrei-
B10: bung für private Haushalte gestaltet.
A12: Tipp: | B12: Hinweis (z. B. auf mögliche andere Verfahrensweisen, Fundstellen usw.)
A14: Hinweise zur Durchführung der Haushaltsbuchführung
A15: Laufende Buchungen | B15: Einnahmen | C15: Im Tabellenblatt "Einn._Liste" werden die monatlichen Einkünfte eingetragen.
B16: Ausgaben | C16: Für die Dokumentation der Ausgaben sind 14 Konten und 67 Kostenstellen vorgesehen.
C17: Die Konten werden in Kostenstellen für feste und variable Ausgaben unterteilt. Es gibt Konten,
C18: die nur feste oder variable, aber auch Konten, die feste und variable Ausgaben enthalten. Die
C19: Eintragungen erfolgen im Tabellenblatt "Ausg._Liste".
C20: Im Tabellenblatt "Ausgaben" werden die Eintragungen nach Konten zusammengefasst.
A22: Begriffserklärungen
B23: Aufwand
B24: Wird nur erforderlich, wenn mit dem privaten
B25: Haushalt auch unternehmerischen Tätigkeiten
B26: verbunden werden.
B29: Berichtigungen
B30: Diese Buchungen werden in der vorliegenden
B31: Haushaltsbuchführung in der Haushaltsstelle
B32: 140 "Rückerstattungen" durchgeführt.
B49: Entnahmen
B50: Spielen hier keine Rolle.
B73: Versorgungsgrad
B74: Der Begriff findet hier keine Anwendung. Es
... B76: wirtschaftlich geprägte Buchführung.
A97: Tabelle "Info" | B97: Inhaltsbeschreibung der Arbeitsmappe und Informationen über den Autor.
A99: Anweisungen und Erläuterungen (dieses Tabellenblatt "E")
B100: Die Arbeitsmappe enthält folgende weitere Tabellenblätter:
A105: Tabellenblatt "Buchungsplan"
B106: Der Buchungsplan gliedert die Haushaltseinnahmen und -ausgaben nach Haushalts- (Einnahmen), Buchungs-
B107: und Kostenstellen (Ausgaben).
B108: Er kann - je nach Bedürfnis - ergänzt und geändert werden. Auch weitergehende Differenzierungen in den
B109: Haushalts- und Kostenstellen sind möglich.
B110: Die Ausgaben sind - als Basis für eine Budgetplanung - in feste und veränderliche (variable) Ausgaben ein-
B111: teilt.
B112: Einkommensstruktur
C113: Erwerbseinkommen
C114: Einzahlungen aus beruflicher Tätigkeit (Nettolohn, -gehalt), Urlaubsgeld, Weihnachtsgeld und
C115: Provisionen
C116: Staatliche Zahlungen
C117: Kindergeld, Elterngeld, Wohngeld, Pension, Rente, Arbeitslosengeld
C118: Private Zahlungen
C119: Unterhalt, Geldgeschenke, Sonstiges (dazu zählen z.B. Lotteriegewinne)
C120: Einnahmen aus Vermögen
C121: Zinsen, Dividenden, ausgezahlte Sparbeträge, Kursgewinne, Mieteinnahmen
C122: Rückerstattung
C123: Erstattungen aus Steuerzahlungen, Strom-, Gas- und Wasserentgelten, der Krankenkasse
C124: und der Beihilfe.
B125: Sollen in der Buchführung auch Einkommen aus selbstständiger Tätigkeiten (en) erfasst werden, sind sie
B126: als Gewinn aus der unternehmerischen Tätigkeit zu übernehmen.
B128: Ausgabengliederung:
C129: Ausgaben für: Wohnen, Hauswirtschaft, Ernährung, Körper- und Gesundheitspflege,
C130: Persönliche Ausstattung, Mobilität, Kommunikation, Bildung und Freizeit, Betreuung und
C131: Pflege, Beiträge, Honorare, Geldtransfers, Versicherungen, Vermögensbildung und Verbind-
C132: lichkeiten sowie außerordentliche Aufwendungen.
C133: Weitere Unterteilungen erfolgen bei den jeweiligen Kostenstellen.
B134: Es erfolgt eine Unterteilung in feste (ständige) und veränderliche (variable) Ausgaben. Aus diesen Angaben
B135: lässt sich bei Bedarf eine Budgetplanung ableiten.
B137: Tipp: | C137: Sie können auch Buchführungsvorlagen aus dem Internet oder von anderen Quellen für Ihre Buchführung
C138: benutzen. Unter folgenden Links finden Sie ein umfassende Anleitung:
C139: https://www.lfl.bayern.de/iba/haushalt/085725/index.php
C140: G:\Werner Luck\Finanzen\2_Haushalt\lfl_anleitung_hbf.pdf | H140: gilt nur für diesen PC!
C141: Ein weiteres kostenloses Haushaltsbuch finden sie unter folgendem Link:
C142: https://www.geldundhaushalt.de/Ratgeber/Planungshilfen/haushaltsbuch.html
A144: Tabellenblatt "HÜL" | B144: Die Haushaltsüberwachungsliste stellt die grundlegende Informationsquelle der Haushaltsbuchführung dar.
B155: Sie ergibt einen schnellen und aktuellen Überblick über die laufenden Einnahmen und Ausgaben des Jahres.
B156: Direkte Steuerungsaktivitäten sind somit möglich.
A158: Tabellenblatt "Einn.Liste" | B158: Die Einnahmen werden hier nach Datum, Einzahler, Haushaltstelle und Monat aufgelistet.
A163: Autofilter
B169: Mithilfe des Autofilters lassen sich einzelne Eintragungen herausfiltern, vergleichen und auswerten.
B170: Die Übertragung in die entsprechenden Übersichten erfolgt automatisch.
C171: Beispielsformel: | D171: SUMMEWENNS(Einn._Liste!$G$4:$G$1000;Einn._Liste!$E$4:$E$1000;116;Einn._Liste!$F$4:$F$1000;2)
C172: Tipp: | D172: Damit die Formel wirksam werden kann, muss natürlich das Gleichheitszeichen vorne angefügt
D173: werden.
A174: Tabellenblatt "Ausg.Liste" | B174: Auflistung der Ausgaben nach Datum, Buchungs- und Kostenstellen.
A177: Autofilter
B191: Zahlungsarten (Zahlart) | D191: LE | E191: Lastschrift | F191: bar | G191: Geldzahlung
B192: (neu) | D192: EC | E192: EC-Karte | F192: VK | G192: Vorkasse
D193: KK | E193: Kreditkarte | F193: NFÜ | G193: Smartphone
D194: ÜB | E194: Überweisung
D195: DA | E195: Dauerauftrag
B196: Eine Filterung nach Zahlungsart ermöglicht einen Überblick über Bar- oder unbare Zahlungen.
C197: Beispielsformel: | D197: Feste Ausgaben'!H10+'Veränderliche Ausgaben'!H28
A199: Tabellenblatt "Einnahmen" | B199: Übersicht über die Einnahmen des Jahres
B213: Die Liste wird aus den Eintragungen der "Einn._Liste" automatisch generiert.
A215: Tabellenblatt "Ausgaben" | B215: Übersicht über die Ausgaben des Jahres nach Konten.
B225: Die Liste wird aus den Eintragungen der "Ausg._Liste" automatisch generiert.
A227: Tabellenblatt "Feste Ausgaben"
B228: Übersicht über "feste" Ausgaben des Jahres. Die Liste wird automatisch generiert.
C229: Beispielsformel:
C230: SUMMEWENNS(Ausg._Liste!$H$4:$H$1002;Ausg._Liste!$F$4:$F$1002;1001;Ausg._Liste!$G$4:$G$1002;4)
A231: Tabellenblatt "Veränderliche Ausgaben"
B232: Übersicht über "variable" Ausgaben des Jahres. Die Liste wird automatisch generiert.
...

Sheet Buchungsplan
A1: Buchungsplan | F1: Einnahme- und Kostenarten
A2: Einnahmen | C2: Ausgaben | F2: Einnahmearten | H2: Kostenarten
A3: Haushalts stelle | B3: Einkommen | C3: Kosten stelle fest | D3: Kosten stelle variabel | E3: Ausgaben | F3: Zusammenstellung der Einnahme- und Kostenarten von privaten Haushalten
A4: 100 | B4: Erwerbseinkommen | C4: 200 | E4: Wohnen | F4: 100 | G4: Erwerbseinkommen | H4: 200 | I4: Wohnen
A5: 101 | B5: Nettolohn, -gehalt | C5: 201 | E5: Miete | F5: 110 | G5: Staatliche Zahlungen | H5: 300 | I5: Hauswirtschaft
A6: 102 | B6: Urlaubsgeld | C6: 202 | E6: Immobilienkredite | F6: 120 | G6: Private Zahlungen | H6: 400 | I6: Ernährung
A7: 103 | B7: Weihnachtsgeld | C7: 203 | E7: Heizenergie, Heizungswartung, Schornsteinfeger | F7: 130 | G7: Einnahmen aus Vermögen | H7: 500 | I7: Körper- und Gesundheitspflege
A8: 104 | B8: Provision | C8: 204 | E8: Strom | F8: 140 | G8: Rückerstattung | H8: 600 | I8: Persönliche Ausstattung
A9: 110 | B9: Staatliche Zahlungen | C9: 205 | E9: Wasser | F9: 150 | G9: Kredite, Darlehen | H9: 700 | I9: Mobilität
A10: 111 | B10: Kindergeld | C10: 206 | E10: Bausparvertrag Wüstenrot | H10: 800 | I10: Kommunikation
A11: 112 | B11: Wohngeld | C11: 207 | E11: Müllabfuhr | H11: 900 | I11: Bildung und Freizeit
A12: 113 | B12: Elterngeld | D12: 208 | E12: Schönheitsreperaturen | H12: 1000 | I12: Betreuung und Pflege
A13: 114 | B13: Pension | D13: 209 | E13: Instandsetzung | H13: 1100 | I13: Beiträge, Honorare, Geldtransfers
A14: 115 | B14: Rente | D14: 210 | E14: Wohnungseinrichtung | H14: 1200 | I14: Versicherungen
A15: 116 | B15: Arbeitslosengeld | C15: 300 | E15: Hauswirtschaft | H15: 1300 | I15: Vermögensbildung
A16: 120 | B16: Private Zahlungen | D16: 301 | E16: Hausrat und kleine Geräte, Verbrauchsmaterial | H16: 1400 | I16: Verbindlichkeiten
A17: 121 | B17: Unterhalt | D17: 302 | E17: Reinigungsmittel | H17: 1500 | I17: Außerordentliche Aufwendungen
A18: 122 | B18: Geldgeschenke | D18: 303 | E18: Blumen, Gartenbedarf
A19: 123 | B19: Sonstiges (auch Boni) | D19: 304 | E19: Haustiere, incl. Hundesteuer | F19: Die Einnahme- und Kostenarten können je nach privaten Bedürfnissen verändert und
A20: 130 | B20: Einnahmen aus Vermögen | D20: 305 | E20: Reperaturen, Werkzeuge, Geräte, Maschinen | F20: angepasst werden. Die vorstehende Gliederung stellt lediglich einen Vorschlag dar.
A21: 131 | B21: Zinsen | D21: 306 | E21: Hilfe für Haushalt, Garten, Grabpflege | F21: Verfeinerungen und diffizilere Untergliederungen sind dem jeweiligen Benutzer
A22: 132 | B22: Dividenden | C22: 400 | E22: Ernährung | F22: unbenommen.
A23: 133 | B23: Sparbeträge, ausgezahlt | D23: 401 | E23: Nahrungsmittel, Getränke
A24: 134 | B24: Kursgewinne | D24: 402 | E24: Alkohol, Tabakwaren
A25: 135 | B25: Mieteinnahmen | D25: 403 | E25: Außer-Haus-Verzehr (Schule, Kita)
A26: 140 | B26: Rückerstattung | D26: 404 | E26: Genussmittel (Süßwaren)
A27: 141 | B27: Steuer | C27: 500 | E27: Körper- und Gesundheitspflege
A28: 142 | B28: Strom, Gas, Wasser | D28: 501 | E28: Körperpflegemittel
A29: 143 | B29: Krankenkasse | D29: 502 | E29: Friseur, Sauna, Solarium
A30: 144 | B30: Beihilfe | D30: 503 | E30: Praxisgebühren, Arznei-/Heilmittel
A31: 145 | B31: Versicherungsbeiträge | D31: 504 | E31: Arzthonorare, Krankenhaus
A32: 150 | B32: Kredite, Darlehen | D32: 505 | E32: Labor, Physiotherapie
C33: 600 | E33: Persönliche Ausstattung
D34: 601 | E34: Bekleidung, Schuhe
D35: 602 | E35: Schmuck, Taschen, Schirme usf.
D36: 603 | E36: Reinigung und Reperaturen
C37: 700 | E37: Mobilität
C38: 701 | E38: Öffentliche Verkehrsmittel (Fahrkarten)
C39: 702 | E39: Kfz-Steuer
C40: 703 | E40: Kfz-Versicherung
C41: 704 | E41: Leasing für PKW
D42: 705 | E42: Private Verkehrsmittel (Kraftstoff, Ersatzteile)
D43: 706 | E43: Reperaturen, Kfz.-Zubehör
C44: 800 | E44: Kommunikation
C45: 801 | E45: Rundfunkbeitrag
C46: 802 | E46: Telefon und Internet
D47: 803 | E47: Büromaterial, Porto
D48: 804 | E48: Computer (Hardware)
D49: 805 | E49: Computer (Software)
C50: 900 | E50: Bildung und Freizeit
C51: 901 | E51: Nachhilfe, Schulgeld, Studiengebühren
C52: 902 | E52: Unterrichts- und Kursgebühren
C53: 903 | E53: Mitgliedsbeiträge, auch Skatclub
C54: 904 | E54: Taschengeld
D55: 905 | E55: Bücher, Zeitschriften, Spiel, Sport
D56: 906 | E56: Eintrittsgelder
D57: 907 | E57: Pauschalreisen, Hotel, Ferienwohnung
D58: 908 | E58: Geschenke
D59: 909 | E59: Jagd
D60: 910 | E60: Fotografie
C61: 1000 | E61: Betreuung und Pflege
C62: 1001 | E62: Kinderbetreuung
C63: 1002 | E63: Dienstleistungen für Altenpflege
C64: 1100 | E64: Beiträge, Honorare, Geldtransfers
C65: 1101 | E65: Unterhaltszahlungen
C66: 1102 | E66: Geldgeschenke
D67: 1103 | E67: Gebühren
D68: 1104 | E68: Geldspenden, auch Kondolenzen
C69: 1200 | E69: Versicherungen
C70: 1201 | E70: Krankenversicherung, Pflegeversicherung
C71: 1202 | E71: Unfallversicherung, Berufsgenossenschaft
C72: 1203 | E72: Sonstige: Hausrat, Haftpflicht, Rechtsschutz...
C73: 1300 | E73: Vermögensbildung
C74: 1301 | E74: Kapitalbildende Lv´en
C75: 1302 | E75: Rentenversicherung
C76: 1303 | E76: Sparverträge
C77: 1304 | E77: Wertpapiere
C78: 1400 | E78: Verbindlichkeiten
C79: 1401 | E79: Dispokredit
C80: 1402 | E80: Ratenkredit
... C86: 1500 | E86: Außerordentliche Aufwendungen
D87: 1501 | E87: Investitionen (> 800 €) Neu- u. Ersatzbeschaffungen, Fahrzeuge, langlebige Gebrauchsgüter…
D88: 1502 | E88: Zuzahlungen (> 1000 €) Arztkosten, Krankenhaus, Ersatzbeschaffungen, Fahrzeuge, Rechtsanwalt, Umzug…
D89: 1503 | E89: Familienfeiern (> 1000 €) Geburtstage, Hochzeit, Begräbnis
D90: 1504 | E90: Abfindungen, Heiratsgut

Sheet HÜL
A1: HÜL | B1: Einnahmen und Ausgaben im Haushaltsjahr nach Monaten
A2: xxxx | B2: EINNAHMEN | C2: AUSGABEN | R2: SALDO
A3: Monat | B3: Einnahmen | C3: Wohnen | D3: Hauswirtschaft | E3: Ernährung | F3: Körper- und Gesundheitspflege | G3: Persönliche Ausstattung | H3: Mobilität | I3: Kommunikation | J3: Bildung und Freizeit | K3: Betreuung und Pflege | L3: Beiträge, Honorare, Geldtransfers | M3: Versicherungen | N3: Vermögensbildung | O3: Verbindlichkeiten | P3: Außerordentliche Aufwendungen | Q3: Summe Ausgaben | R3: Saldo
A4: Januar | B4: =SUMIF(Einn._Liste!$F$4:$F$1000,1,Einn._Liste!$G$4:$G$1000) -> 0 | C4: =SUMIFS(Ausg._Liste!$H$4:$H$550,Ausg._Liste!$E$4:$E$550,200,Ausg._Liste!$G$4:$G$550,1) -> 0 | D4: =SUMIFS(Ausg._Liste!$H$4:$H$550,Ausg._Liste!$E$4:$E$550,300,Ausg._Liste!$G$4:$G$550,1) -> 0 | E4: =SUMIFS(Ausg._Liste!$H$4:$H$550,Ausg._Liste!$E$4:$E$550,400,Ausg._Liste!$G$4:$G$550,1) -> 0 | F4: =SUMIFS(Ausg._Liste!$H$4:$H$550,Ausg._Liste!$E$4:$E$550,500,Ausg._Liste!$G$4:$G$550,1) -> 0 | G4: =SUMIFS(Ausg._Liste!$H$4:$H$550,Ausg._Liste!$E$4:$E$550,600,Ausg._Liste!$G$4:$G$550,1) -> 0 | H4: =SUMIFS(Ausg._Liste!$H$4:$H$550,Ausg._Liste!$E$4:$E$550,700,Ausg._Liste!$G$4:$G$550,1) -> 0 | I4: =SUMIFS(Ausg._Liste!$H$4:$H$550,Ausg._Liste!$E$4:$E$550,800,Ausg._Liste!$G$4:$G$550,1) -> 0 | J4: =SUMIFS(Ausg._Liste!$H$4:$H$550,Ausg._Liste!$E$4:$E$550,900,Ausg._Liste!$G$4:$G$550,1) -> 0 | K4: =SUMIFS(Ausg._Liste!$H$4:$H$550,Ausg._Liste!$E$4:$E$550,1000,Ausg._Liste!$G$4:$G$550,1) -> 0 | L4: =SUMIFS(Ausg._Liste!$H$4:$H$550,Ausg._Liste!$E$4:$E$550,1100,Ausg._Liste!$G$4:$G$550,1) -> 0 | M4: =SUMIFS(Ausg._Liste!$H$4:$H$550,Ausg._Liste!$E$4:$E$550,1200,Ausg._Liste!$G$4:$G$550,1) -> 0 | N4: =SUMIFS(Ausg._Liste!$H$4:$H$550,Ausg._Liste!$E$4:$E$550,1300,Ausg._Liste!$G$4:$G$550,1) -> 0 | O4: =SUMIFS(Ausg._Liste!$H$4:$H$550,Ausg._Liste!$E$4:$E$550,1400,Ausg._Liste!$G$4:$G$550,1) -> 0 | P4: =SUMIFS(Ausg._Liste!$H$4:$H$550,Ausg._Liste!$E$4:$E$550,1500,Ausg._Liste!$G$4:$G$550,1) -> 0 | Q4: =SUM(C4:P4) -> 0 | R4: =B4-Q4 -> 0
A5: Februar | B5: =SUMIF(Einn._Liste!$F$4:$F$1000,2,Einn._Liste!$G$4:$G$1000) -> 0 | C5: =SUMIFS(Ausg._Liste!$H$4:$H$550,Ausg._Liste!$E$4:$E$550,200,Ausg._Liste!$G$4:$G$550,2) -> 0 | D5: =SUMIFS(Ausg._Liste!$H$4:$H$550,Ausg._Liste!$E$4:$E$550,300,Ausg._Liste!$G$4:$G$550,2) -> 0 | E5: =SUMIFS(Ausg._Liste!$H$4:$H$550,Ausg._Liste!$E$4:$E$550,400,Ausg._Liste!$G$4:$G$550,2) -> 0 | F5: =SUMIFS(Ausg._Liste!$H$4:$H$550,Ausg._Liste!$E$4:$E$550,500,Ausg._Liste!$G$4:$G$550,2) -> 0 | G5: =SUMIFS(Ausg._Liste!$H$4:$H$550,Ausg._Liste!$E$4:$E$550,600,Ausg._Liste!$G$4:$G$550,2) -> 0 | H5: =SUMIFS(Ausg._Liste!$H$4:$H$550,Ausg._Liste!$E$4:$E$550,700,Ausg._Liste!$G$4:$G$550,2) -> 0 | I5: =SUMIFS(Ausg._Liste!$H$4:$H$550,Ausg._Liste!$E$4:$E$550,800,Ausg._Liste!$G$4:$G$550,2) -> 0 | J5: =SUMIFS(Ausg._Liste!$H$4:$H$550,Ausg._Liste!$E$4:$E$550,900,Ausg._Liste!$G$4:$G$550,2) -> 0 | K5: =SUMIFS(Ausg._Liste!$H$4:$H$550,Ausg._Liste!$E$4:$E$550,1000,Ausg._Liste!$G$4:$G$550,2) -> 0 | L5: =SUMIFS(Ausg._Liste!$H$4:$H$550,Ausg._Liste!$E$4:$E$550,1100,Ausg._Liste!$G$4:$G$550,2) -> 0 | M5: =SUMIFS(Ausg._Liste!$H$4:$H$550,Ausg._Liste!$E$4:$E$550,1200,Ausg._Liste!$G$4:$G$550,2) -> 0 | N5: =SUMIFS(Ausg._Liste!$H$4:$H$550,Ausg._Liste!$E$4:$E$550,1300,Ausg._Liste!$G$4:$G$550,2) -> 0 | O5: =SUMIFS(Ausg._Liste!$H$4:$H$550,Ausg._Liste!$E$4:$E$550,1400,Ausg._Liste!$G$4:$G$550,2) -> 0 | P5: =SUMIFS(Ausg._Liste!$H$4:$H$550,Ausg._Liste!$E$4:$E$550,1500,Ausg._Liste!$G$4:$G$550,2) -> 0 | Q5: =SUM(C5:P5) -> 0 | R5: =B5-Q5 -> 0
A6: März | B6: =SUMIF(Einn._Liste!$F$4:$F$1000,3,Einn._Liste!$G$4:$G$1000) -> 0 | C6: =SUMIFS(Ausg._Liste!$H$4:$H$550,Ausg._Liste!$E$4:$E$550,200,Ausg._Liste!$G$4:$G$550,3) -> 0 | D6: =SUMIFS(Ausg._Liste!$H$4:$H$550,Ausg._Liste!$E$4:$E$550,300,Ausg._Liste!$G$4:$G$550,3) -> 0 | E6: =SUMIFS(Ausg._Liste!$H$4:$H$550,Ausg._Liste!$E$4:$E$550,400,Ausg._Liste!$G$4:$G$550,3) -> 0 | F6: =SUMIFS(Ausg._Liste!$H$4:$H$550,Ausg._Liste!$E$4:$E$550,500,Ausg._Liste!$G$4:$G$550,3) -> 0 | G6: =SUMIFS(Ausg._Liste!$H$4:$H$550,Ausg._Liste!$E$4:$E$550,600,Ausg._Liste!$G$4:$G$550,3) -> 0 | H6: =SUMIFS(Ausg._Liste!$H$4:$H$550,Ausg._Liste!$E$4:$E$550,700,Ausg._Liste!$G$4:$G$550,3) -> 0 | I6: =SUMIFS(Ausg._Liste!$H$4:$H$550,Ausg._Liste!$E$4:$E$550,800,Ausg._Liste!$G$4:$G$550,3) -> 0 | J6: =SUMIFS(Ausg._Liste!$H$4:$H$550,Ausg._Liste!$E$4:$E$550,900,Ausg._Liste!$G$4:$G$550,3) -> 0 | K6: =SUMIFS(Ausg._Liste!$H$4:$H$550,Ausg._Liste!$E$4:$E$550,1000,Ausg._Liste!$G$4:$G$550,3) -> 0 | L6: =SUMIFS(Ausg._Liste!$H$4:$H$550,Ausg._Liste!$E$4:$E$550,1100,Ausg._Liste!$G$4:$G$550,3) -> 0 | M6: =SUMIFS(Ausg._Liste!$H$4:$H$550,Ausg._Liste!$E$4:$E$550,1200,Ausg._Liste!$G$4:$G$550,3) -> 0 | N6: =SUMIFS(Ausg._Liste!$H$4:$H$550,Ausg._Liste!$E$4:$E$550,1300,Ausg._Liste!$G$4:$G$550,3) -> 0 | O6: =SUMIFS(Ausg._Liste!$H$4:$H$550,Ausg._Liste!$E$4:$E$550,1400,Ausg._Liste!$G$4:$G$550,3) -> 0 | P6: =SUMIFS(Ausg._Liste!$H$4:$H$550,Ausg._Liste!$E$4:$E$550,1500,Ausg._Liste!$G$4:$G$550,3) -> 0 | Q6: =SUM(C6:P6) -> 0 | R6: =B6-Q6 -> 0
A7: April | B7: =SUMIF(Einn._Liste!$F$4:$F$1000,4,Einn._Liste!$G$4:$G$1000) -> 0 | C7: =SUMIFS(Ausg._Liste!$H$4:$H$550,Ausg._Liste!$E$4:$E$550,200,Ausg._Liste!$G$4:$G$550,4) -> 0 | D7: =SUMIFS(Ausg._Liste!$H$4:$H$550,Ausg._Liste!$E$4:$E$550,300,Ausg._Liste!$G$4:$G$550,4) -> 0 | E7: =SUMIFS(Ausg._Liste!$H$4:$H$550,Ausg._Liste!$E$4:$E$550,400,Ausg._Liste!$G$4:$G$550,4) -> 0 | F7: =SUMIFS(Ausg._Liste!$H$4:$H$550,Ausg._Liste!$E$4:$E$550,500,Ausg._Liste!$G$4:$G$550,4) -> 0 | G7: =SUMIFS(Ausg._Liste!$H$4:$H$550,Ausg._Liste!$E$4:$E$550,600,Ausg._Liste!$G$4:$G$550,4) -> 0 | H7: =SUMIFS(Ausg._Liste!$H$4:$H$550,Ausg._Liste!$E$4:$E$550,700,Ausg._Liste!$G$4:$G$550,4) -> 0 | I7: =SUMIFS(Ausg._Liste!$H$4:$H$550,Ausg._Liste!$E$4:$E$550,800,Ausg._Liste!$G$4:$G$550,4) -> 0 | J7: =SUMIFS(Ausg._Liste!$H$4:$H$550,Ausg._Liste!$E$4:$E$550,900,Ausg._Liste!$G$4:$G$550,4) -> 0 | K7: =SUMIFS(Ausg._Liste!$H$4:$H$550,Ausg._Liste!$E$4:$E$550,1000,Ausg._Liste!$G$4:$G$550,4) -> 0 | L7: =SUMIFS(Ausg._Liste!$H$4:$H$550,Ausg._Liste!$E$4:$E$550,1100,Ausg._Liste!$G$4:$G$550,4) -> 0 | M7: =SUMIFS(Ausg._Liste!$H$4:$H$550,Ausg._Liste!$E$4:$E$550,1200,Ausg._Liste!$G$4:$G$550,4) -> 0 | N7: =SUMIFS(Ausg._Liste!$H$4:$H$550,Ausg._Liste!$E$4:$E$550,1300,Ausg._Liste!$G$4:$G$550,4) -> 0 | O7: =SUMIFS(Ausg._Liste!$H$4:$H$550,Ausg._Liste!$E$4:$E$550,1400,Ausg._Liste!$G$4:$G$550,4) -> 0 | P7: =SUMIFS(Ausg._Liste!$H$4:$H$550,Ausg._Liste!$E$4:$E$550,1500,Ausg._Liste!$G$4:$G$550,3) -> 0 | Q7: =SUM(C7:P7) -> 0 | R7: =B7-Q7 -> 0
A8: Mai | B8: =SUMIF(Einn._Liste!$F$4:$F$1000,5,Einn._Liste!$G$4:$G$1000) -> 0 | C8: =SUMIFS(Ausg._Liste!$H$4:$H$550,Ausg._Liste!$E$4:$E$550,200,Ausg._Liste!$G$4:$G$550,5) -> 0 | D8: =SUMIFS(Ausg._Liste!$H$4:$H$550,Ausg._Liste!$E$4:$E$550,300,Ausg._Liste!$G$4:$G$550,5) -> 0 | E8: =SUMIFS(Ausg._Liste!$H$4:$H$550,Ausg._Liste!$E$4:$E$550,400,Ausg._Liste!$G$4:$G$550,5) -> 0 | F8: =SUMIFS(Ausg._Liste!$H$4:$H$550,Ausg._Liste!$E$4:$E$550,500,Ausg._Liste!$G$4:$G$550,5) -> 0 | G8: =SUMIFS(Ausg._Liste!$H$4:$H$550,Ausg._Liste!$E$4:$E$550,600,Ausg._Liste!$G$4:$G$550,5) -> 0 | H8: =SUMIFS(Ausg._Liste!$H$4:$H$550,Ausg._Liste!$E$4:$E$550,700,Ausg._Liste!$G$4:$G$550,5) -> 0 | I8: =SUMIFS(Ausg._Liste!$H$4:$H$550,Ausg._Liste!$E$4:$E$550,800,Ausg._Liste!$G$4:$G$550,5) -> 0 | J8: =SUMIFS(Ausg._Liste!$H$4:$H$550,Ausg._Liste!$E$4:$E$550,900,Ausg._Liste!$G$4:$G$550,5) -> 0 | K8: =SUMIFS(Ausg._Liste!$H$4:$H$550,Ausg._Liste!$E$4:$E$550,1000,Ausg._Liste!$G$4:$G$550,5) -> 0 | L8: =SUMIFS(Ausg._Liste!$H$4:$H$550,Ausg._Liste!$E$4:$E$550,1100,Ausg._Liste!$G$4:$G$550,5) -> 0 | M8: =SUMIFS(Ausg._Liste!$H$4:$H$550,Ausg._Liste!$E$4:$E$550,1200,Ausg._Liste!$G$4:$G$550,5) -> 0 | N8: =SUMIFS(Ausg._Liste!$H$4:$H$550,Ausg._Liste!$E$4:$E$550,1300,Ausg._Liste!$G$4:$G$550,5) -> 0 | O8: =SUMIFS(Ausg._Liste!$H$4:$H$550,Ausg._Liste!$E$4:$E$550,1400,Ausg._Liste!$G$4:$G$550,5) -> 0 | P8: =SUMIFS(Ausg._Liste!$H$4:$H$550,Ausg._Liste!$E$4:$E$550,1500,Ausg._Liste!$G$4:$G$550,5) -> 0 | Q8: =SUM(C8:P8) -> 0 | R8: =B8-Q8 -> 0
A9: Juni | B9: =SUMIF(Einn._Liste!$F$4:$F$1000,6,Einn._Liste!$G$4:$G$1000) -> 0 | C9: =SUMIFS(Ausg._Liste!$H$4:$H$550,Ausg._Liste!$E$4:$E$550,200,Ausg._Liste!$G$4:$G$550,6) -> 0 | D9: =SUMIFS(Ausg._Liste!$H$4:$H$550,Ausg._Liste!$E$4:$E$550,300,Ausg._Liste!$G$4:$G$550,6) -> 0 | E9: =SUMIFS(Ausg._Liste!$H$4:$H$550,Ausg._Liste!$E$4:$E$550,400,Ausg._Liste!$G$4:$G$550,6) -> 0 | F9: =SUMIFS(Ausg._Liste!$H$4:$H$550,Ausg._Liste!$E$4:$E$550,500,Ausg._Liste!$G$4:$G$550,6) -> 0 | G9: =SUMIFS(Ausg._Liste!$H$4:$H$550,Ausg._Liste!$E$4:$E$550,600,Ausg._Liste!$G$4:$G$550,6) -> 0 | H9: =SUMIFS(Ausg._Liste!$H$4:$H$550,Ausg._Liste!$E$4:$E$550,700,Ausg._Liste!$G$4:$G$550,6) -> 0 | I9: =SUMIFS(Ausg._Liste!$H$4:$H$550,Ausg._Liste!$E$4:$E$550,800,Ausg._Liste!$G$4:$G$550,6) -> 0 | J9: =SUMIFS(Ausg._Liste!$H$4:$H$550,Ausg._Liste!$E$4:$E$550,900,Ausg._Liste!$G$4:$G$550,6) -> 0 | K9: =SUMIFS(Ausg._Liste!$H$4:$H$550,Ausg._Liste!$E$4:$E$550,1000,Ausg._Liste!$G$4:$G$550,6) -> 0 | L9: =SUMIFS(Ausg._Liste!$H$4:$H$550,Ausg._Liste!$E$4:$E$550,1100,Ausg._Liste!$G$4:$G$550,6) -> 0 | M9: =SUMIFS(Ausg._Liste!$H$4:$H$550,Ausg._Liste!$E$4:$E$550,1200,Ausg._Liste!$G$4:$G$550,6) -> 0 | N9: =SUMIFS(Ausg._Liste!$H$4:$H$550,Ausg._Liste!$E$4:$E$550,1300,Ausg._Liste!$G$4:$G$550,6) -> 0 | O9: =SUMIFS(Ausg._Liste!$H$4:$H$550,Ausg._Liste!$E$4:$E$550,1400,Ausg._Liste!$G$4:$G$550,6) -> 0 | P9: =SUMIFS(Ausg._Liste!$H$4:$H$550,Ausg._Liste!$E$4:$E$550,1500,Ausg._Liste!$G$4:$G$550,6) -> 0 | Q9: =SUM(C9:P9) -> 0 | R9: =B9-Q9 -> 0
A10: Juli | B10: =SUMIF(Einn._Liste!$F$4:$F$1000,7,Einn._Liste!$G$4:$G$1000) -> 0 | C10: =SUMIFS(Ausg._Liste!$H$4:$H$550,Ausg._Liste!$E$4:$E$550,200,Ausg._Liste!$G$4:$G$550,7) -> 0 | D10: =SUMIFS(Ausg._Liste!$H$4:$H$550,Ausg._Liste!$E$4:$E$550,300,Ausg._Liste!$G$4:$G$550,7) -> 0 | E10: =SUMIFS(Ausg._Liste!$H$4:$H$550,Ausg._Liste!$E$4:$E$550,400,Ausg._Liste!$G$4:$G$550,7) -> 0 | F10: =SUMIFS(Ausg._Liste!$H$4:$H$550,Ausg._Liste!$E$4:$E$550,500,Ausg._Liste!$G$4:$G$550,7) -> 0 | G10: =SUMIFS(Ausg._Liste!$H$4:$H$550,Ausg._Liste!$E$4:$E$550,600,Ausg._Liste!$G$4:$G$550,7) -> 0 | H10: =SUMIFS(Ausg._Liste!$H$4:$H$550,Ausg._Liste!$E$4:$E$550,700,Ausg._Liste!$G$4:$G$550,7) -> 0 | I10: =SUMIFS(Ausg._Liste!$H$4:$H$550,Ausg._Liste!$E$4:$E$550,800,Ausg._Liste!$G$4:$G$550,7) -> 0 | J10: =SUMIFS(Ausg._Liste!$H$4:$H$550,Ausg._Liste!$E$4:$E$550,900,Ausg._Liste!$G$4:$G$550,7) -> 0 | K10: =SUMIFS(Ausg._Liste!$H$4:$H$550,Ausg._Liste!$E$4:$E$550,1000,Ausg._Liste!$G$4:$G$550,7) -> 0 | L10: =SUMIFS(Ausg._Liste!$H$4:$H$550,Ausg._Liste!$E$4:$E$550,1100,Ausg._Liste!$G$4:$G$550,7) -> 0 | M10: =SUMIFS(Ausg._Liste!$H$4:$H$550,Ausg._Liste!$E$4:$E$550,1200,Ausg._Liste!$G$4:$G$550,7) -> 0 | N10: =SUMIFS(Ausg._Liste!$H$4:$H$550,Ausg._Liste!$E$4:$E$550,1300,Ausg._Liste!$G$4:$G$550,7) -> 0 | O10: =SUMIFS(Ausg._Liste!$H$4:$H$550,Ausg._Liste!$E$4:$E$550,1400,Ausg._Liste!$G$4:$G$550,7) -> 0 | P10: =SUMIFS(Ausg._Liste!$H$4:$H$550,Ausg._Liste!$E$4:$E$550,1500,Ausg._Liste!$G$4:$G$550,7) -> 0 | Q10: =SUM(C10:P10) -> 0 | R10: =B10-Q10 -> 0
A11: August | B11: =SUMIF(Einn._Liste!$F$4:$F$1000,8,Einn._Liste!$G$4:$G$1000) -> 0 | C11: =SUMIFS(Ausg._Liste!$H$4:$H$550,Ausg._Liste!$E$4:$E$550,200,Ausg._Liste!$G$4:$G$550,8) -> 0 | D11: =SUMIFS(Ausg._Liste!$H$4:$H$550,Ausg._Liste!$E$4:$E$550,300,Ausg._Liste!$G$4:$G$550,8) -> 0 | E11: =SUMIFS(Ausg._Liste!$H$4:$H$550,Ausg._Liste!$E$4:$E$550,400,Ausg._Liste!$G$4:$G$550,8) -> 0 | F11: =SUMIFS(Ausg._Liste!$H$4:$H$550,Ausg._Liste!$E$4:$E$550,500,Ausg._Liste!$G$4:$G$550,8) -> 0 | G11: =SUMIFS(Ausg._Liste!$H$4:$H$550,Ausg._Liste!$E$4:$E$550,600,Ausg._Liste!$G$4:$G$550,8) -> 0 | H11: =SUMIFS(Ausg._Liste!$H$4:$H$550,Ausg._Liste!$E$4:$E$550,700,Ausg._Liste!$G$4:$G$550,8) -> 0 | I11: =SUMIFS(Ausg._Liste!$H$4:$H$550,Ausg._Liste!$E$4:$E$550,800,Ausg._Liste!$G$4:$G$550,8) -> 0 | J11: =SUMIFS(Ausg._Liste!$H$4:$H$550,Ausg._Liste!$E$4:$E$550,900,Ausg._Liste!$G$4:$G$550,8) -> 0 | K11: =SUMIFS(Ausg._Liste!$H$4:$H$550,Ausg._Liste!$E$4:$E$550,1000,Ausg._Liste!$G$4:$G$550,8) -> 0 | L11: =SUMIFS(Ausg._Liste!$H$4:$H$550,Ausg._Liste!$E$4:$E$550,1100,Ausg._Liste!$G$4:$G$550,8) -> 0 | M11: =SUMIFS(Ausg._Liste!$H$4:$H$550,Ausg._Liste!$E$4:$E$550,1200,Ausg._Liste!$G$4:$G$550,8) -> 0 | N11: =SUMIFS(Ausg._Liste!$H$4:$H$550,Ausg._Liste!$E$4:$E$550,1300,Ausg._Liste!$G$4:$G$550,8) -> 0 | O11: =SUMIFS(Ausg._Liste!$H$4:$H$550,Ausg._Liste!$E$4:$E$550,1400,Ausg._Liste!$G$4:$G$550,8) -> 0 | P11: =SUMIFS(Ausg._Liste!$H$4:$H$550,Ausg._Liste!$E$4:$E$550,1500,Ausg._Liste!$G$4:$G$550,8) -> 0 | Q11: =SUM(C11:P11) -> 0 | R11: =B11-Q11 -> 0
A12: September | B12: =SUMIF(Einn._Liste!$F$4:$F$1000,9,Einn._Liste!$G$4:$G$1000) -> 0 | C12: =SUMIFS(Ausg._Liste!$H$4:$H$550,Ausg._Liste!$E$4:$E$550,200,Ausg._Liste!$G$4:$G$550,9) -> 0 | D12: =SUMIFS(Ausg._Liste!$H$4:$H$550,Ausg._Liste!$E$4:$E$550,300,Ausg._Liste!$G$4:$G$550,9) -> 0 | E12: =SUMIFS(Ausg._Liste!$H$4:$H$550,Ausg._Liste!$E$4:$E$550,400,Ausg._Liste!$G$4:$G$550,9) -> 0 | F12: =SUMIFS(Ausg._Liste!$H$4:$H$550,Ausg._Liste!$E$4:$E$550,500,Ausg._Liste!$G$4:$G$550,9) -> 0 | G12: =SUMIFS(Ausg._Liste!$H$4:$H$550,Ausg._Liste!$E$4:$E$550,600,Ausg._Liste!$G$4:$G$550,9) -> 0 | H12: =SUMIFS(Ausg._Liste!$H$4:$H$550,Ausg._Liste!$E$4:$E$550,700,Ausg._Liste!$G$4:$G$550,9) -> 0 | I12: =SUMIFS(Ausg._Liste!$H$4:$H$550,Ausg._Liste!$E$4:$E$550,800,Ausg._Liste!$G$4:$G$550,9) -> 0 | J12: =SUMIFS(Ausg._Liste!$H$4:$H$550,Ausg._Liste!$E$4:$E$550,900,Ausg._Liste!$G$4:$G$550,9) -> 0 | K12: =SUMIFS(Ausg._Liste!$H$4:$H$550,Ausg._Liste!$E$4:$E$550,1000,Ausg._Liste!$G$4:$G$550,9) -> 0 | L12: =SUMIFS(Ausg._Liste!$H$4:$H$550,Ausg._Liste!$E$4:$E$550,1100,Ausg._Liste!$G$4:$G$550,9) -> 0 | M12: =SUMIFS(Ausg._Liste!$H$4:$H$550,Ausg._Liste!$E$4:$E$550,1200,Ausg._Liste!$G$4:$G$550,9) -> 0 | N12: =SUMIFS(Ausg._Liste!$H$4:$H$550,Ausg._Liste!$E$4:$E$550,1300,Ausg._Liste!$G$4:$G$550,9) -> 0 | O12: =SUMIFS(Ausg._Liste!$H$4:$H$550,Ausg._Liste!$E$4:$E$550,1400,Ausg._Liste!$G$4:$G$550,9) -> 0 | P12: =SUMIFS(Ausg._Liste!$H$4:$H$550,Ausg._Liste!$E$4:$E$550,1500,Ausg._Liste!$G$4:$G$550,9) -> 0 | Q12: =SUM(C12:P12) -> 0 | R12: =B12-Q12 -> 0
A13: Oktober | B13: =SUMIF(Einn._Liste!$F$4:$F$1000,10,Einn._Liste!$G$4:$G$1000) -> 0 | C13: =SUMIFS(Ausg._Liste!$H$4:$H$550,Ausg._Liste!$E$4:$E$550,200,Ausg._Liste!$G$4:$G$550,10) -> 0 | D13: =SUMIFS(Ausg._Liste!$H$4:$H$550,Ausg._Liste!$E$4:$E$550,300,Ausg._Liste!$G$4:$G$550,10) -> 0 | E13: =SUMIFS(Ausg._Liste!$H$4:$H$550,Ausg._Liste!$E$4:$E$550,400,Ausg._Liste!$G$4:$G$550,10) -> 0 | F13: =SUMIFS(Ausg._Liste!$H$4:$H$550,Ausg._Liste!$E$4:$E$550,500,Ausg._Liste!$G$4:$G$550,10) -> 0 | G13: =SUMIFS(Ausg._Liste!$H$4:$H$550,Ausg._Liste!$E$4:$E$550,600,Ausg._Liste!$G$4:$G$550,10) -> 0 | H13: =SUMIFS(Ausg._Liste!$H$4:$H$550,Ausg._Liste!$E$4:$E$550,700,Ausg._Liste!$G$4:$G$550,10) -> 0 | I13: =SUMIFS(Ausg._Liste!$H$4:$H$550,Ausg._Liste!$E$4:$E$550,800,Ausg._Liste!$G$4:$G$550,10) -> 0 | J13: =SUMIFS(Ausg._Liste!$H$4:$H$550,Ausg._Liste!$E$4:$E$550,900,Ausg._Liste!$G$4:$G$550,10) -> 0 | K13: =SUMIFS(Ausg._Liste!$H$4:$H$550,Ausg._Liste!$E$4:$E$550,1000,Ausg._Liste!$G$4:$G$550,10) -> 0 | L13: =SUMIFS(Ausg._Liste!$H$4:$H$550,Ausg._Liste!$E$4:$E$550,1100,Ausg._Liste!$G$4:$G$550,10) -> 0 | M13: =SUMIFS(Ausg._Liste!$H$4:$H$550,Ausg._Liste!$E$4:$E$550,1200,Ausg._Liste!$G$4:$G$550,10) -> 0 | N13: =SUMIFS(Ausg._Liste!$H$4:$H$550,Ausg._Liste!$E$4:$E$550,1300,Ausg._Liste!$G$4:$G$550,10) -> 0 | O13: =SUMIFS(Ausg._Liste!$H$4:$H$550,Ausg._Liste!$E$4:$E$550,1400,Ausg._Liste!$G$4:$G$550,10) -> 0 | P13: =SUMIFS(Ausg._Liste!$H$4:$H$550,Ausg._Liste!$E$4:$E$550,1500,Ausg._Liste!$G$4:$G$550,10) -> 0 | Q13: =SUM(C13:P13) -> 0 | R13: =B13-Q13 -> 0
A14: November | B14: =SUMIF(Einn._Liste!$F$4:$F$1000,11,Einn._Liste!$G$4:$G$1000) -> 0 | C14: =SUMIFS(Ausg._Liste!$H$4:$H$550,Ausg._Liste!$E$4:$E$550,200,Ausg._Liste!$G$4:$G$550,11) -> 0 | D14: =SUMIFS(Ausg._Liste!$H$4:$H$550,Ausg._Liste!$E$4:$E$550,300,Ausg._Liste!$G$4:$G$550,11) -> 0 | E14: =SUMIFS(Ausg._Liste!$H$4:$H$550,Ausg._Liste!$E$4:$E$550,400,Ausg._Liste!$G$4:$G$550,11) -> 0 | F14: =SUMIFS(Ausg._Liste!$H$4:$H$550,Ausg._Liste!$E$4:$E$550,500,Ausg._Liste!$G$4:$G$550,11) -> 0 | G14: =SUMIFS(Ausg._Liste!$H$4:$H$550,Ausg._Liste!$E$4:$E$550,600,Ausg._Liste!$G$4:$G$550,11) -> 0 | H14: =SUMIFS(Ausg._Liste!$H$4:$H$550,Ausg._Liste!$E$4:$E$550,700,Ausg._Liste!$G$4:$G$550,11) -> 0 | I14: =SUMIFS(Ausg._Liste!$H$4:$H$550,Ausg._Liste!$E$4:$E$550,800,Ausg._Liste!$G$4:$G$550,11) -> 0 | J14: =SUMIFS(Ausg._Liste!$H$4:$H$550,Ausg._Liste!$E$4:$E$550,900,Ausg._Liste!$G$4:$G$550,11) -> 0 | K14: =SUMIFS(Ausg._Liste!$H$4:$H$550,Ausg._Liste!$E$4:$E$550,1000,Ausg._Liste!$G$4:$G$550,11) -> 0 | L14: =SUMIFS(Ausg._Liste!$H$4:$H$550,Ausg._Liste!$E$4:$E$550,1100,Ausg._Liste!$G$4:$G$550,11) -> 0 | M14: =SUMIFS(Ausg._Liste!$H$4:$H$550,Ausg._Liste!$E$4:$E$550,1200,Ausg._Liste!$G$4:$G$550,11) -> 0 | N14: =SUMIFS(Ausg._Liste!$H$4:$H$550,Ausg._Liste!$E$4:$E$550,1300,Ausg._Liste!$G$4:$G$550,11) -> 0 | O14: =SUMIFS(Ausg._Liste!$H$4:$H$550,Ausg._Liste!$E$4:$E$550,1400,Ausg._Liste!$G$4:$G$550,11) -> 0 | P14: =SUMIFS(Ausg._Liste!$H$4:$H$550,Ausg._Liste!$E$4:$E$550,1500,Ausg._Liste!$G$4:$G$550,11) -> 0 | Q14: =SUM(C14:P14) -> 0 | R14: =B14-Q14 -> 0
A15: Dezember | B15: =SUMIF(Einn._Liste!$F$4:$F$1000,12,Einn._Liste!$G$4:$G$1000) -> 0 | C15: =SUMIFS(Ausg._Liste!$H$4:$H$550,Ausg._Liste!$E$4:$E$550,200,Ausg._Liste!$G$4:$G$550,12) -> 0 | D15: =SUMIFS(Ausg._Liste!$H$4:$H$550,Ausg._Liste!$E$4:$E$550,300,Ausg._Liste!$G$4:$G$550,12) -> 0 | E15: =SUMIFS(Ausg._Liste!$H$4:$H$550,Ausg._Liste!$E$4:$E$550,400,Ausg._Liste!$G$4:$G$550,12) -> 0 | F15: =SUMIFS(Ausg._Liste!$H$4:$H$550,Ausg._Liste!$E$4:$E$550,500,Ausg._Liste!$G$4:$G$550,12) -> 0 | G15: =SUMIFS(Ausg._Liste!$H$4:$H$550,Ausg._Liste!$E$4:$E$550,600,Ausg._Liste!$G$4:$G$550,12) -> 0 | H15: =SUMIFS(Ausg._Liste!$H$4:$H$550,Ausg._Liste!$E$4:$E$550,700,Ausg._Liste!$G$4:$G$550,12) -> 0 | I15: =SUMIFS(Ausg._Liste!$H$4:$H$550,Ausg._Liste!$E$4:$E$550,800,Ausg._Liste!$G$4:$G$550,12) -> 0 | J15: =SUMIFS(Ausg._Liste!$H$4:$H$550,Ausg._Liste!$E$4:$E$550,900,Ausg._Liste!$G$4:$G$550,12) -> 0 | K15: =SUMIFS(Ausg._Liste!$H$4:$H$550,Ausg._Liste!$E$4:$E$550,1000,Ausg._Liste!$G$4:$G$550,12) -> 0 | L15: =SUMIFS(Ausg._Liste!$H$4:$H$550,Ausg._Liste!$E$4:$E$550,1100,Ausg._Liste!$G$4:$G$550,12) -> 0 | M15: =SUMIFS(Ausg._Liste!$H$4:$H$550,Ausg._Liste!$E$4:$E$550,1200,Ausg._Liste!$G$4:$G$550,12) -> 0 | N15: =SUMIFS(Ausg._Liste!$H$4:$H$550,Ausg._Liste!$E$4:$E$550,1300,Ausg._Liste!$G$4:$G$550,12) -> 0 | O15: =SUMIFS(Ausg._Liste!$H$4:$H$550,Ausg._Liste!$E$4:$E$550,1400,Ausg._Liste!$G$4:$G$550,12) -> 0 | P15: =SUMIFS(Ausg._Liste!$H$4:$H$550,Ausg._Liste!$E$4:$E$550,1500,Ausg._Liste!$G$4:$G$550,12) -> 0 | Q15: =SUM(C15:P15) -> 0 | R15: =B15-Q15 -> 0
A16: Jahr | B16: =SUM(B4:B15) -> 0 | C16: =SUM(C4:C15) -> 0 | D16: =SUM(D4:D15) -> 0 | E16: =SUM(E4:E15) -> 0 | F16: =SUM(F4:F15) -> 0 | G16: =SUM(G4:G15) -> 0 | H16: =SUM(H4:H15) -> 0 | I16: =SUM(I4:I15) -> 0 | ... O16: =SUM(O4:O15) -> 0 | Q16: =SUM(Q4:Q15) -> 0 | R16: =SUM(R4:R15) -> 0

Sheet Einn._Liste
A1: Einnahmenliste
A2: xxxx | E2: Teilbetrag bei Filterung: | G2: =SUBTOTAL(9,G4:G500) -> 0
A3: Datum | B3: Einzahler | C3: Bezeichnung | D3: Buchungs stelle | E3: Haushalts stelle | F3: Monat | G3: Betrag

Sheet Ausg._Liste
A1: Ausgabenliste | I1: Kontrolle: | K1: Differenz
A2: xxxx | F2: Teilbetrag bei Filterung: | H2: =SUBTOTAL(9,H4:H550) -> 0 | I2: ='Feste Ausgaben'!O1+'Veränderliche Ausgaben'!O1 -> 0 | K2: =H2-I2 -> 0
A3: Datum | B3: Aussteller/Empfänger | C3: Bezeichnung | D3: Zahl- art | E3: Buchungs stelle | F3: Kosten stelle | G3: Monat | H3: Betrag | I3: Summe bei Aufteilung

Sheet Einnahmen
A1: Einnahmen | B1: Sa.: | C1: =SUM(C3,C8,C15,C19,C25) -> 0 | D1: =SUM(D3,D8,D15,D19,D25) -> 0 | E1: =SUM(E3,E8,E15,E19,E25) -> 0 | F1: =SUM(F3,F8,F15,F19,F25) -> 0 | G1: =SUM(G3,G8,G15,G19,G25) -> 0 | H1: =SUM(H3,H8,H15,H19,H25) -> 0 | I1: =SUM(I3,I8,I15,I19,I25) -> 0 | J1: =SUM(J3,J8,J15,J19,J25) -> 0 | ... N1: =SUM(N3,N8,N15,N19,N25) -> 0 | O1: =O3+O8+O15+O19+O25+O31 -> 0 | P1: Datum | Q1: =TODAY() -> 43579 | R1: Ø je Monat
B2: Haushalts stelle | C2: Januar | D2: Februar | E2: März | F2: April | G2: Mai | H2: Juni | I2: Juli | J2: August | K2: September | L2: Oktober | M2: November | N2: Dezember | O2: Gesamt | P2: Lfd. Monat | Q2: =MONTH(Q1) -> 4 | R2: =O1/Q2 -> 0
A3: Erwerbseinkommen | B3: 100 | C3: =SUM(C4:C7) -> 0 | D3: =SUM(D4:D7) -> 0 | E3: =SUM(E4:E7) -> 0 | F3: =SUM(F4:F7) -> 0 | G3: =SUM(G4:G7) -> 0 | H3: =SUM(H4:H7) -> 0 | I3: =SUM(I4:I7) -> 0 | J3: =SUM(J4:J7) -> 0 | ... N3: =SUM(N4:N7) -> 0 | O3: =SUM(C3:N3) -> 0
A4: Nettolohn, -gehalt | B4: 101 | C4: =SUMIFS(Einn._Liste!$G$4:$G$1000,Einn._Liste!$E$4:$E$1000,101,Einn._Liste!$F$4:$F$1000,1) -> 0 | D4: =SUMIFS(Einn._Liste!$G$4:$G$1000,Einn._Liste!$E$4:$E$1000,101,Einn._Liste!$F$4:$F$1000,2) -> 0 | E4: =SUMIFS(Einn._Liste!$G$4:$G$1000,Einn._Liste!$E$4:$E$1000,101,Einn._Liste!$F$4:$F$1000,3) -> 0 | F4: =SUMIFS(Einn._Liste!$G$4:$G$1000,Einn._Liste!$E$4:$E$1000,101,Einn._Liste!$F$4:$F$1000,4) -> 0 | G4: =SUMIFS(Einn._Liste!$G$4:$G$1000,Einn._Liste!$E$4:$E$1000,101,Einn._Liste!$F$4:$F$1000,5) -> 0 | H4: =SUMIFS(Einn._Liste!$G$4:$G$1000,Einn._Liste!$E$4:$E$1000,101,Einn._Liste!$F$4:$F$1000,6) -> 0 | I4: =SUMIFS(Einn._Liste!$G$4:$G$1000,Einn._Liste!$E$4:$E$1000,101,Einn._Liste!$F$4:$F$1000,7) -> 0 | J4: =SUMIFS(Einn._Liste!$G$4:$G$1000,Einn._Liste!$E$4:$E$1000,101,Einn._Liste!$F$4:$F$1000,8) -> 0 | K4: =SUMIFS(Einn._Liste!$G$4:$G$1000,Einn._Liste!$E$4:$E$1000,101,Einn._Liste!$F$4:$F$1000,9) -> 0 | L4: =SUMIFS(Einn._Liste!$G$4:$G$1000,Einn._Liste!$E$4:$E$1000,101,Einn._Liste!$F$4:$F$1000,10) -> 0 | M4: =SUMIFS(Einn._Liste!$G$4:$G$1000,Einn._Liste!$E$4:$E$1000,101,Einn._Liste!$F$4:$F$1000,11) -> 0 | N4: =SUMIFS(Einn._Liste!$G$4:$G$1000,Einn._Liste!$E$4:$E$1000,101,Einn._Liste!$F$4:$F$1000,12) -> 0 | O4: =SUM(C4:N4) -> 0
A5: Urlaubsgeld | B5: 102 | C5: =SUMIFS(Einn._Liste!$G$4:$G$1000,Einn._Liste!$E$4:$E$1000,102,Einn._Liste!$F$4:$F$1000,1) -> 0 | D5: =SUMIFS(Einn._Liste!$G$4:$G$1000,Einn._Liste!$E$4:$E$1000,102,Einn._Liste!$F$4:$F$1000,2) -> 0 | E5: =SUMIFS(Einn._Liste!$G$4:$G$1000,Einn._Liste!$E$4:$E$1000,102,Einn._Liste!$F$4:$F$1000,3) -> 0 | F5: =SUMIFS(Einn._Liste!$G$4:$G$1000,Einn._Liste!$E$4:$E$1000,102,Einn._Liste!$F$4:$F$1000,4) -> 0 | G5: =SUMIFS(Einn._Liste!$G$4:$G$1000,Einn._Liste!$E$4:$E$1000,102,Einn._Liste!$F$4:$F$1000,5) -> 0 | H5: =SUMIFS(Einn._Liste!$G$4:$G$1000,Einn._Liste!$E$4:$E$1000,102,Einn._Liste!$F$4:$F$1000,6) -> 0 | I5: =SUMIFS(Einn._Liste!$G$4:$G$1000,Einn._Liste!$E$4:$E$1000,102,Einn._Liste!$F$4:$F$1000,7) -> 0 | J5: =SUMIFS(Einn._Liste!$G$4:$G$1000,Einn._Liste!$E$4:$E$1000,102,Einn._Liste!$F$4:$F$1000,8) -> 0 | K5: =SUMIFS(Einn._Liste!$G$4:$G$1000,Einn._Liste!$E$4:$E$1000,102,Einn._Liste!$F$4:$F$1000,9) -> 0 | L5: =SUMIFS(Einn._Liste!$G$4:$G$1000,Einn._Liste!$E$4:$E$1000,102,Einn._Liste!$F$4:$F$1000,10) -> 0 | M5: =SUMIFS(Einn._Liste!$G$4:$G$1000,Einn._Liste!$E$4:$E$1000,102,Einn._Liste!$F$4:$F$1000,11) -> 0 | N5: =SUMIFS(Einn._Liste!$G$4:$G$1000,Einn._Liste!$E$4:$E$1000,102,Einn._Liste!$F$4:$F$1000,12) -> 0 | O5: =SUM(C5:N5) -> 0
A6: Weihnachtsgeld | B6: 103 | C6: =SUMIFS(Einn._Liste!$G$4:$G$1000,Einn._Liste!$E$4:$E$1000,103,Einn._Liste!$F$4:$F$1000,1) -> 0 | D6: =SUMIFS(Einn._Liste!$G$4:$G$1000,Einn._Liste!$E$4:$E$1000,103,Einn._Liste!$F$4:$F$1000,2) -> 0 | E6: =SUMIFS(Einn._Liste!$G$4:$G$1000,Einn._Liste!$E$4:$E$1000,103,Einn._Liste!$F$4:$F$1000,3) -> 0 | F6: =SUMIFS(Einn._Liste!$G$4:$G$1000,Einn._Liste!$E$4:$E$1000,103,Einn._Liste!$F$4:$F$1000,4) -> 0 | G6: =SUMIFS(Einn._Liste!$G$4:$G$1000,Einn._Liste!$E$4:$E$1000,103,Einn._Liste!$F$4:$F$1000,5) -> 0 | H6: =SUMIFS(Einn._Liste!$G$4:$G$1000,Einn._Liste!$E$4:$E$1000,103,Einn._Liste!$F$4:$F$1000,6) -> 0 | I6: =SUMIFS(Einn._Liste!$G$4:$G$1000,Einn._Liste!$E$4:$E$1000,103,Einn._Liste!$F$4:$F$1000,7) -> 0 | J6: =SUMIFS(Einn._Liste!$G$4:$G$1000,Einn._Liste!$E$4:$E$1000,103,Einn._Liste!$F$4:$F$1000,8) -> 0 | K6: =SUMIFS(Einn._Liste!$G$4:$G$1000,Einn._Liste!$E$4:$E$1000,103,Einn._Liste!$F$4:$F$1000,9) -> 0 | L6: =SUMIFS(Einn._Liste!$G$4:$G$1000,Einn._Liste!$E$4:$E$1000,103,Einn._Liste!$F$4:$F$1000,10) -> 0 | M6: =SUMIFS(Einn._Liste!$G$4:$G$1000,Einn._Liste!$E$4:$E$1000,103,Einn._Liste!$F$4:$F$1000,11) -> 0 | N6: =SUMIFS(Einn._Liste!$G$4:$G$1000,Einn._Liste!$E$4:$E$1000,103,Einn._Liste!$F$4:$F$1000,12) -> 0 | O6: =SUM(C6:N6) -> 0
A7: Provision | B7: 104 | C7: =SUMIFS(Einn._Liste!$G$4:$G$1000,Einn._Liste!$E$4:$E$1000,104,Einn._Liste!$F$4:$F$1000,1) -> 0 | D7: =SUMIFS(Einn._Liste!$G$4:$G$1000,Einn._Liste!$E$4:$E$1000,104,Einn._Liste!$F$4:$F$1000,2) -> 0 | E7: =SUMIFS(Einn._Liste!$G$4:$G$1000,Einn._Liste!$E$4:$E$1000,104,Einn._Liste!$F$4:$F$1000,3) -> 0 | F7: =SUMIFS(Einn._Liste!$G$4:$G$1000,Einn._Liste!$E$4:$E$1000,104,Einn._Liste!$F$4:$F$1000,4) -> 0 | G7: =SUMIFS(Einn._Liste!$G$4:$G$1000,Einn._Liste!$E$4:$E$1000,104,Einn._Liste!$F$4:$F$1000,5) -> 0 | H7: =SUMIFS(Einn._Liste!$G$4:$G$1000,Einn._Liste!$E$4:$E$1000,104,Einn._Liste!$F$4:$F$1000,6) -> 0 | I7: =SUMIFS(Einn._Liste!$G$4:$G$1000,Einn._Liste!$E$4:$E$1000,104,Einn._Liste!$F$4:$F$1000,7) -> 0 | J7: =SUMIFS(Einn._Liste!$G$4:$G$1000,Einn._Liste!$E$4:$E$1000,104,Einn._Liste!$F$4:$F$1000,8) -> 0 | K7: =SUMIFS(Einn._Liste!$G$4:$G$1000,Einn._Liste!$E$4:$E$1000,104,Einn._Liste!$F$4:$F$1000,9) -> 0 | L7: =SUMIFS(Einn._Liste!$G$4:$G$1000,Einn._Liste!$E$4:$E$1000,104,Einn._Liste!$F$4:$F$1000,10) -> 0 | M7: =SUMIFS(Einn._Liste!$G$4:$G$1000,Einn._Liste!$E$4:$E$1000,104,Einn._Liste!$F$4:$F$1000,11) -> 0 | N7: =SUMIFS(Einn._Liste!$G$4:$G$1000,Einn._Liste!$E$4:$E$1000,104,Einn._Liste!$F$4:$F$1000,12) -> 0 | O7: =SUM(C7:N7) -> 0
A8: Staatliche Zahlungen | B8: 110 | C8: =SUM(C9:C14) -> 0 | D8: =SUM(D9:D14) -> 0 | E8: =SUM(E9:E14) -> 0 | F8: =SUM(F9:F14) -> 0 | G8: =SUM(G9:G14) -> 0 | H8: =SUM(H9:H14) -> 0 | I8: =SUM(I9:I14) -> 0 | J8: =SUM(J9:J14) -> 0 | ... N8: =SUM(N9:N14) -> 0 | O8: =SUM(C8:N8) -> 0
A9: Kindergeld | B9: 111 | C9: =SUMIFS(Einn._Liste!$G$4:$G$1000,Einn._Liste!$E$4:$E$1000,111,Einn._Liste!$F$4:$F$1000,1) -> 0 | D9: =SUMIFS(Einn._Liste!$G$4:$G$1000,Einn._Liste!$E$4:$E$1000,111,Einn._Liste!$F$4:$F$1000,2) -> 0 | E9: =SUMIFS(Einn._Liste!$G$4:$G$1000,Einn._Liste!$E$4:$E$1000,111,Einn._Liste!$F$4:$F$1000,3) -> 0 | F9: =SUMIFS(Einn._Liste!$G$4:$G$1000,Einn._Liste!$E$4:$E$1000,111,Einn._Liste!$F$4:$F$1000,4) -> 0 | G9: =SUMIFS(Einn._Liste!$G$4:$G$1000,Einn._Liste!$E$4:$E$1000,111,Einn._Liste!$F$4:$F$1000,5) -> 0 | H9: =SUMIFS(Einn._Liste!$G$4:$G$1000,Einn._Liste!$E$4:$E$1000,111,Einn._Liste!$F$4:$F$1000,6) -> 0 | I9: =SUMIFS(Einn._Liste!$G$4:$G$1000,Einn._Liste!$E$4:$E$1000,111,Einn._Liste!$F$4:$F$1000,7) -> 0 | J9: =SUMIFS(Einn._Liste!$G$4:$G$1000,Einn._Liste!$E$4:$E$1000,111,Einn._Liste!$F$4:$F$1000,8) -> 0 | K9: =SUMIFS(Einn._Liste!$G$4:$G$1000,Einn._Liste!$E$4:$E$1000,111,Einn._Liste!$F$4:$F$1000,9) -> 0 | L9: =SUMIFS(Einn._Liste!$G$4:$G$1000,Einn._Liste!$E$4:$E$1000,111,Einn._Liste!$F$4:$F$1000,10) -> 0 | M9: =SUMIFS(Einn._Liste!$G$4:$G$1000,Einn._Liste!$E$4:$E$1000,111,Einn._Liste!$F$4:$F$1000,11) -> 0 | N9: =SUMIFS(Einn._Liste!$G$4:$G$1000,Einn._Liste!$E$4:$E$1000,111,Einn._Liste!$F$4:$F$1000,12) -> 0 | O9: =SUM(C9:N9) -> 0
A10: Wohngeld | B10: 112 | C10: =SUMIFS(Einn._Liste!$G$4:$G$1000,Einn._Liste!$E$4:$E$1000,112,Einn._Liste!$F$4:$F$1000,1) -> 0 | D10: =SUMIFS(Einn._Liste!$G$4:$G$1000,Einn._Liste!$E$4:$E$1000,112,Einn._Liste!$F$4:$F$1000,2) -> 0 | E10: =SUMIFS(Einn._Liste!$G$4:$G$1000,Einn._Liste!$E$4:$E$1000,112,Einn._Liste!$F$4:$F$1000,3) -> 0 | F10: =SUMIFS(Einn._Liste!$G$4:$G$1000,Einn._Liste!$E$4:$E$1000,112,Einn._Liste!$F$4:$F$1000,4) -> 0 | G10: =SUMIFS(Einn._Liste!$G$4:$G$1000,Einn._Liste!$E$4:$E$1000,112,Einn._Liste!$F$4:$F$1000,5) -> 0 | H10: =SUMIFS(Einn._Liste!$G$4:$G$1000,Einn._Liste!$E$4:$E$1000,112,Einn._Liste!$F$4:$F$1000,6) -> 0 | I10: =SUMIFS(Einn._Liste!$G$4:$G$1000,Einn._Liste!$E$4:$E$1000,112,Einn._Liste!$F$4:$F$1000,7) -> 0 | J10: =SUMIFS(Einn._Liste!$G$4:$G$1000,Einn._Liste!$E$4:$E$1000,112,Einn._Liste!$F$4:$F$1000,8) -> 0 | K10: =SUMIFS(Einn._Liste!$G$4:$G$1000,Einn._Liste!$E$4:$E$1000,112,Einn._Liste!$F$4:$F$1000,9) -> 0 | L10: =SUMIFS(Einn._Liste!$G$4:$G$1000,Einn._Liste!$E$4:$E$1000,112,Einn._Liste!$F$4:$F$1000,10) -> 0 | M10: =SUMIFS(Einn._Liste!$G$4:$G$1000,Einn._Liste!$E$4:$E$1000,112,Einn._Liste!$F$4:$F$1000,11) -> 0 | N10: =SUMIFS(Einn._Liste!$G$4:$G$1000,Einn._Liste!$E$4:$E$1000,112,Einn._Liste!$F$4:$F$1000,12) -> 0 | O10: =SUM(C10:N10) -> 0
A11: Elterngeld | B11: 113 | C11: =SUMIFS(Einn._Liste!$G$4:$G$1000,Einn._Liste!$E$4:$E$1000,113,Einn._Liste!$F$4:$F$1000,1) -> 0 | D11: =SUMIFS(Einn._Liste!$G$4:$G$1000,Einn._Liste!$E$4:$E$1000,113,Einn._Liste!$F$4:$F$1000,2) -> 0 | E11: =SUMIFS(Einn._Liste!$G$4:$G$1000,Einn._Liste!$E$4:$E$1000,113,Einn._Liste!$F$4:$F$1000,3) -> 0 | F11: =SUMIFS(Einn._Liste!$G$4:$G$1000,Einn._Liste!$E$4:$E$1000,113,Einn._Liste!$F$4:$F$1000,4) -> 0 | G11: =SUMIFS(Einn._Liste!$G$4:$G$1000,Einn._Liste!$E$4:$E$1000,113,Einn._Liste!$F$4:$F$1000,5) -> 0 | H11: =SUMIFS(Einn._Liste!$G$4:$G$1000,Einn._Liste!$E$4:$E$1000,113,Einn._Liste!$F$4:$F$1000,6) -> 0 | I11: =SUMIFS(Einn._Liste!$G$4:$G$1000,Einn._Liste!$E$4:$E$1000,113,Einn._Liste!$F$4:$F$1000,7) -> 0 | J11: =SUMIFS(Einn._Liste!$G$4:$G$1000,Einn._Liste!$E$4:$E$1000,113,Einn._Liste!$F$4:$F$1000,8) -> 0 | K11: =SUMIFS(Einn._Liste!$G$4:$G$1000,Einn._Liste!$E$4:$E$1000,113,Einn._Liste!$F$4:$F$1000,9) -> 0 | L11: =SUMIFS(Einn._Liste!$G$4:$G$1000,Einn._Liste!$E$4:$E$1000,113,Einn._Liste!$F$4:$F$1000,10) -> 0 | M11: =SUMIFS(Einn._Liste!$G$4:$G$1000,Einn._Liste!$E$4:$E$1000,113,Einn._Liste!$F$4:$F$1000,11) -> 0 | N11: =SUMIFS(Einn._Liste!$G$4:$G$1000,Einn._Liste!$E$4:$E$1000,113,Einn._Liste!$F$4:$F$1000,12) -> 0 | O11: =SUM(C11:N11) -> 0
A12: Pension | B12: 114 | C12: =SUMIFS(Einn._Liste!$G$4:$G$1000,Einn._Liste!$E$4:$E$1000,114,Einn._Liste!$F$4:$F$1000,1) -> 0 | D12: =SUMIFS(Einn._Liste!$G$4:$G$1000,Einn._Liste!$E$4:$E$1000,114,Einn._Liste!$F$4:$F$1000,2) -> 0 | E12: =SUMIFS(Einn._Liste!$G$4:$G$1000,Einn._Liste!$E$4:$E$1000,114,Einn._Liste!$F$4:$F$1000,3) -> 0 | F12: =SUMIFS(Einn._Liste!$G$4:$G$1000,Einn._Liste!$E$4:$E$1000,114,Einn._Liste!$F$4:$F$1000,4) -> 0 | G12: =SUMIFS(Einn._Liste!$G$4:$G$1000,Einn._Liste!$E$4:$E$1000,114,Einn._Liste!$F$4:$F$1000,5) -> 0 | H12: =SUMIFS(Einn._Liste!$G$4:$G$1000,Einn._Liste!$E$4:$E$1000,114,Einn._Liste!$F$4:$F$1000,6) -> 0 | I12: =SUMIFS(Einn._Liste!$G$4:$G$1000,Einn._Liste!$E$4:$E$1000,114,Einn._Liste!$F$4:$F$1000,7) -> 0 | J12: =SUMIFS(Einn._Liste!$G$4:$G$1000,Einn._Liste!$E$4:$E$1000,114,Einn._Liste!$F$4:$F$1000,8) -> 0 | K12: =SUMIFS(Einn._Liste!$G$4:$G$1000,Einn._Liste!$E$4:$E$1000,114,Einn._Liste!$F$4:$F$1000,9) -> 0 | L12: =SUMIFS(Einn._Liste!$G$4:$G$1000,Einn._Liste!$E$4:$E$1000,114,Einn._Liste!$F$4:$F$1000,10) -> 0 | M12: =SUMIFS(Einn._Liste!$G$4:$G$1000,Einn._Liste!$E$4:$E$1000,114,Einn._Liste!$F$4:$F$1000,11) -> 0 | N12: =SUMIFS(Einn._Liste!$G$4:$G$1000,Einn._Liste!$E$4:$E$1000,114,Einn._Liste!$F$4:$F$1000,12) -> 0 | O12: =SUM(C12:N12) -> 0
A13: Rente | B13: 115 | C13: =SUMIFS(Einn._Liste!$G$4:$G$1000,Einn._Liste!$E$4:$E$1000,115,Einn._Liste!$F$4:$F$1000,1) -> 0 | D13: =SUMIFS(Einn._Liste!$G$4:$G$1000,Einn._Liste!$E$4:$E$1000,115,Einn._Liste!$F$4:$F$1000,2) -> 0 | E13: =SUMIFS(Einn._Liste!$G$4:$G$1000,Einn._Liste!$E$4:$E$1000,115,Einn._Liste!$F$4:$F$1000,3) -> 0 | F13: =SUMIFS(Einn._Liste!$G$4:$G$1000,Einn._Liste!$E$4:$E$1000,115,Einn._Liste!$F$4:$F$1000,4) -> 0 | G13: =SUMIFS(Einn._Liste!$G$4:$G$1000,Einn._Liste!$E$4:$E$1000,115,Einn._Liste!$F$4:$F$1000,5) -> 0 | H13: =SUMIFS(Einn._Liste!$G$4:$G$1000,Einn._Liste!$E$4:$E$1000,115,Einn._Liste!$F$4:$F$1000,6) -> 0 | I13: =SUMIFS(Einn._Liste!$G$4:$G$1000,Einn._Liste!$E$4:$E$1000,115,Einn._Liste!$F$4:$F$1000,7) -> 0 | J13: =SUMIFS(Einn._Liste!$G$4:$G$1000,Einn._Liste!$E$4:$E$1000,115,Einn._Liste!$F$4:$F$1000,8) -> 0 | K13: =SUMIFS(Einn._Liste!$G$4:$G$1000,Einn._Liste!$E$4:$E$1000,115,Einn._Liste!$F$4:$F$1000,9) -> 0 | L13: =SUMIFS(Einn._Liste!$G$4:$G$1000,Einn._Liste!$E$4:$E$1000,115,Einn._Liste!$F$4:$F$1000,10) -> 0 | M13: =SUMIFS(Einn._Liste!$G$4:$G$1000,Einn._Liste!$E$4:$E$1000,115,Einn._Liste!$F$4:$F$1000,11) -> 0 | N13: =SUMIFS(Einn._Liste!$G$4:$G$1000,Einn._Liste!$E$4:$E$1000,115,Einn._Liste!$F$4:$F$1000,12) -> 0 | O13: =SUM(C13:N13) -> 0
A14: Arbeitslosengeld | B14: 116 | C14: =SUMIFS(Einn._Liste!$G$4:$G$1000,Einn._Liste!$E$4:$E$1000,116,Einn._Liste!$F$4:$F$1000,1) -> 0 | D14: =SUMIFS(Einn._Liste!$G$4:$G$1000,Einn._Liste!$E$4:$E$1000,116,Einn._Liste!$F$4:$F$1000,2) -> 0 | E14: =SUMIFS(Einn._Liste!$G$4:$G$1000,Einn._Liste!$E$4:$E$1000,116,Einn._Liste!$F$4:$F$1000,3) -> 0 | F14: =SUMIFS(Einn._Liste!$G$4:$G$1000,Einn._Liste!$E$4:$E$1000,116,Einn._Liste!$F$4:$F$1000,4) -> 0 | G14: =SUMIFS(Einn._Liste!$G$4:$G$1000,Einn._Liste!$E$4:$E$1000,116,Einn._Liste!$F$4:$F$1000,5) -> 0 | H14: =SUMIFS(Einn._Liste!$G$4:$G$1000,Einn._Liste!$E$4:$E$1000,116,Einn._Liste!$F$4:$F$1000,6) -> 0 | I14: =SUMIFS(Einn._Liste!$G$4:$G$1000,Einn._Liste!$E$4:$E$1000,116,Einn._Liste!$F$4:$F$1000,7) -> 0 | J14: =SUMIFS(Einn._Liste!$G$4:$G$1000,Einn._Liste!$E$4:$E$1000,116,Einn._Liste!$F$4:$F$1000,8) -> 0 | K14: =SUMIFS(Einn._Liste!$G$4:$G$1000,Einn._Liste!$E$4:$E$1000,116,Einn._Liste!$F$4:$F$1000,9) -> 0 | L14: =SUMIFS(Einn._Liste!$G$4:$G$1000,Einn._Liste!$E$4:$E$1000,116,Einn._Liste!$F$4:$F$1000,10) -> 0 | M14: =SUMIFS(Einn._Liste!$G$4:$G$1000,Einn._Liste!$E$4:$E$1000,116,Einn._Liste!$F$4:$F$1000,11) -> 0 | N14: =SUMIFS(Einn._Liste!$G$4:$G$1000,Einn._Liste!$E$4:$E$1000,116,Einn._Liste!$F$4:$F$1000,12) -> 0 | O14: =SUM(C14:N14) -> 0
A15: Private Zahlungen | B15: 120 | C15: =SUM(C16:C18) -> 0 | D15: =SUM(D16:D18) -> 0 | E15: =SUM(E16:E18) -> 0 | F15: =SUM(F16:F18) -> 0 | G15: =SUM(G16:G18) -> 0 | H15: =SUM(H16:H18) -> 0 | I15: =SUM(I16:I18) -> 0 | J15: =SUM(J16:J18) -> 0 | ... N15: =SUM(N16:N18) -> 0 | O15: =SUM(C15:N15) -> 0
A16: Unterhalt | B16: 121 | C16: =SUMIFS(Einn._Liste!$G$4:$G$1000,Einn._Liste!$E$4:$E$1000,121,Einn._Liste!$F$4:$F$1000,1) -> 0 | D16: =SUMIFS(Einn._Liste!$G$4:$G$1000,Einn._Liste!$E$4:$E$1000,121,Einn._Liste!$F$4:$F$1000,2) -> 0 | E16: =SUMIFS(Einn._Liste!$G$4:$G$1000,Einn._Liste!$E$4:$E$1000,121,Einn._Liste!$F$4:$F$1000,3) -> 0 | F16: =SUMIFS(Einn._Liste!$G$4:$G$1000,Einn._Liste!$E$4:$E$1000,121,Einn._Liste!$F$4:$F$1000,4) -> 0 | G16: =SUMIFS(Einn._Liste!$G$4:$G$1000,Einn._Liste!$E$4:$E$1000,121,Einn._Liste!$F$4:$F$1000,5) -> 0 | H16: =SUMIFS(Einn._Liste!$G$4:$G$1000,Einn._Liste!$E$4:$E$1000,121,Einn._Liste!$F$4:$F$1000,6) -> 0 | I16: =SUMIFS(Einn._Liste!$G$4:$G$1000,Einn._Liste!$E$4:$E$1000,121,Einn._Liste!$F$4:$F$1000,7) -> 0 | J16: =SUMIFS(Einn._Liste!$G$4:$G$1000,Einn._Liste!$E$4:$E$1000,121,Einn._Liste!$F$4:$F$1000,8) -> 0 | K16: =SUMIFS(Einn._Liste!$G$4:$G$1000,Einn._Liste!$E$4:$E$1000,121,Einn._Liste!$F$4:$F$1000,9) -> 0 | L16: =SUMIFS(Einn._Liste!$G$4:$G$1000,Einn._Liste!$E$4:$E$1000,121,Einn._Liste!$F$4:$F$1000,10) -> 0 | M16: =SUMIFS(Einn._Liste!$G$4:$G$1000,Einn._Liste!$E$4:$E$1000,121,Einn._Liste!$F$4:$F$1000,11) -> 0 | N16: =SUMIFS(Einn._Liste!$G$4:$G$1000,Einn._Liste!$E$4:$E$1000,121,Einn._Liste!$F$4:$F$1000,12) -> 0 | O16: =SUM(C16:N16) -> 0
A17: Geldgeschenke | B17: 122 | C17: =SUMIFS(Einn._Liste!$G$4:$G$1000,Einn._Liste!$E$4:$E$1000,122,Einn._Liste!$F$4:$F$1000,1) -> 0 | D17: =SUMIFS(Einn._Liste!$G$4:$G$1000,Einn._Liste!$E$4:$E$1000,122,Einn._Liste!$F$4:$F$1000,2) -> 0 | E17: =SUMIFS(Einn._Liste!$G$4:$G$1000,Einn._Liste!$E$4:$E$1000,122,Einn._Liste!$F$4:$F$1000,3) -> 0 | F17: =SUMIFS(Einn._Liste!$G$4:$G$1000,Einn._Liste!$E$4:$E$1000,122,Einn._Liste!$F$4:$F$1000,4) -> 0 | G17: =SUMIFS(Einn._Liste!$G$4:$G$1000,Einn._Liste!$E$4:$E$1000,122,Einn._Liste!$F$4:$F$1000,5) -> 0 | H17: =SUMIFS(Einn._Liste!$G$4:$G$1000,Einn._Liste!$E$4:$E$1000,122,Einn._Liste!$F$4:$F$1000,6) -> 0 | I17: =SUMIFS(Einn._Liste!$G$4:$G$1000,Einn._Liste!$E$4:$E$1000,122,Einn._Liste!$F$4:$F$1000,7) -> 0 | J17: =SUMIFS(Einn._Liste!$G$4:$G$1000,Einn._Liste!$E$4:$E$1000,122,Einn._Liste!$F$4:$F$1000,8) -> 0 | K17: =SUMIFS(Einn._Liste!$G$4:$G$1000,Einn._Liste!$E$4:$E$1000,122,Einn._Liste!$F$4:$F$1000,9) -> 0 | L17: =SUMIFS(Einn._Liste!$G$4:$G$1000,Einn._Liste!$E$4:$E$1000,122,Einn._Liste!$F$4:$F$1000,10) -> 0 | M17: =SUMIFS(Einn._Liste!$G$4:$G$1000,Einn._Liste!$E$4:$E$1000,122,Einn._Liste!$F$4:$F$1000,11) -> 0 | N17: =SUMIFS(Einn._Liste!$G$4:$G$1000,Einn._Liste!$E$4:$E$1000,122,Einn._Liste!$F$4:$F$1000,12) -> 0 | O17: =SUM(C17:N17) -> 0
A18: Sonstiges | B18: 123 | C18: =SUMIFS(Einn._Liste!$G$4:$G$1000,Einn._Liste!$E$4:$E$1000,123,Einn._Liste!$F$4:$F$1000,1) -> 0 | D18: =SUMIFS(Einn._Liste!$G$4:$G$1000,Einn._Liste!$E$4:$E$1000,123,Einn._Liste!$F$4:$F$1000,2) -> 0 | E18: =SUMIFS(Einn._Liste!$G$4:$G$1000,Einn._Liste!$E$4:$E$1000,123,Einn._Liste!$F$4:$F$1000,3) -> 0 | F18: =SUMIFS(Einn._Liste!$G$4:$G$1000,Einn._Liste!$E$4:$E$1000,123,Einn._Liste!$F$4:$F$1000,4) -> 0 | G18: =SUMIFS(Einn._Liste!$G$4:$G$1000,Einn._Liste!$E$4:$E$1000,123,Einn._Liste!$F$4:$F$1000,5) -> 0 | H18: =SUMIFS(Einn._Liste!$G$4:$G$1000,Einn._Liste!$E$4:$E$1000,123,Einn._Liste!$F$4:$F$1000,6) -> 0 | I18: =SUMIFS(Einn._Liste!$G$4:$G$1000,Einn._Liste!$E$4:$E$1000,123,Einn._Liste!$F$4:$F$1000,7) -> 0 | J18: =SUMIFS(Einn._Liste!$G$4:$G$1000,Einn._Liste!$E$4:$E$1000,123,Einn._Liste!$F$4:$F$1000,8) -> 0 | K18: =SUMIFS(Einn._Liste!$G$4:$G$1000,Einn._Liste!$E$4:$E$1000,123,Einn._Liste!$F$4:$F$1000,9) -> 0 | L18: =SUMIFS(Einn._Liste!$G$4:$G$1000,Einn._Liste!$E$4:$E$1000,123,Einn._Liste!$F$4:$F$1000,10) -> 0 | M18: =SUMIFS(Einn._Liste!$G$4:$G$1000,Einn._Liste!$E$4:$E$1000,123,Einn._Liste!$F$4:$F$1000,11) -> 0 | N18: =SUMIFS(Einn._Liste!$G$4:$G$1000,Einn._Liste!$E$4:$E$1000,123,Einn._Liste!$F$4:$F$1000,12) -> 0 | O18: =SUM(C18:N18) -> 0
A19: Einnahmen aus Vermögen | B19: 130 | C19: =SUM(C20:C24) -> 0 | D19: =SUM(D20:D24) -> 0 | E19: =SUM(E20:E24) -> 0 | F19: =SUM(F20:F24) -> 0 | G19: =SUM(G20:G24) -> 0 | H19: =SUM(H20:H24) -> 0 | I19: =SUM(I20:I24) -> 0 | J19: =SUM(J20:J24) -> 0 | ... N19: =SUM(N20:N24) -> 0 | O19: =SUM(C19:N19) -> 0
A20: Zinsen | B20: 131 | C20: =SUMIFS(Einn._Liste!$G$4:$G$1000,Einn._Liste!$E$4:$E$1000,131,Einn._Liste!$F$4:$F$1000,1) -> 0 | D20: =SUMIFS(Einn._Liste!$G$4:$G$1000,Einn._Liste!$E$4:$E$1000,131,Einn._Liste!$F$4:$F$1000,2) -> 0 | E20: =SUMIFS(Einn._Liste!$G$4:$G$1000,Einn._Liste!$E$4:$E$1000,131,Einn._Liste!$F$4:$F$1000,3) -> 0 | F20: =SUMIFS(Einn._Liste!$G$4:$G$1000,Einn._Liste!$E$4:$E$1000,131,Einn._Liste!$F$4:$F$1000,4) -> 0 | G20: =SUMIFS(Einn._Liste!$G$4:$G$1000,Einn._Liste!$E$4:$E$1000,131,Einn._Liste!$F$4:$F$1000,5) -> 0 | H20: =SUMIFS(Einn._Liste!$G$4:$G$1000,Einn._Liste!$E$4:$E$1000,131,Einn._Liste!$F$4:$F$1000,6) -> 0 | I20: =SUMIFS(Einn._Liste!$G$4:$G$1000,Einn._Liste!$E$4:$E$1000,131,Einn._Liste!$F$4:$F$1000,7) -> 0 | J20: =SUMIFS(Einn._Liste!$G$4:$G$1000,Einn._Liste!$E$4:$E$1000,131,Einn._Liste!$F$4:$F$1000,8) -> 0 | K20: =SUMIFS(Einn._Liste!$G$4:$G$1000,Einn._Liste!$E$4:$E$1000,131,Einn._Liste!$F$4:$F$1000,9) -> 0 | L20: =SUMIFS(Einn._Liste!$G$4:$G$1000,Einn._Liste!$E$4:$E$1000,131,Einn._Liste!$F$4:$F$1000,10) -> 0 | M20: =SUMIFS(Einn._Liste!$G$4:$G$1000,Einn._Liste!$E$4:$E$1000,131,Einn._Liste!$F$4:$F$1000,11) -> 0 | N20: =SUMIFS(Einn._Liste!$G$4:$G$1000,Einn._Liste!$E$4:$E$1000,131,Einn._Liste!$F$4:$F$1000,12) -> 0 | O20: =SUM(C20:N20) -> 0
A21: Dividenden | B21: 132 | C21: =SUMIFS(Einn._Liste!$G$4:$G$1000,Einn._Liste!$E$4:$E$1000,132,Einn._Liste!$F$4:$F$1000,1) -> 0 | D21: =SUMIFS(Einn._Liste!$G$4:$G$1000,Einn._Liste!$E$4:$E$1000,132,Einn._Liste!$F$4:$F$1000,2) -> 0 | E21: =SUMIFS(Einn._Liste!$G$4:$G$1000,Einn._Liste!$E$4:$E$1000,132,Einn._Liste!$F$4:$F$1000,3) -> 0 | F21: =SUMIFS(Einn._Liste!$G$4:$G$1000,Einn._Liste!$E$4:$E$1000,132,Einn._Liste!$F$4:$F$1000,4) -> 0 | G21: =SUMIFS(Einn._Liste!$G$4:$G$1000,Einn._Liste!$E$4:$E$1000,132,Einn._Liste!$F$4:$F$1000,5) -> 0 | H21: =SUMIFS(Einn._Liste!$G$4:$G$1000,Einn._Liste!$E$4:$E$1000,132,Einn._Liste!$F$4:$F$1000,6) -> 0 | I21: =SUMIFS(Einn._Liste!$G$4:$G$1000,Einn._Liste!$E$4:$E$1000,132,Einn._Liste!$F$4:$F$1000,7) -> 0 | J21: =SUMIFS(Einn._Liste!$G$4:$G$1000,Einn._Liste!$E$4:$E$1000,132,Einn._Liste!$F$4:$F$1000,8) -> 0 | K21: =SUMIFS(Einn._Liste!$G$4:$G$1000,Einn._Liste!$E$4:$E$1000,132,Einn._Liste!$F$4:$F$1000,9) -> 0 | L21: =SUMIFS(Einn._Liste!$G$4:$G$1000,Einn._Liste!$E$4:$E$1000,132,Einn._Liste!$F$4:$F$1000,10) -> 0 | M21: =SUMIFS(Einn._Liste!$G$4:$G$1000,Einn._Liste!$E$4:$E$1000,132,Einn._Liste!$F$4:$F$1000,11) -> 0 | N21: =SUMIFS(Einn._Liste!$G$4:$G$1000,Einn._Liste!$E$4:$E$1000,132,Einn._Liste!$F$4:$F$1000,12) -> 0 | O21: =SUM(C21:N21) -> 0
A22: Sparbeträge, ausgezahlt | B22: 133 | C22: =SUMIFS(Einn._Liste!$G$4:$G$1000,Einn._Liste!$E$4:$E$1000,133,Einn._Liste!$F$4:$F$1000,1) -> 0 | D22: =SUMIFS(Einn._Liste!$G$4:$G$1000,Einn._Liste!$E$4:$E$1000,133,Einn._Liste!$F$4:$F$1000,2) -> 0 | E22: =SUMIFS(Einn._Liste!$G$4:$G$1000,Einn._Liste!$E$4:$E$1000,133,Einn._Liste!$F$4:$F$1000,3) -> 0 | F22: =SUMIFS(Einn._Liste!$G$4:$G$1000,Einn._Liste!$E$4:$E$1000,133,Einn._Liste!$F$4:$F$1000,4) -> 0 | G22: =SUMIFS(Einn._Liste!$G$4:$G$1000,Einn._Liste!$E$4:$E$1000,133,Einn._Liste!$F$4:$F$1000,5) -> 0 | H22: =SUMIFS(Einn._Liste!$G$4:$G$1000,Einn._Liste!$E$4:$E$1000,133,Einn._Liste!$F$4:$F$1000,6) -> 0 | I22: =SUMIFS(Einn._Liste!$G$4:$G$1000,Einn._Liste!$E$4:$E$1000,133,Einn._Liste!$F$4:$F$1000,7) -> 0 | J22: =SUMIFS(Einn._Liste!$G$4:$G$1000,Einn._Liste!$E$4:$E$1000,133,Einn._Liste!$F$4:$F$1000,8) -> 0 | K22: =SUMIFS(Einn._Liste!$G$4:$G$1000,Einn._Liste!$E$4:$E$1000,133,Einn._Liste!$F$4:$F$1000,9) -> 0 | L22: =SUMIFS(Einn._Liste!$G$4:$G$1000,Einn._Liste!$E$4:$E$1000,133,Einn._Liste!$F$4:$F$1000,10) -> 0 | M22: =SUMIFS(Einn._Liste!$G$4:$G$1000,Einn._Liste!$E$4:$E$1000,133,Einn._Liste!$F$4:$F$1000,11) -> 0 | N22: =SUMIFS(Einn._Liste!$G$4:$G$1000,Einn._Liste!$E$4:$E$1000,133,Einn._Liste!$F$4:$F$1000,12) -> 0 | O22: =SUM(C22:N22) -> 0
A23: Kursgewinne | B23: 134 | C23: =SUMIFS(Einn._Liste!$G$4:$G$1000,Einn._Liste!$E$4:$E$1000,134,Einn._Liste!$F$4:$F$1000,1) -> 0 | D23: =SUMIFS(Einn._Liste!$G$4:$G$1000,Einn._Liste!$E$4:$E$1000,134,Einn._Liste!$F$4:$F$1000,2) -> 0 | E23: =SUMIFS(Einn._Liste!$G$4:$G$1000,Einn._Liste!$E$4:$E$1000,134,Einn._Liste!$F$4:$F$1000,3) -> 0 | F23: =SUMIFS(Einn._Liste!$G$4:$G$1000,Einn._Liste!$E$4:$E$1000,134,Einn._Liste!$F$4:$F$1000,4) -> 0 | G23: =SUMIFS(Einn._Liste!$G$4:$G$1000,Einn._Liste!$E$4:$E$1000,134,Einn._Liste!$F$4:$F$1000,5) -> 0 | H23: =SUMIFS(Einn._Liste!$G$4:$G$1000,Einn._Liste!$E$4:$E$1000,134,Einn._Liste!$F$4:$F$1000,6) -> 0 | I23: =SUMIFS(Einn._Liste!$G$4:$G$1000,Einn._Liste!$E$4:$E$1000,134,Einn._Liste!$F$4:$F$1000,7) -> 0 | J23: =SUMIFS(Einn._Liste!$G$4:$G$1000,Einn._Liste!$E$4:$E$1000,134,Einn._Liste!$F$4:$F$1000,8) -> 0 | K23: =SUMIFS(Einn._Liste!$G$4:$G$1000,Einn._Liste!$E$4:$E$1000,134,Einn._Liste!$F$4:$F$1000,9) -> 0 | L23: =SUMIFS(Einn._Liste!$G$4:$G$1000,Einn._Liste!$E$4:$E$1000,134,Einn._Liste!$F$4:$F$1000,10) -> 0 | M23: =SUMIFS(Einn._Liste!$G$4:$G$1000,Einn._Liste!$E$4:$E$1000,134,Einn._Liste!$F$4:$F$1000,11) -> 0 | N23: =SUMIFS(Einn._Liste!$G$4:$G$1000,Einn._Liste!$E$4:$E$1000,134,Einn._Liste!$F$4:$F$1000,12) -> 0 | O23: =SUM(C23:N23) -> 0
A24: Mieteinnahmen | B24: 135 | C24: =SUMIFS(Einn._Liste!$G$4:$G$1000,Einn._Liste!$E$4:$E$1000,135,Einn._Liste!$F$4:$F$1000,1) -> 0 | D24: =SUMIFS(Einn._Liste!$G$4:$G$1000,Einn._Liste!$E$4:$E$1000,135,Einn._Liste!$F$4:$F$1000,2) -> 0 | E24: =SUMIFS(Einn._Liste!$G$4:$G$1000,Einn._Liste!$E$4:$E$1000,135,Einn._Liste!$F$4:$F$1000,3) -> 0 | F24: =SUMIFS(Einn._Liste!$G$4:$G$1000,Einn._Liste!$E$4:$E$1000,135,Einn._Liste!$F$4:$F$1000,4) -> 0 | G24: =SUMIFS(Einn._Liste!$G$4:$G$1000,Einn._Liste!$E$4:$E$1000,135,Einn._Liste!$F$4:$F$1000,5) -> 0 | H24: =SUMIFS(Einn._Liste!$G$4:$G$1000,Einn._Liste!$E$4:$E$1000,135,Einn._Liste!$F$4:$F$1000,6) -> 0 | I24: =SUMIFS(Einn._Liste!$G$4:$G$1000,Einn._Liste!$E$4:$E$1000,135,Einn._Liste!$F$4:$F$1000,7) -> 0 | J24: =SUMIFS(Einn._Liste!$G$4:$G$1000,Einn._Liste!$E$4:$E$1000,135,Einn._Liste!$F$4:$F$1000,8) -> 0 | K24: =SUMIFS(Einn._Liste!$G$4:$G$1000,Einn._Liste!$E$4:$E$1000,135,Einn._Liste!$F$4:$F$1000,9) -> 0 | L24: =SUMIFS(Einn._Liste!$G$4:$G$1000,Einn._Liste!$E$4:$E$1000,135,Einn._Liste!$F$4:$F$1000,10) -> 0 | M24: =SUMIFS(Einn._Liste!$G$4:$G$1000,Einn._Liste!$E$4:$E$1000,135,Einn._Liste!$F$4:$F$1000,11) -> 0 | N24: =SUMIFS(Einn._Liste!$G$4:$G$1000,Einn._Liste!$E$4:$E$1000,135,Einn._Liste!$F$4:$F$1000,12) -> 0 | O24: =SUM(C24:N24) -> 0
A25: Rückerstattung | B25: 140 | C25: =SUM(C26:C30) -> 0 | D25: =SUM(D26:D30) -> 0 | E25: =SUM(E26:E30) -> 0 | F25: =SUM(F26:F30) -> 0 | G25: =SUM(G26:G30) -> 0 | H25: =SUM(H26:H30) -> 0 | I25: =SUM(I26:I30) -> 0 | J25: =SUM(J26:J30) -> 0 | ... N25: =SUM(N26:N30) -> 0 | O25: =SUM(C25:N25) -> 0
A26: Steuer | B26: 141 | C26: =SUMIFS(Einn._Liste!$G$4:$G$1000,Einn._Liste!$E$4:$E$1000,141,Einn._Liste!$F$4:$F$1000,1) -> 0 | D26: =SUMIFS(Einn._Liste!$G$4:$G$1000,Einn._Liste!$E$4:$E$1000,141,Einn._Liste!$F$4:$F$1000,2) -> 0 | E26: =SUMIFS(Einn._Liste!$G$4:$G$1000,Einn._Liste!$E$4:$E$1000,141,Einn._Liste!$F$4:$F$1000,3) -> 0 | F26: =SUMIFS(Einn._Liste!$G$4:$G$1000,Einn._Liste!$E$4:$E$1000,141,Einn._Liste!$F$4:$F$1000,4) -> 0 | G26: =SUMIFS(Einn._Liste!$G$4:$G$1000,Einn._Liste!$E$4:$E$1000,141,Einn._Liste!$F$4:$F$1000,5) -> 0 | H26: =SUMIFS(Einn._Liste!$G$4:$G$1000,Einn._Liste!$E$4:$E$1000,141,Einn._Liste!$F$4:$F$1000,6) -> 0 | I26: =SUMIFS(Einn._Liste!$G$4:$G$1000,Einn._Liste!$E$4:$E$1000,141,Einn._Liste!$F$4:$F$1000,7) -> 0 | J26: =SUMIFS(Einn._Liste!$G$4:$G$1000,Einn._Liste!$E$4:$E$1000,141,Einn._Liste!$F$4:$F$1000,8) -> 0 | K26: =SUMIFS(Einn._Liste!$G$4:$G$1000,Einn._Liste!$E$4:$E$1000,141,Einn._Liste!$F$4:$F$1000,9) -> 0 | L26: =SUMIFS(Einn._Liste!$G$4:$G$1000,Einn._Liste!$E$4:$E$1000,141,Einn._Liste!$F$4:$F$1000,10) -> 0 | M26: =SUMIFS(Einn._Liste!$G$4:$G$1000,Einn._Liste!$E$4:$E$1000,141,Einn._Liste!$F$4:$F$1000,11) -> 0 | N26: =SUMIFS(Einn._Liste!$G$4:$G$1000,Einn._Liste!$E$4:$E$1000,141,Einn._Liste!$F$4:$F$1000,12) -> 0 | O26: =SUM(C26:N26) -> 0
A27: Strom, Gas, Wasser | B27: 142 | C27: =SUMIFS(Einn._Liste!$G$4:$G$1000,Einn._Liste!$E$4:$E$1000,142,Einn._Liste!$F$4:$F$1000,1) -> 0 | D27: =SUMIFS(Einn._Liste!$G$4:$G$1000,Einn._Liste!$E$4:$E$1000,142,Einn._Liste!$F$4:$F$1000,2) -> 0 | E27: =SUMIFS(Einn._Liste!$G$4:$G$1000,Einn._Liste!$E$4:$E$1000,142,Einn._Liste!$F$4:$F$1000,3) -> 0 | F27: =SUMIFS(Einn._Liste!$G$4:$G$1000,Einn._Liste!$E$4:$E$1000,142,Einn._Liste!$F$4:$F$1000,4) -> 0 | G27: =SUMIFS(Einn._Liste!$G$4:$G$1000,Einn._Liste!$E$4:$E$1000,142,Einn._Liste!$F$4:$F$1000,5) -> 0 | H27: =SUMIFS(Einn._Liste!$G$4:$G$1000,Einn._Liste!$E$4:$E$1000,142,Einn._Liste!$F$4:$F$1000,6) -> 0 | I27: =SUMIFS(Einn._Liste!$G$4:$G$1000,Einn._Liste!$E$4:$E$1000,142,Einn._Liste!$F$4:$F$1000,7) -> 0 | J27: =SUMIFS(Einn._Liste!$G$4:$G$1000,Einn._Liste!$E$4:$E$1000,142,Einn._Liste!$F$4:$F$1000,8) -> 0 | K27: =SUMIFS(Einn._Liste!$G$4:$G$1000,Einn._Liste!$E$4:$E$1000,142,Einn._Liste!$F$4:$F$1000,9) -> 0 | L27: =SUMIFS(Einn._Liste!$G$4:$G$1000,Einn._Liste!$E$4:$E$1000,142,Einn._Liste!$F$4:$F$1000,10) -> 0 | M27: =SUMIFS(Einn._Liste!$G$4:$G$1000,Einn._Liste!$E$4:$E$1000,142,Einn._Liste!$F$4:$F$1000,11) -> 0 | N27: =SUMIFS(Einn._Liste!$G$4:$G$1000,Einn._Liste!$E$4:$E$1000,142,Einn._Liste!$F$4:$F$1000,12) -> 0 | O27: =SUM(C27:N27) -> 0
A28: Krankenkasse | B28: 143 | C28: =SUMIFS(Einn._Liste!$G$4:$G$1000,Einn._Liste!$E$4:$E$1000,143,Einn._Liste!$F$4:$F$1000,1) -> 0 | D28: =SUMIFS(Einn._Liste!$G$4:$G$1000,Einn._Liste!$E$4:$E$1000,143,Einn._Liste!$F$4:$F$1000,2) -> 0 | E28: =SUMIFS(Einn._Liste!$G$4:$G$1000,Einn._Liste!$E$4:$E$1000,143,Einn._Liste!$F$4:$F$1000,3) -> 0 | F28: =SUMIFS(Einn._Liste!$G$4:$G$1000,Einn._Liste!$E$4:$E$1000,143,Einn._Liste!$F$4:$F$1000,4) -> 0 | G28: =SUMIFS(Einn._Liste!$G$4:$G$1000,Einn._Liste!$E$4:$E$1000,143,Einn._Liste!$F$4:$F$1000,5) -> 0 | H28: =SUMIFS(Einn._Liste!$G$4:$G$1000,Einn._Liste!$E$4:$E$1000,143,Einn._Liste!$F$4:$F$1000,6) -> 0 | I28: =SUMIFS(Einn._Liste!$G$4:$G$1000,Einn._Liste!$E$4:$E$1000,143,Einn._Liste!$F$4:$F$1000,7) -> 0 | J28: =SUMIFS(Einn._Liste!$G$4:$G$1000,Einn._Liste!$E$4:$E$1000,143,Einn._Liste!$F$4:$F$1000,8) -> 0 | K28: =SUMIFS(Einn._Liste!$G$4:$G$1000,Einn._Liste!$E$4:$E$1000,143,Einn._Liste!$F$4:$F$1000,9) -> 0 | L28: =SUMIFS(Einn._Liste!$G$4:$G$1000,Einn._Liste!$E$4:$E$1000,143,Einn._Liste!$F$4:$F$1000,10) -> 0 | M28: =SUMIFS(Einn._Liste!$G$4:$G$1000,Einn._Liste!$E$4:$E$1000,143,Einn._Liste!$F$4:$F$1000,11) -> 0 | N28: =SUMIFS(Einn._Liste!$G$4:$G$1000,Einn._Liste!$E$4:$E$1000,143,Einn._Liste!$F$4:$F$1000,12) -> 0 | O28: =SUM(C28:N28) -> 0
A29: Beihilfe | B29: 144 | C29: =SUMIFS(Einn._Liste!$G$4:$G$1000,Einn._Liste!$E$4:$E$1000,144,Einn._Liste!$F$4:$F$1000,1) -> 0 | D29: =SUMIFS(Einn._Liste!$G$4:$G$1000,Einn._Liste!$E$4:$E$1000,144,Einn._Liste!$F$4:$F$1000,2) -> 0 | E29: =SUMIFS(Einn._Liste!$G$4:$G$1000,Einn._Liste!$E$4:$E$1000,144,Einn._Liste!$F$4:$F$1000,3) -> 0 | F29: =SUMIFS(Einn._Liste!$G$4:$G$1000,Einn._Liste!$E$4:$E$1000,144,Einn._Liste!$F$4:$F$1000,4) -> 0 | G29: =SUMIFS(Einn._Liste!$G$4:$G$1000,Einn._Liste!$E$4:$E$1000,144,Einn._Liste!$F$4:$F$1000,5) -> 0 | H29: =SUMIFS(Einn._Liste!$G$4:$G$1000,Einn._Liste!$E$4:$E$1000,144,Einn._Liste!$F$4:$F$1000,6) -> 0 | I29: =SUMIFS(Einn._Liste!$G$4:$G$1000,Einn._Liste!$E$4:$E$1000,144,Einn._Liste!$F$4:$F$1000,7) -> 0 | J29: =SUMIFS(Einn._Liste!$G$4:$G$1000,Einn._Liste!$E$4:$E$1000,144,Einn._Liste!$F$4:$F$1000,8) -> 0 | K29: =SUMIFS(Einn._Liste!$G$4:$G$1000,Einn._Liste!$E$4:$E$1000,144,Einn._Liste!$F$4:$F$1000,9) -> 0 | L29: =SUMIFS(Einn._Liste!$G$4:$G$1000,Einn._Liste!$E$4:$E$1000,144,Einn._Liste!$F$4:$F$1000,10) -> 0 | M29: =SUMIFS(Einn._Liste!$G$4:$G$1000,Einn._Liste!$E$4:$E$1000,144,Einn._Liste!$F$4:$F$1000,11) -> 0 | N29: =SUMIFS(Einn._Liste!$G$4:$G$1000,Einn._Liste!$E$4:$E$1000,144,Einn._Liste!$F$4:$F$1000,12) -> 0 | O29: =SUM(C29:N29) -> 0
A30: Versicherungsbeiträge | B30: 145 | C30: =SUMIFS(Einn._Liste!$G$4:$G$1000,Einn._Liste!$E$4:$E$1000,145,Einn._Liste!$F$4:$F$1000,1) -> 0 | D30: =SUMIFS(Einn._Liste!$G$4:$G$1000,Einn._Liste!$E$4:$E$1000,145,Einn._Liste!$F$4:$F$1000,2) -> 0 | E30: =SUMIFS(Einn._Liste!$G$4:$G$1000,Einn._Liste!$E$4:$E$1000,145,Einn._Liste!$F$4:$F$1000,3) -> 0 | F30: =SUMIFS(Einn._Liste!$G$4:$G$1000,Einn._Liste!$E$4:$E$1000,145,Einn._Liste!$F$4:$F$1000,4) -> 0 | G30: =SUMIFS(Einn._Liste!$G$4:$G$1000,Einn._Liste!$E$4:$E$1000,145,Einn._Liste!$F$4:$F$1000,5) -> 0 | H30: =SUMIFS(Einn._Liste!$G$4:$G$1000,Einn._Liste!$E$4:$E$1000,145,Einn._Liste!$F$4:$F$1000,6) -> 0 | I30: =SUMIFS(Einn._Liste!$G$4:$G$1000,Einn._Liste!$E$4:$E$1000,145,Einn._Liste!$F$4:$F$1000,7) -> 0 | J30: =SUMIFS(Einn._Liste!$G$4:$G$1000,Einn._Liste!$E$4:$E$1000,145,Einn._Liste!$F$4:$F$1000,8) -> 0 | K30: =SUMIFS(Einn._Liste!$G$4:$G$1000,Einn._Liste!$E$4:$E$1000,145,Einn._Liste!$F$4:$F$1000,9) -> 0 | L30: =SUMIFS(Einn._Liste!$G$4:$G$1000,Einn._Liste!$E$4:$E$1000,145,Einn._Liste!$F$4:$F$1000,10) -> 0 | M30: =SUMIFS(Einn._Liste!$G$4:$G$1000,Einn._Liste!$E$4:$E$1000,145,Einn._Liste!$F$4:$F$1000,11) -> 0 | N30: =SUMIFS(Einn._Liste!$G$4:$G$1000,Einn._Liste!$E$4:$E$1000,145,Einn._Liste!$F$4:$F$1000,12) -> 0 | O30: =SUM(C30:N30) -> 0
A31: Kredite, Darlehen | B31: 150 | C31: =SUMIFS(Einn._Liste!$G$4:$G$1000,Einn._Liste!$E$4:$E$1000,150,Einn._Liste!$F$4:$F$1000,1) -> 0 | D31: =SUMIFS(Einn._Liste!$G$4:$G$1000,Einn._Liste!$E$4:$E$1000,150,Einn._Liste!$F$4:$F$1000,2) -> 0 | E31: =SUMIFS(Einn._Liste!$G$4:$G$1000,Einn._Liste!$E$4:$E$1000,150,Einn._Liste!$F$4:$F$1000,3) -> 0 | F31: =SUMIFS(Einn._Liste!$G$4:$G$1000,Einn._Liste!$E$4:$E$1000,150,Einn._Liste!$F$4:$F$1000,4) -> 0 | G31: =SUMIFS(Einn._Liste!$G$4:$G$1000,Einn._Liste!$E$4:$E$1000,150,Einn._Liste!$F$4:$F$1000,5) -> 0 | H31: =SUMIFS(Einn._Liste!$G$4:$G$1000,Einn._Liste!$E$4:$E$1000,150,Einn._Liste!$F$4:$F$1000,6) -> 0 | I31: =SUMIFS(Einn._Liste!$G$4:$G$1000,Einn._Liste!$E$4:$E$1000,150,Einn._Liste!$F$4:$F$1000,7) -> 0 | J31: =SUMIFS(Einn._Liste!$G$4:$G$1000,Einn._Liste!$E$4:$E$1000,150,Einn._Liste!$F$4:$F$1000,8) -> 0 | K31: =SUMIFS(Einn._Liste!$G$4:$G$1000,Einn._Liste!$E$4:$E$1000,150,Einn._Liste!$F$4:$F$1000,9) -> 0 | L31: =SUMIFS(Einn._Liste!$G$4:$G$1000,Einn._Liste!$E$4:$E$1000,150,Einn._Liste!$F$4:$F$1000,10) -> 0 | M31: =SUMIFS(Einn._Liste!$G$4:$G$1000,Einn._Liste!$E$4:$E$1000,150,Einn._Liste!$F$4:$F$1000,11) -> 0 | N31: =SUMIFS(Einn._Liste!$G$4:$G$1000,Einn._Liste!$E$4:$E$1000,150,Einn._Liste!$F$4:$F$1000,12) -> 0 | O31: =SUM(C31:N31) -> 0

Sheet Ausgaben
A1: Ausgaben | B1: Sa.: | C1: =SUM(C3:C16) -> 0 | D1: =SUM(D3:D16) -> 0 | E1: =SUM(E3:E16) -> 0 | F1: =SUM(F3:F16) -> 0 | G1: =SUM(G3:G16) -> 0 | H1: =SUM(H3:H16) -> 0 | I1: =SUM(I3:I16) -> 0 | J1: =SUM(J3:J16) -> 0 | ... O1: =SUM(O3:O16) -> 0 | P1: Datum | Q1: =TODAY() -> 43579 | R1: Ø je Monat
B2: Kosten stelle | C2: Januar | D2: Februar | E2: März | F2: April | G2: Mai | H2: Juni | I2: Juli | J2: August | K2: September | L2: Oktober | M2: November | N2: Dezember | O2: Gesamt | P2: Lfd. Monat | Q2: =MONTH(Q1) -> 4 | R2: =O1/Q2 -> 0
A3: Wohnen | B3: 200 | C3: ='Feste Ausgaben'!C3+'Veränderliche Ausgaben'!C3 -> 0 | D3: ='Feste Ausgaben'!D3+'Veränderliche Ausgaben'!D3 -> 0 | E3: ='Feste Ausgaben'!E3+'Veränderliche Ausgaben'!E3 -> 0 | F3: ='Feste Ausgaben'!F3+'Veränderliche Ausgaben'!F3 -> 0 | G3: ='Feste Ausgaben'!G3+'Veränderliche Ausgaben'!G3 -> 0 | H3: ='Feste Ausgaben'!H3+'Veränderliche Ausgaben'!H3 -> 0 | I3: ='Feste Ausgaben'!I3+'Veränderliche Ausgaben'!I3 -> 0 | J3: ='Feste Ausgaben'!J3+'Veränderliche Ausgaben'!J3 -> 0 | ... N3: ='Feste Ausgaben'!N3+'Veränderliche Ausgaben'!N3 -> 0 | O3: =SUM(C3:N3) -> 0
A4: Hauswirtschaft | B4: 300 | C4: ='Veränderliche Ausgaben'!C7 -> 0 | D4: ='Veränderliche Ausgaben'!D7 -> 0 | E4: ='Veränderliche Ausgaben'!E7 -> 0 | F4: ='Veränderliche Ausgaben'!F7 -> 0 | G4: ='Veränderliche Ausgaben'!G7 -> 0 | H4: ='Veränderliche Ausgaben'!H7 -> 0 | I4: ='Veränderliche Ausgaben'!I7 -> 0 | J4: ='Veränderliche Ausgaben'!J7 -> 0 | ... N4: ='Veränderliche Ausgaben'!N7 -> 0 | O4: =SUM(C4:N4) -> 0
A5: Ernährung | B5: 400 | C5: ='Veränderliche Ausgaben'!C14 -> 0 | D5: ='Veränderliche Ausgaben'!D14 -> 0 | E5: ='Veränderliche Ausgaben'!E14 -> 0 | F5: ='Veränderliche Ausgaben'!F14 -> 0 | G5: ='Veränderliche Ausgaben'!G14 -> 0 | H5: ='Veränderliche Ausgaben'!H14 -> 0 | I5: ='Veränderliche Ausgaben'!I14 -> 0 | J5: ='Veränderliche Ausgaben'!J14 -> 0 | ... N5: ='Veränderliche Ausgaben'!N14 -> 0 | O5: =SUM(C5:N5) -> 0
A6: Körper- und Gesundheitspflege | B6: 500 | C6: ='Veränderliche Ausgaben'!C19 -> 0 | D6: ='Veränderliche Ausgaben'!D19 -> 0 | E6: ='Veränderliche Ausgaben'!E19 -> 0 | F6: ='Veränderliche Ausgaben'!F19 -> 0 | G6: ='Veränderliche Ausgaben'!G19 -> 0 | H6: ='Veränderliche Ausgaben'!H19 -> 0 | I6: ='Veränderliche Ausgaben'!I19 -> 0 | J6: ='Veränderliche Ausgaben'!J19 -> 0 | ... N6: ='Veränderliche Ausgaben'!N19 -> 0 | O6: =SUM(C6:N6) -> 0
A7: Persönliche Ausstattung | B7: 600 | C7: ='Veränderliche Ausgaben'!C25 -> 0 | D7: ='Veränderliche Ausgaben'!D25 -> 0 | E7: ='Veränderliche Ausgaben'!E25 -> 0 | F7: ='Veränderliche Ausgaben'!F25 -> 0 | G7: ='Veränderliche Ausgaben'!G25 -> 0 | H7: ='Veränderliche Ausgaben'!H25 -> 0 | I7: ='Veränderliche Ausgaben'!I25 -> 0 | J7: ='Veränderliche Ausgaben'!J25 -> 0 | ... N7: ='Veränderliche Ausgaben'!N25 -> 0 | O7: =SUM(C7:N7) -> 0
A8: Mobilität | B8: 700 | C8: ='Feste Ausgaben'!C11+'Veränderliche Ausgaben'!C29 -> 0 | D8: ='Feste Ausgaben'!D11+'Veränderliche Ausgaben'!D29 -> 0 | E8: ='Feste Ausgaben'!E11+'Veränderliche Ausgaben'!E29 -> 0 | F8: ='Feste Ausgaben'!F11+'Veränderliche Ausgaben'!F29 -> 0 | G8: ='Feste Ausgaben'!G11+'Veränderliche Ausgaben'!G29 -> 0 | H8: ='Feste Ausgaben'!H11+'Veränderliche Ausgaben'!H29 -> 0 | I8: ='Feste Ausgaben'!I11+'Veränderliche Ausgaben'!I29 -> 0 | J8: ='Feste Ausgaben'!J11+'Veränderliche Ausgaben'!J29 -> 0 | ... N8: ='Feste Ausgaben'!N11+'Veränderliche Ausgaben'!N29 -> 0 | O8: =SUM(C8:N8) -> 0
A9: Kommunikation | B9: 800 | C9: ='Feste Ausgaben'!C16+'Veränderliche Ausgaben'!C32 -> 0 | D9: ='Feste Ausgaben'!D16+'Veränderliche Ausgaben'!D32 -> 0 | E9: ='Feste Ausgaben'!E16+'Veränderliche Ausgaben'!E32 -> 0 | F9: ='Feste Ausgaben'!F16+'Veränderliche Ausgaben'!F32 -> 0 | G9: ='Feste Ausgaben'!G16+'Veränderliche Ausgaben'!G32 -> 0 | H9: ='Feste Ausgaben'!H16+'Veränderliche Ausgaben'!H32 -> 0 | I9: ='Feste Ausgaben'!I16+'Veränderliche Ausgaben'!I32 -> 0 | J9: ='Feste Ausgaben'!J16+'Veränderliche Ausgaben'!J32 -> 0 | ... N9: ='Feste Ausgaben'!N16+'Veränderliche Ausgaben'!N32 -> 0 | O9: =SUM(C9:N9) -> 0
A10: Bildung und Freizeit | B10: 900 | C10: ='Feste Ausgaben'!C19+'Veränderliche Ausgaben'!C36 -> 0 | D10: ='Feste Ausgaben'!D19+'Veränderliche Ausgaben'!D36 -> 0 | E10: ='Feste Ausgaben'!E19+'Veränderliche Ausgaben'!E36 -> 0 | F10: ='Feste Ausgaben'!F19+'Veränderliche Ausgaben'!F36 -> 0 | G10: ='Feste Ausgaben'!G19+'Veränderliche Ausgaben'!G36 -> 0 | H10: ='Feste Ausgaben'!H19+'Veränderliche Ausgaben'!H36 -> 0 | I10: ='Feste Ausgaben'!I19+'Veränderliche Ausgaben'!I36 -> 0 | J10: ='Feste Ausgaben'!J19+'Veränderliche Ausgaben'!J36 -> 0 | ... N10: ='Feste Ausgaben'!N19+'Veränderliche Ausgaben'!N36 -> 0 | O10: =SUM(C10:N10) -> 0
A11: Betreuung und Pflege | B11: 1000 | C11: ='Feste Ausgaben'!C24 -> 0 | D11: ='Feste Ausgaben'!D24 -> 0 | E11: ='Feste Ausgaben'!E24 -> 0 | F11: ='Feste Ausgaben'!F24 -> 0 | G11: ='Feste Ausgaben'!G24 -> 0 | H11: ='Feste Ausgaben'!H24 -> 0 | I11: ='Feste Ausgaben'!I24 -> 0 | J11: ='Feste Ausgaben'!J24 -> 0 | ... N11: ='Feste Ausgaben'!N24 -> 0 | O11: =SUM(C11:N11) -> 0
A12: Beiträge, Honorare, Geldtransfers | B12: 1100 | C12: ='Feste Ausgaben'!C27+'Veränderliche Ausgaben'!C43 -> 0 | D12: ='Feste Ausgaben'!D27+'Veränderliche Ausgaben'!D43 -> 0 | E12: ='Feste Ausgaben'!E27+'Veränderliche Ausgaben'!E43 -> 0 | F12: ='Feste Ausgaben'!F27+'Veränderliche Ausgaben'!F43 -> 0 | G12: ='Feste Ausgaben'!G27+'Veränderliche Ausgaben'!G43 -> 0 | H12: ='Feste Ausgaben'!H27+'Veränderliche Ausgaben'!H43 -> 0 | I12: ='Feste Ausgaben'!I27+'Veränderliche Ausgaben'!I43 -> 0 | J12: ='Feste Ausgaben'!J27+'Veränderliche Ausgaben'!J43 -> 0 | ... N12: ='Feste Ausgaben'!N27+'Veränderliche Ausgaben'!N43 -> 0 | O12: =SUM(C12:N12) -> 0
A13: Versicherungen | B13: 1200 | C13: ='Feste Ausgaben'!C30 -> 0 | D13: ='Feste Ausgaben'!D30 -> 0 | E13: ='Feste Ausgaben'!E30 -> 0 | F13: ='Feste Ausgaben'!F30 -> 0 | G13: ='Feste Ausgaben'!G30 -> 0 | H13: ='Feste Ausgaben'!H30 -> 0 | I13: ='Feste Ausgaben'!I30 -> 0 | J13: ='Feste Ausgaben'!J30 -> 0 | ... N13: ='Feste Ausgaben'!N30 -> 0 | O13: =SUM(C13:N13) -> 0
A14: Vermögensbildung | B14: 1300 | C14: ='Feste Ausgaben'!C34 -> 0 | D14: ='Feste Ausgaben'!D34 -> 0 | E14: ='Feste Ausgaben'!E34 -> 0 | F14: ='Feste Ausgaben'!F34 -> 0 | G14: ='Feste Ausgaben'!G34 -> 0 | H14: ='Feste Ausgaben'!H34 -> 0 | I14: ='Feste Ausgaben'!I34 -> 0 | J14: ='Feste Ausgaben'!J34 -> 0 | ... N14: ='Feste Ausgaben'!N34 -> 0 | O14: =SUM(C14:N14) -> 0
A15: Verbindlichkeiten | B15: 1400 | C15: ='Feste Ausgaben'!C39 -> 0 | D15: ='Feste Ausgaben'!D39 -> 0 | E15: ='Feste Ausgaben'!E39 -> 0 | F15: ='Feste Ausgaben'!F39 -> 0 | G15: ='Feste Ausgaben'!G39 -> 0 | H15: ='Feste Ausgaben'!H39 -> 0 | I15: ='Feste Ausgaben'!I39 -> 0 | J15: ='Feste Ausgaben'!J39 -> 0 | ... N15: ='Feste Ausgaben'!N39 -> 0 | O15: =SUM(C15:N15) -> 0
A16: Außerordentliche Aufwendungen | B16: 1500 | C16: ='Veränderliche Ausgaben'!C46 -> 0 | D16: ='Veränderliche Ausgaben'!D46 -> 0 | E16: ='Veränderliche Ausgaben'!E46 -> 0 | F16: ='Veränderliche Ausgaben'!F46 -> 0 | G16: ='Veränderliche Ausgaben'!G46 -> 0 | H16: ='Veränderliche Ausgaben'!H46 -> 0 | I16: ='Veränderliche Ausgaben'!I46 -> 0 | J16: ='Veränderliche Ausgaben'!J46 -> 0 | ... N16: ='Veränderliche Ausgaben'!N46 -> 0 | O16: =SUM(C16:N16) -> 0

Sheet Feste Ausgaben
A1: Feste Ausgaben | B1: Sa.: | C1: =SUM(C3,C11,C16,C19,C24,C27,C30,C34,C39) -> 0 | D1: =SUM(D3,D11,D16,D19,D24,D27,D30,D34,D39) -> 0 | E1: =SUM(E3,E11,E16,E19,E24,E27,E30,E34,E39) -> 0 | F1: =SUM(F3,F11,F16,F19,F24,F27,F30,F34,F39) -> 0 | G1: =SUM(G3,G11,G16,G19,G24,G27,G30,G34,G39) -> 0 | H1: =SUM(H3,H11,H16,H19,H24,H27,H30,H34,H39) -> 0 | I1: =SUM(I3,I11,I16,I19,I24,I27,I30,I34,I39) -> 0 | J1: =SUM(J3,J11,J16,J19,J24,J27,J30,J34,J39) -> 0 | ... O1: =SUM(O3,O11,O16,O19,O24,O27,O30,O34,O39) -> 0 | Q1: Datum | R1: =TODAY() -> 43579 | S1: Ø je Monat
B2: Kostenstelle | C2: Januar | D2: Februar | E2: März | F2: April | G2: Mai | H2: Juni | I2: Juli | J2: August | K2: September | L2: Oktober | M2: November | N2: Dezember | O2: Gesamt | P2: Bemerkungen | Q2: Lfd. Monat | R2: =MONTH(R1) -> 4 | S2: =O1/R2 -> 0
A3: Wohnen | B3: 200 | C3: =SUM(C4:C10) -> 0 | D3: =SUM(D4:D10) -> 0 | E3: =SUM(E4:E10) -> 0 | F3: =SUM(F4:F10) -> 0 | G3: =SUM(G4:G10) -> 0 | H3: =SUM(H4:H10) -> 0 | I3: =SUM(I4:I10) -> 0 | J3: =SUM(J4:J10) -> 0 | ... N3: =SUM(N4:N10) -> 0 | O3: =SUM(C3:N3) -> 0
A4: Miete | B4: 201 | C4: =SUMIFS(Ausg._Liste!$H$4:$H$550,Ausg._Liste!$F$4:$F$550,201,Ausg._Liste!$G$4:$G$550,1) -> 0 | D4: =SUMIFS(Ausg._Liste!$H$4:$H$550,Ausg._Liste!$F$4:$F$550,201,Ausg._Liste!$G$4:$G$550,2) -> 0 | E4: =SUMIFS(Ausg._Liste!$H$4:$H$550,Ausg._Liste!$F$4:$F$550,201,Ausg._Liste!$G$4:$G$550,3) -> 0 | F4: =SUMIFS(Ausg._Liste!$H$4:$H$550,Ausg._Liste!$F$4:$F$550,201,Ausg._Liste!$G$4:$G$550,4) -> 0 | G4: =SUMIFS(Ausg._Liste!$H$4:$H$550,Ausg._Liste!$F$4:$F$550,201,Ausg._Liste!$G$4:$G$550,5) -> 0 | H4: =SUMIFS(Ausg._Liste!$H$4:$H$550,Ausg._Liste!$F$4:$F$550,201,Ausg._Liste!$G$4:$G$550,6) -> 0 | I4: =SUMIFS(Ausg._Liste!$H$4:$H$550,Ausg._Liste!$F$4:$F$550,201,Ausg._Liste!$G$4:$G$550,7) -> 0 | J4: =SUMIFS(Ausg._Liste!$H$4:$H$550,Ausg._Liste!$F$4:$F$550,201,Ausg._Liste!$G$4:$G$550,8) -> 0 | K4: =SUMIFS(Ausg._Liste!$H$4:$H$550,Ausg._Liste!$F$4:$F$550,201,Ausg._Liste!$G$4:$G$550,9) -> 0 | L4: =SUMIFS(Ausg._Liste!$H$4:$H$550,Ausg._Liste!$F$4:$F$550,201,Ausg._Liste!$G$4:$G$550,10) -> 0 | M4: =SUMIFS(Ausg._Liste!$H$4:$H$550,Ausg._Liste!$F$4:$F$550,201,Ausg._Liste!$G$4:$G$550,11) -> 0 | N4: =SUMIFS(Ausg._Liste!$H$4:$H$550,Ausg._Liste!$F$4:$F$550,201,Ausg._Liste!$G$4:$G$550,12) -> 0 | O4: =SUM(C4:N4) -> 0
A5: Immobilienkredite | B5: 202 | C5: =SUMIFS(Ausg._Liste!$H$4:$H$550,Ausg._Liste!$F$4:$F$550,202,Ausg._Liste!$G$4:$G$550,1) -> 0 | D5: =SUMIFS(Ausg._Liste!$H$4:$H$550,Ausg._Liste!$F$4:$F$550,202,Ausg._Liste!$G$4:$G$550,2) -> 0 | E5: =SUMIFS(Ausg._Liste!$H$4:$H$550,Ausg._Liste!$F$4:$F$550,202,Ausg._Liste!$G$4:$G$550,3) -> 0 | F5: =SUMIFS(Ausg._Liste!$H$4:$H$550,Ausg._Liste!$F$4:$F$550,202,Ausg._Liste!$G$4:$G$550,4) -> 0 | G5: =SUMIFS(Ausg._Liste!$H$4:$H$550,Ausg._Liste!$F$4:$F$550,202,Ausg._Liste!$G$4:$G$550,5) -> 0 | H5: =SUMIFS(Ausg._Liste!$H$4:$H$550,Ausg._Liste!$F$4:$F$550,202,Ausg._Liste!$G$4:$G$550,6) -> 0 | I5: =SUMIFS(Ausg._Liste!$H$4:$H$550,Ausg._Liste!$F$4:$F$550,202,Ausg._Liste!$G$4:$G$550,7) -> 0 | J5: =SUMIFS(Ausg._Liste!$H$4:$H$550,Ausg._Liste!$F$4:$F$550,202,Ausg._Liste!$G$4:$G$550,8) -> 0 | K5: =SUMIFS(Ausg._Liste!$H$4:$H$550,Ausg._Liste!$F$4:$F$550,202,Ausg._Liste!$G$4:$G$550,9) -> 0 | L5: =SUMIFS(Ausg._Liste!$H$4:$H$550,Ausg._Liste!$F$4:$F$550,202,Ausg._Liste!$G$4:$G$550,10) -> 0 | M5: =SUMIFS(Ausg._Liste!$H$4:$H$550,Ausg._Liste!$F$4:$F$550,202,Ausg._Liste!$G$4:$G$550,11) -> 0 | N5: =SUMIFS(Ausg._Liste!$H$4:$H$550,Ausg._Liste!$F$4:$F$550,202,Ausg._Liste!$G$4:$G$550,12) -> 0 | O5: =SUM(C5:N5) -> 0
A6: Heizenergie | B6: 203 | C6: =SUMIFS(Ausg._Liste!$H$4:$H$550,Ausg._Liste!$F$4:$F$550,203,Ausg._Liste!$G$4:$G$550,1) -> 0 | D6: =SUMIFS(Ausg._Liste!$H$4:$H$550,Ausg._Liste!$F$4:$F$550,203,Ausg._Liste!$G$4:$G$550,2) -> 0 | E6: =SUMIFS(Ausg._Liste!$H$4:$H$550,Ausg._Liste!$F$4:$F$550,203,Ausg._Liste!$G$4:$G$550,3) -> 0 | F6: =SUMIFS(Ausg._Liste!$H$4:$H$550,Ausg._Liste!$F$4:$F$550,203,Ausg._Liste!$G$4:$G$550,4) -> 0 | G6: =SUMIFS(Ausg._Liste!$H$4:$H$550,Ausg._Liste!$F$4:$F$550,203,Ausg._Liste!$G$4:$G$550,5) -> 0 | H6: =SUMIFS(Ausg._Liste!$H$4:$H$550,Ausg._Liste!$F$4:$F$550,203,Ausg._Liste!$G$4:$G$550,6) -> 0 | I6: =SUMIFS(Ausg._Liste!$H$4:$H$550,Ausg._Liste!$F$4:$F$550,203,Ausg._Liste!$G$4:$G$550,7) -> 0 | J6: =SUMIFS(Ausg._Liste!$H$4:$H$550,Ausg._Liste!$F$4:$F$550,203,Ausg._Liste!$G$4:$G$550,8) -> 0 | K6: =SUMIFS(Ausg._Liste!$H$4:$H$550,Ausg._Liste!$F$4:$F$550,203,Ausg._Liste!$G$4:$G$550,9) -> 0 | L6: =SUMIFS(Ausg._Liste!$H$4:$H$550,Ausg._Liste!$F$4:$F$550,203,Ausg._Liste!$G$4:$G$550,10) -> 0 | M6: =SUMIFS(Ausg._Liste!$H$4:$H$550,Ausg._Liste!$F$4:$F$550,203,Ausg._Liste!$G$4:$G$550,11) -> 0 | N6: =SUMIFS(Ausg._Liste!$H$4:$H$550,Ausg._Liste!$F$4:$F$550,203,Ausg._Liste!$G$4:$G$550,12) -> 0 | O6: =SUM(C6:N6) -> 0
A7: Strom | B7: 204 | C7: =SUMIFS(Ausg._Liste!$H$4:$H$550,Ausg._Liste!$F$4:$F$550,204,Ausg._Liste!$G$4:$G$550,1) -> 0 | D7: =SUMIFS(Ausg._Liste!$H$4:$H$550,Ausg._Liste!$F$4:$F$550,204,Ausg._Liste!$G$4:$G$550,2) -> 0 | E7: =SUMIFS(Ausg._Liste!$H$4:$H$550,Ausg._Liste!$F$4:$F$550,204,Ausg._Liste!$G$4:$G$550,3) -> 0 | F7: =SUMIFS(Ausg._Liste!$H$4:$H$550,Ausg._Liste!$F$4:$F$550,204,Ausg._Liste!$G$4:$G$550,4) -> 0 | G7: =SUMIFS(Ausg._Liste!$H$4:$H$550,Ausg._Liste!$F$4:$F$550,204,Ausg._Liste!$G$4:$G$550,5) -> 0 | H7: =SUMIFS(Ausg._Liste!$H$4:$H$550,Ausg._Liste!$F$4:$F$550,204,Ausg._Liste!$G$4:$G$550,6) -> 0 | I7: =SUMIFS(Ausg._Liste!$H$4:$H$550,Ausg._Liste!$F$4:$F$550,204,Ausg._Liste!$G$4:$G$550,7) -> 0 | J7: =SUMIFS(Ausg._Liste!$H$4:$H$550,Ausg._Liste!$F$4:$F$550,204,Ausg._Liste!$G$4:$G$550,8) -> 0 | K7: =SUMIFS(Ausg._Liste!$H$4:$H$550,Ausg._Liste!$F$4:$F$550,204,Ausg._Liste!$G$4:$G$550,9) -> 0 | L7: =SUMIFS(Ausg._Liste!$H$4:$H$550,Ausg._Liste!$F$4:$F$550,204,Ausg._Liste!$G$4:$G$550,10) -> 0 | M7: =SUMIFS(Ausg._Liste!$H$4:$H$550,Ausg._Liste!$F$4:$F$550,204,Ausg._Liste!$G$4:$G$550,11) -> 0 | N7: =SUMIFS(Ausg._Liste!$H$4:$H$550,Ausg._Liste!$F$4:$F$550,204,Ausg._Liste!$G$4:$G$550,12) -> 0 | O7: =SUM(C7:N7) -> 0
A8: Wasser | B8: 205 | C8: =SUMIFS(Ausg._Liste!$H$4:$H$550,Ausg._Liste!$F$4:$F$550,205,Ausg._Liste!$G$4:$G$550,1) -> 0 | D8: =SUMIFS(Ausg._Liste!$H$4:$H$550,Ausg._Liste!$F$4:$F$550,205,Ausg._Liste!$G$4:$G$550,2) -> 0 | E8: =SUMIFS(Ausg._Liste!$H$4:$H$550,Ausg._Liste!$F$4:$F$550,205,Ausg._Liste!$G$4:$G$550,3) -> 0 | F8: =SUMIFS(Ausg._Liste!$H$4:$H$550,Ausg._Liste!$F$4:$F$550,205,Ausg._Liste!$G$4:$G$550,4) -> 0 | G8: =SUMIFS(Ausg._Liste!$H$4:$H$550,Ausg._Liste!$F$4:$F$550,205,Ausg._Liste!$G$4:$G$550,5) -> 0 | H8: =SUMIFS(Ausg._Liste!$H$4:$H$550,Ausg._Liste!$F$4:$F$550,205,Ausg._Liste!$G$4:$G$550,6) -> 0 | I8: =SUMIFS(Ausg._Liste!$H$4:$H$550,Ausg._Liste!$F$4:$F$550,205,Ausg._Liste!$G$4:$G$550,7) -> 0 | J8: =SUMIFS(Ausg._Liste!$H$4:$H$550,Ausg._Liste!$F$4:$F$550,205,Ausg._Liste!$G$4:$G$550,8) -> 0 | K8: =SUMIFS(Ausg._Liste!$H$4:$H$550,Ausg._Liste!$F$4:$F$550,205,Ausg._Liste!$G$4:$G$550,9) -> 0 | L8: =SUMIFS(Ausg._Liste!$H$4:$H$550,Ausg._Liste!$F$4:$F$550,205,Ausg._Liste!$G$4:$G$550,10) -> 0 | M8: =SUMIFS(Ausg._Liste!$H$4:$H$550,Ausg._Liste!$F$4:$F$550,205,Ausg._Liste!$G$4:$G$550,11) -> 0 | N8: =SUMIFS(Ausg._Liste!$H$4:$H$550,Ausg._Liste!$F$4:$F$550,205,Ausg._Liste!$G$4:$G$550,12) -> 0 | O8: =SUM(C8:N8) -> 0
A9: Bausparvertrag Wüstenrot | B9: 206 | C9: =SUMIFS(Ausg._Liste!$H$4:$H$550,Ausg._Liste!$F$4:$F$550,206,Ausg._Liste!$G$4:$G$550,1) -> 0 | D9: =SUMIFS(Ausg._Liste!$H$4:$H$550,Ausg._Liste!$F$4:$F$550,206,Ausg._Liste!$G$4:$G$550,2) -> 0 | E9: =SUMIFS(Ausg._Liste!$H$4:$H$550,Ausg._Liste!$F$4:$F$550,206,Ausg._Liste!$G$4:$G$550,3) -> 0 | F9: =SUMIFS(Ausg._Liste!$H$4:$H$550,Ausg._Liste!$F$4:$F$550,206,Ausg._Liste!$G$4:$G$550,4) -> 0 | G9: =SUMIFS(Ausg._Liste!$H$4:$H$550,Ausg._Liste!$F$4:$F$550,206,Ausg._Liste!$G$4:$G$550,5) -> 0 | H9: =SUMIFS(Ausg._Liste!$H$4:$H$550,Ausg._Liste!$F$4:$F$550,206,Ausg._Liste!$G$4:$G$550,6) -> 0 | I9: =SUMIFS(Ausg._Liste!$H$4:$H$550,Ausg._Liste!$F$4:$F$550,206,Ausg._Liste!$G$4:$G$550,7) -> 0 | J9: =SUMIFS(Ausg._Liste!$H$4:$H$550,Ausg._Liste!$F$4:$F$550,206,Ausg._Liste!$G$4:$G$550,8) -> 0 | K9: =SUMIFS(Ausg._Liste!$H$4:$H$550,Ausg._Liste!$F$4:$F$550,206,Ausg._Liste!$G$4:$G$550,9) -> 0 | L9: =SUMIFS(Ausg._Liste!$H$4:$H$550,Ausg._Liste!$F$4:$F$550,206,Ausg._Liste!$G$4:$G$550,10) -> 0 | M9: =SUMIFS(Ausg._Liste!$H$4:$H$550,Ausg._Liste!$F$4:$F$550,206,Ausg._Liste!$G$4:$G$550,11) -> 0 | N9: =SUMIFS(Ausg._Liste!$H$4:$H$550,Ausg._Liste!$F$4:$F$550,206,Ausg._Liste!$G$4:$G$550,12) -> 0 | O9: =SUM(C9:N9) -> 0
A10: Müllabfuhr | B10: 207 | C10: =SUMIFS(Ausg._Liste!$H$4:$H$550,Ausg._Liste!$F$4:$F$550,207,Ausg._Liste!$G$4:$G$550,1) -> 0 | D10: =SUMIFS(Ausg._Liste!$H$4:$H$550,Ausg._Liste!$F$4:$F$550,207,Ausg._Liste!$G$4:$G$550,2) -> 0 | E10: =SUMIFS(Ausg._Liste!$H$4:$H$550,Ausg._Liste!$F$4:$F$550,207,Ausg._Liste!$G$4:$G$550,3) -> 0 | F10: =SUMIFS(Ausg._Liste!$H$4:$H$550,Ausg._Liste!$F$4:$F$550,207,Ausg._Liste!$G$4:$G$550,4) -> 0 | G10: =SUMIFS(Ausg._Liste!$H$4:$H$550,Ausg._Liste!$F$4:$F$550,207,Ausg._Liste!$G$4:$G$550,5) -> 0 | H10: =SUMIFS(Ausg._Liste!$H$4:$H$550,Ausg._Liste!$F$4:$F$550,207,Ausg._Liste!$G$4:$G$550,6) -> 0 | I10: =SUMIFS(Ausg._Liste!$H$4:$H$550,Ausg._Liste!$F$4:$F$550,207,Ausg._Liste!$G$4:$G$550,7) -> 0 | J10: =SUMIFS(Ausg._Liste!$H$4:$H$550,Ausg._Liste!$F$4:$F$550,207,Ausg._Liste!$G$4:$G$550,8) -> 0 | K10: =SUMIFS(Ausg._Liste!$H$4:$H$550,Ausg._Liste!$F$4:$F$550,207,Ausg._Liste!$G$4:$G$550,9) -> 0 | L10: =SUMIFS(Ausg._Liste!$H$4:$H$550,Ausg._Liste!$F$4:$F$550,207,Ausg._Liste!$G$4:$G$550,10) -> 0 | M10: =SUMIFS(Ausg._Liste!$H$4:$H$550,Ausg._Liste!$F$4:$F$550,207,Ausg._Liste!$G$4:$G$550,11) -> 0 | N10: =SUMIFS(Ausg._Liste!$H$4:$H$550,Ausg._Liste!$F$4:$F$550,207,Ausg._Liste!$G$4:$G$550,12) -> 0 | O10: =SUM(C10:N10) -> 0
A11: Mobilität | B11: 700 | C11: =SUM(C12:C15) -> 0 | D11: =SUM(D12:D15) -> 0 | E11: =SUM(E12:E15) -> 0 | F11: =SUM(F12:F15) -> 0 | G11: =SUM(G12:G15) -> 0 | H11: =SUM(H12:H15) -> 0 | I11: =SUM(I12:I15) -> 0 | J11: =SUM(J12:J15) -> 0 | ... N11: =SUM(N12:N15) -> 0 | O11: =SUM(C11:N11) -> 0
A12: Öffentliche Verkehrsmittel | B12: 701 | C12: =SUMIFS(Ausg._Liste!$H$4:$H$550,Ausg._Liste!$F$4:$F$550,701,Ausg._Liste!$G$4:$G$550,1) -> 0 | D12: =SUMIFS(Ausg._Liste!$H$4:$H$550,Ausg._Liste!$F$4:$F$550,701,Ausg._Liste!$G$4:$G$550,2) -> 0 | E12: =SUMIFS(Ausg._Liste!$H$4:$H$550,Ausg._Liste!$F$4:$F$550,701,Ausg._Liste!$G$4:$G$550,3) -> 0 | F12: =SUMIFS(Ausg._Liste!$H$4:$H$550,Ausg._Liste!$F$4:$F$550,701,Ausg._Liste!$G$4:$G$550,4) -> 0 | G12: =SUMIFS(Ausg._Liste!$H$4:$H$550,Ausg._Liste!$F$4:$F$550,701,Ausg._Liste!$G$4:$G$550,5) -> 0 | H12: =SUMIFS(Ausg._Liste!$H$4:$H$550,Ausg._Liste!$F$4:$F$550,701,Ausg._Liste!$G$4:$G$550,6) -> 0 | I12: =SUMIFS(Ausg._Liste!$H$4:$H$550,Ausg._Liste!$F$4:$F$550,701,Ausg._Liste!$G$4:$G$550,7) -> 0 | J12: =SUMIFS(Ausg._Liste!$H$4:$H$550,Ausg._Liste!$F$4:$F$550,701,Ausg._Liste!$G$4:$G$550,8) -> 0 | K12: =SUMIFS(Ausg._Liste!$H$4:$H$550,Ausg._Liste!$F$4:$F$550,701,Ausg._Liste!$G$4:$G$550,9) -> 0 | L12: =SUMIFS(Ausg._Liste!$H$4:$H$550,Ausg._Liste!$F$4:$F$550,701,Ausg._Liste!$G$4:$G$550,10) -> 0 | M12: =SUMIFS(Ausg._Liste!$H$4:$H$550,Ausg._Liste!$F$4:$F$550,701,Ausg._Liste!$G$4:$G$550,11) -> 0 | N12: =SUMIFS(Ausg._Liste!$H$4:$H$550,Ausg._Liste!$F$4:$F$550,701,Ausg._Liste!$G$4:$G$550,12) -> 0 | O12: =SUM(C12:N12) -> 0
A13: Kfz-Steuer | B13: 702 | C13: =SUMIFS(Ausg._Liste!$H$4:$H$550,Ausg._Liste!$F$4:$F$550,702,Ausg._Liste!$G$4:$G$550,1) -> 0 | D13: =SUMIFS(Ausg._Liste!$H$4:$H$550,Ausg._Liste!$F$4:$F$550,702,Ausg._Liste!$G$4:$G$550,2) -> 0 | E13: =SUMIFS(Ausg._Liste!$H$4:$H$550,Ausg._Liste!$F$4:$F$550,702,Ausg._Liste!$G$4:$G$550,3) -> 0 | F13: =SUMIFS(Ausg._Liste!$H$4:$H$550,Ausg._Liste!$F$4:$F$550,702,Ausg._Liste!$G$4:$G$550,4) -> 0 | G13: =SUMIFS(Ausg._Liste!$H$4:$H$550,Ausg._Liste!$F$4:$F$550,702,Ausg._Liste!$G$4:$G$550,5) -> 0 | H13: =SUMIFS(Ausg._Liste!$H$4:$H$550,Ausg._Liste!$F$4:$F$550,702,Ausg._Liste!$G$4:$G$550,6) -> 0 | I13: =SUMIFS(Ausg._Liste!$H$4:$H$550,Ausg._Liste!$F$4:$F$550,702,Ausg._Liste!$G$4:$G$550,7) -> 0 | J13: =SUMIFS(Ausg._Liste!$H$4:$H$550,Ausg._Liste!$F$4:$F$550,702,Ausg._Liste!$G$4:$G$550,8) -> 0 | K13: =SUMIFS(Ausg._Liste!$H$4:$H$550,Ausg._Liste!$F$4:$F$550,702,Ausg._Liste!$G$4:$G$550,9) -> 0 | L13: =SUMIFS(Ausg._Liste!$H$4:$H$550,Ausg._Liste!$F$4:$F$550,702,Ausg._Liste!$G$4:$G$550,10) -> 0 | M13: =SUMIFS(Ausg._Liste!$H$4:$H$550,Ausg._Liste!$F$4:$F$550,702,Ausg._Liste!$G$4:$G$550,11) -> 0 | N13: =SUMIFS(Ausg._Liste!$H$4:$H$550,Ausg._Liste!$F$4:$F$550,702,Ausg._Liste!$G$4:$G$550,12) -> 0 | O13: =SUM(C13:N13) -> 0
A14: Kfz-Versicherung | B14: 703 | C14: =SUMIFS(Ausg._Liste!$H$4:$H$550,Ausg._Liste!$F$4:$F$550,703,Ausg._Liste!$G$4:$G$550,1) -> 0 | D14: =SUMIFS(Ausg._Liste!$H$4:$H$550,Ausg._Liste!$F$4:$F$550,703,Ausg._Liste!$G$4:$G$550,2) -> 0 | E14: =SUMIFS(Ausg._Liste!$H$4:$H$550,Ausg._Liste!$F$4:$F$550,703,Ausg._Liste!$G$4:$G$550,3) -> 0 | F14: =SUMIFS(Ausg._Liste!$H$4:$H$550,Ausg._Liste!$F$4:$F$550,703,Ausg._Liste!$G$4:$G$550,4) -> 0 | G14: =SUMIFS(Ausg._Liste!$H$4:$H$550,Ausg._Liste!$F$4:$F$550,703,Ausg._Liste!$G$4:$G$550,5) -> 0 | H14: =SUMIFS(Ausg._Liste!$H$4:$H$550,Ausg._Liste!$F$4:$F$550,703,Ausg._Liste!$G$4:$G$550,6) -> 0 | I14: =SUMIFS(Ausg._Liste!$H$4:$H$550,Ausg._Liste!$F$4:$F$550,703,Ausg._Liste!$G$4:$G$550,7) -> 0 | J14: =SUMIFS(Ausg._Liste!$H$4:$H$550,Ausg._Liste!$F$4:$F$550,703,Ausg._Liste!$G$4:$G$550,8) -> 0 | K14: =SUMIFS(Ausg._Liste!$H$4:$H$550,Ausg._Liste!$F$4:$F$550,703,Ausg._Liste!$G$4:$G$550,9) -> 0 | L14: =SUMIFS(Ausg._Liste!$H$4:$H$550,Ausg._Liste!$F$4:$F$550,703,Ausg._Liste!$G$4:$G$550,10) -> 0 | M14: =SUMIFS(Ausg._Liste!$H$4:$H$550,Ausg._Liste!$F$4:$F$550,703,Ausg._Liste!$G$4:$G$550,11) -> 0 | N14: =SUMIFS(Ausg._Liste!$H$4:$H$550,Ausg._Liste!$F$4:$F$550,703,Ausg._Liste!$G$4:$G$550,12) -> 0 | O14: =SUM(C14:N14) -> 0
A15: Leasing für PKW | B15: 704 | C15: =SUMIFS(Ausg._Liste!$H$4:$H$550,Ausg._Liste!$F$4:$F$550,704,Ausg._Liste!$G$4:$G$550,1) -> 0 | D15: =SUMIFS(Ausg._Liste!$H$4:$H$550,Ausg._Liste!$F$4:$F$550,704,Ausg._Liste!$G$4:$G$550,2) -> 0 | E15: =SUMIFS(Ausg._Liste!$H$4:$H$550,Ausg._Liste!$F$4:$F$550,704,Ausg._Liste!$G$4:$G$550,3) -> 0 | F15: =SUMIFS(Ausg._Liste!$H$4:$H$550,Ausg._Liste!$F$4:$F$550,704,Ausg._Liste!$G$4:$G$550,4) -> 0 | G15: =SUMIFS(Ausg._Liste!$H$4:$H$550,Ausg._Liste!$F$4:$F$550,704,Ausg._Liste!$G$4:$G$550,5) -> 0 | H15: =SUMIFS(Ausg._Liste!$H$4:$H$550,Ausg._Liste!$F$4:$F$550,704,Ausg._Liste!$G$4:$G$550,6) -> 0 | I15: =SUMIFS(Ausg._Liste!$H$4:$H$550,Ausg._Liste!$F$4:$F$550,704,Ausg._Liste!$G$4:$G$550,7) -> 0 | J15: =SUMIFS(Ausg._Liste!$H$4:$H$550,Ausg._Liste!$F$4:$F$550,704,Ausg._Liste!$G$4:$G$550,8) -> 0 | K15: =SUMIFS(Ausg._Liste!$H$4:$H$550,Ausg._Liste!$F$4:$F$550,704,Ausg._Liste!$G$4:$G$550,9) -> 0 | L15: =SUMIFS(Ausg._Liste!$H$4:$H$550,Ausg._Liste!$F$4:$F$550,704,Ausg._Liste!$G$4:$G$550,10) -> 0 | M15: =SUMIFS(Ausg._Liste!$H$4:$H$550,Ausg._Liste!$F$4:$F$550,704,Ausg._Liste!$G$4:$G$550,11) -> 0 | N15: =SUMIFS(Ausg._Liste!$H$4:$H$550,Ausg._Liste!$F$4:$F$550,704,Ausg._Liste!$G$4:$G$550,12) -> 0 | O15: =SUM(C15:N15) -> 0
A16: Kommunikation | B16: 800 | C16: =SUM(C17:C18) -> 0 | D16: =SUM(D17:D18) -> 0 | E16: =SUM(E17:E18) -> 0 | F16: =SUM(F17:F18) -> 0 | G16: =SUM(G17:G18) -> 0 | H16: =SUM(H17:H18) -> 0 | I16: =SUM(I17:I18) -> 0 | J16: =SUM(J17:J18) -> 0 | ... N16: =SUM(N17:N18) -> 0 | O16: =SUM(C16:N16) -> 0
A17: Rundfunkbeitrag | B17: 801 | C17: =SUMIFS(Ausg._Liste!$H$4:$H$550,Ausg._Liste!$F$4:$F$550,801,Ausg._Liste!$G$4:$G$550,1) -> 0 | D17: =SUMIFS(Ausg._Liste!$H$4:$H$550,Ausg._Liste!$F$4:$F$550,801,Ausg._Liste!$G$4:$G$550,2) -> 0 | E17: =SUMIFS(Ausg._Liste!$H$4:$H$550,Ausg._Liste!$F$4:$F$550,801,Ausg._Liste!$G$4:$G$550,3) -> 0 | F17: =SUMIFS(Ausg._Liste!$H$4:$H$550,Ausg._Liste!$F$4:$F$550,801,Ausg._Liste!$G$4:$G$550,4) -> 0 | G17: =SUMIFS(Ausg._Liste!$H$4:$H$550,Ausg._Liste!$F$4:$F$550,801,Ausg._Liste!$G$4:$G$550,5) -> 0 | H17: =SUMIFS(Ausg._Liste!$H$4:$H$550,Ausg._Liste!$F$4:$F$550,801,Ausg._Liste!$G$4:$G$550,6) -> 0 | I17: =SUMIFS(Ausg._Liste!$H$4:$H$550,Ausg._Liste!$F$4:$F$550,801,Ausg._Liste!$G$4:$G$550,7) -> 0 | J17: =SUMIFS(Ausg._Liste!$H$4:$H$550,Ausg._Liste!$F$4:$F$550,801,Ausg._Liste!$G$4:$G$550,8) -> 0 | K17: =SUMIFS(Ausg._Liste!$H$4:$H$550,Ausg._Liste!$F$4:$F$550,801,Ausg._Liste!$G$4:$G$550,9) -> 0 | L17: =SUMIFS(Ausg._Liste!$H$4:$H$550,Ausg._Liste!$F$4:$F$550,801,Ausg._Liste!$G$4:$G$550,10) -> 0 | M17: =SUMIFS(Ausg._Liste!$H$4:$H$550,Ausg._Liste!$F$4:$F$550,801,Ausg._Liste!$G$4:$G$550,11) -> 0 | N17: =SUMIFS(Ausg._Liste!$H$4:$H$550,Ausg._Liste!$F$4:$F$550,801,Ausg._Liste!$G$4:$G$550,12) -> 0 | O17: =SUM(C17:N17) -> 0
A18: Telefon und Internet | B18: 802 | C18: =SUMIFS(Ausg._Liste!$H$4:$H$550,Ausg._Liste!$F$4:$F$550,802,Ausg._Liste!$G$4:$G$550,1) -> 0 | D18: =SUMIFS(Ausg._Liste!$H$4:$H$550,Ausg._Liste!$F$4:$F$550,802,Ausg._Liste!$G$4:$G$550,2) -> 0 | E18: =SUMIFS(Ausg._Liste!$H$4:$H$550,Ausg._Liste!$F$4:$F$550,802,Ausg._Liste!$G$4:$G$550,3) -> 0 | F18: =SUMIFS(Ausg._Liste!$H$4:$H$550,Ausg._Liste!$F$4:$F$550,802,Ausg._Liste!$G$4:$G$550,4) -> 0 | G18: =SUMIFS(Ausg._Liste!$H$4:$H$550,Ausg._Liste!$F$4:$F$550,802,Ausg._Liste!$G$4:$G$550,5) -> 0 | H18: =SUMIFS(Ausg._Liste!$H$4:$H$550,Ausg._Liste!$F$4:$F$550,802,Ausg._Liste!$G$4:$G$550,6) -> 0 | I18: =SUMIFS(Ausg._Liste!$H$4:$H$550,Ausg._Liste!$F$4:$F$550,802,Ausg._Liste!$G$4:$G$550,7) -> 0 | J18: =SUMIFS(Ausg._Liste!$H$4:$H$550,Ausg._Liste!$F$4:$F$550,802,Ausg._Liste!$G$4:$G$550,8) -> 0 | K18: =SUMIFS(Ausg._Liste!$H$4:$H$550,Ausg._Liste!$F$4:$F$550,802,Ausg._Liste!$G$4:$G$550,9) -> 0 | L18: =SUMIFS(Ausg._Liste!$H$4:$H$550,Ausg._Liste!$F$4:$F$550,802,Ausg._Liste!$G$4:$G$550,10) -> 0 | M18: =SUMIFS(Ausg._Liste!$H$4:$H$550,Ausg._Liste!$F$4:$F$550,802,Ausg._Liste!$G$4:$G$550,11) -> 0 | N18: =SUMIFS(Ausg._Liste!$H$4:$H$550,Ausg._Liste!$F$4:$F$550,802,Ausg._Liste!$G$4:$G$550,12) -> 0 | O18: =SUM(C18:N18) -> 0
A19: Bildung und Freizeit | B19: 900 | C19: =SUM(C20:C23) -> 0 | D19: =SUM(D20:D23) -> 0 | E19: =SUM(E20:E23) -> 0 | F19: =SUM(F20:F23) -> 0 | G19: =SUM(G20:G23) -> 0 | H19: =SUM(H20:H23) -> 0 | I19: =SUM(I20:I23) -> 0 | J19: =SUM(J20:J23) -> 0 | ... N19: =SUM(N20:N23) -> 0 | O19: =SUM(C19:N19) -> 0
A20: Nachhilfe, Schulgeld, Studiengebühren | B20: 901 | C20: =SUMIFS(Ausg._Liste!$H$4:$H$550,Ausg._Liste!$F$4:$F$550,901,Ausg._Liste!$G$4:$G$550,1) -> 0 | D20: =SUMIFS(Ausg._Liste!$H$4:$H$550,Ausg._Liste!$F$4:$F$550,901,Ausg._Liste!$G$4:$G$550,2) -> 0 | E20: =SUMIFS(Ausg._Liste!$H$4:$H$550,Ausg._Liste!$F$4:$F$550,901,Ausg._Liste!$G$4:$G$550,3) -> 0 | F20: =SUMIFS(Ausg._Liste!$H$4:$H$550,Ausg._Liste!$F$4:$F$550,901,Ausg._Liste!$G$4:$G$550,4) -> 0 | G20: =SUMIFS(Ausg._Liste!$H$4:$H$550,Ausg._Liste!$F$4:$F$550,901,Ausg._Liste!$G$4:$G$550,5) -> 0 | H20: =SUMIFS(Ausg._Liste!$H$4:$H$550,Ausg._Liste!$F$4:$F$550,901,Ausg._Liste!$G$4:$G$550,6) -> 0 | I20: =SUMIFS(Ausg._Liste!$H$4:$H$550,Ausg._Liste!$F$4:$F$550,901,Ausg._Liste!$G$4:$G$550,7) -> 0 | J20: =SUMIFS(Ausg._Liste!$H$4:$H$550,Ausg._Liste!$F$4:$F$550,901,Ausg._Liste!$G$4:$G$550,8) -> 0 | K20: =SUMIFS(Ausg._Liste!$H$4:$H$550,Ausg._Liste!$F$4:$F$550,901,Ausg._Liste!$G$4:$G$550,9) -> 0 | L20: =SUMIFS(Ausg._Liste!$H$4:$H$550,Ausg._Liste!$F$4:$F$550,901,Ausg._Liste!$G$4:$G$550,10) -> 0 | M20: =SUMIFS(Ausg._Liste!$H$4:$H$550,Ausg._Liste!$F$4:$F$550,901,Ausg._Liste!$G$4:$G$550,11) -> 0 | N20: =SUMIFS(Ausg._Liste!$H$4:$H$550,Ausg._Liste!$F$4:$F$550,901,Ausg._Liste!$G$4:$G$550,12) -> 0 | O20: =SUM(C20:N20) -> 0
A21: Unterrichts- und Kursgebühren | B21: 902 | C21: =SUMIFS(Ausg._Liste!$H$4:$H$550,Ausg._Liste!$F$4:$F$550,902,Ausg._Liste!$G$4:$G$550,1) -> 0 | D21: =SUMIFS(Ausg._Liste!$H$4:$H$550,Ausg._Liste!$F$4:$F$550,902,Ausg._Liste!$G$4:$G$550,2) -> 0 | E21: =SUMIFS(Ausg._Liste!$H$4:$H$550,Ausg._Liste!$F$4:$F$550,902,Ausg._Liste!$G$4:$G$550,3) -> 0 | F21: =SUMIFS(Ausg._Liste!$H$4:$H$550,Ausg._Liste!$F$4:$F$550,902,Ausg._Liste!$G$4:$G$550,4) -> 0 | G21: =SUMIFS(Ausg._Liste!$H$4:$H$550,Ausg._Liste!$F$4:$F$550,902,Ausg._Liste!$G$4:$G$550,5) -> 0 | H21: =SUMIFS(Ausg._Liste!$H$4:$H$550,Ausg._Liste!$F$4:$F$550,902,Ausg._Liste!$G$4:$G$550,6) -> 0 | I21: =SUMIFS(Ausg._Liste!$H$4:$H$550,Ausg._Liste!$F$4:$F$550,902,Ausg._Liste!$G$4:$G$550,7) -> 0 | J21: =SUMIFS(Ausg._Liste!$H$4:$H$550,Ausg._Liste!$F$4:$F$550,902,Ausg._Liste!$G$4:$G$550,8) -> 0 | K21: =SUMIFS(Ausg._Liste!$H$4:$H$550,Ausg._Liste!$F$4:$F$550,902,Ausg._Liste!$G$4:$G$550,9) -> 0 | L21: =SUMIFS(Ausg._Liste!$H$4:$H$550,Ausg._Liste!$F$4:$F$550,902,Ausg._Liste!$G$4:$G$550,10) -> 0 | M21: =SUMIFS(Ausg._Liste!$H$4:$H$550,Ausg._Liste!$F$4:$F$550,902,Ausg._Liste!$G$4:$G$550,11) -> 0 | N21: =SUMIFS(Ausg._Liste!$H$4:$H$550,Ausg._Liste!$F$4:$F$550,902,Ausg._Liste!$G$4:$G$550,12) -> 0 | O21: =SUM(C21:N21) -> 0
A22: Mitgliedsbeiträge | B22: 903 | C22: =SUMIFS(Ausg._Liste!$H$4:$H$550,Ausg._Liste!$F$4:$F$550,903,Ausg._Liste!$G$4:$G$550,1) -> 0 | D22: =SUMIFS(Ausg._Liste!$H$4:$H$550,Ausg._Liste!$F$4:$F$550,903,Ausg._Liste!$G$4:$G$550,2) -> 0 | E22: =SUMIFS(Ausg._Liste!$H$4:$H$550,Ausg._Liste!$F$4:$F$550,903,Ausg._Liste!$G$4:$G$550,3) -> 0 | F22: =SUMIFS(Ausg._Liste!$H$4:$H$550,Ausg._Liste!$F$4:$F$550,903,Ausg._Liste!$G$4:$G$550,4) -> 0 | G22: =SUMIFS(Ausg._Liste!$H$4:$H$550,Ausg._Liste!$F$4:$F$550,903,Ausg._Liste!$G$4:$G$550,5) -> 0 | H22: =SUMIFS(Ausg._Liste!$H$4:$H$550,Ausg._Liste!$F$4:$F$550,903,Ausg._Liste!$G$4:$G$550,6) -> 0 | I22: =SUMIFS(Ausg._Liste!$H$4:$H$550,Ausg._Liste!$F$4:$F$550,903,Ausg._Liste!$G$4:$G$550,7) -> 0 | J22: =SUMIFS(Ausg._Liste!$H$4:$H$550,Ausg._Liste!$F$4:$F$550,903,Ausg._Liste!$G$4:$G$550,8) -> 0 | K22: =SUMIFS(Ausg._Liste!$H$4:$H$550,Ausg._Liste!$F$4:$F$550,903,Ausg._Liste!$G$4:$G$550,9) -> 0 | L22: =SUMIFS(Ausg._Liste!$H$4:$H$550,Ausg._Liste!$F$4:$F$550,903,Ausg._Liste!$G$4:$G$550,10) -> 0 | M22: =SUMIFS(Ausg._Liste!$H$4:$H$550,Ausg._Liste!$F$4:$F$550,903,Ausg._Liste!$G$4:$G$550,11) -> 0 | N22: =SUMIFS(Ausg._Liste!$H$4:$H$550,Ausg._Liste!$F$4:$F$550,903,Ausg._Liste!$G$4:$G$550,12) -> 0 | O22: =SUM(C22:N22) -> 0
A23: Taschengeld | B23: 904 | C23: =SUMIFS(Ausg._Liste!$H$4:$H$550,Ausg._Liste!$F$4:$F$550,904,Ausg._Liste!$G$4:$G$550,1) -> 0 | D23: =SUMIFS(Ausg._Liste!$H$4:$H$550,Ausg._Liste!$F$4:$F$550,904,Ausg._Liste!$G$4:$G$550,2) -> 0 | E23: =SUMIFS(Ausg._Liste!$H$4:$H$550,Ausg._Liste!$F$4:$F$550,904,Ausg._Liste!$G$4:$G$550,3) -> 0 | F23: =SUMIFS(Ausg._Liste!$H$4:$H$550,Ausg._Liste!$F$4:$F$550,904,Ausg._Liste!$G$4:$G$550,4) -> 0 | G23: =SUMIFS(Ausg._Liste!$H$4:$H$550,Ausg._Liste!$F$4:$F$550,904,Ausg._Liste!$G$4:$G$550,5) -> 0 | H23: =SUMIFS(Ausg._Liste!$H$4:$H$550,Ausg._Liste!$F$4:$F$550,904,Ausg._Liste!$G$4:$G$550,6) -> 0 | I23: =SUMIFS(Ausg._Liste!$H$4:$H$550,Ausg._Liste!$F$4:$F$550,904,Ausg._Liste!$G$4:$G$550,7) -> 0 | J23: =SUMIFS(Ausg._Liste!$H$4:$H$550,Ausg._Liste!$F$4:$F$550,904,Ausg._Liste!$G$4:$G$550,8) -> 0 | K23: =SUMIFS(Ausg._Liste!$H$4:$H$550,Ausg._Liste!$F$4:$F$550,904,Ausg._Liste!$G$4:$G$550,9) -> 0 | L23: =SUMIFS(Ausg._Liste!$H$4:$H$550,Ausg._Liste!$F$4:$F$550,904,Ausg._Liste!$G$4:$G$550,10) -> 0 | M23: =SUMIFS(Ausg._Liste!$H$4:$H$550,Ausg._Liste!$F$4:$F$550,904,Ausg._Liste!$G$4:$G$550,11) -> 0 | N23: =SUMIFS(Ausg._Liste!$H$4:$H$550,Ausg._Liste!$F$4:$F$550,904,Ausg._Liste!$G$4:$G$550,12) -> 0 | O23: =SUM(C23:N23) -> 0
A24: Betreuung und Pflege | B24: 1000 | C24: =SUM(C25:C26) -> 0 | D24: =SUM(D25:D26) -> 0 | E24: =SUM(E25:E26) -> 0 | F24: =SUM(F25:F26) -> 0 | G24: =SUM(G25:G26) -> 0 | H24: =SUM(H25:H26) -> 0 | I24: =SUM(I25:I26) -> 0 | J24: =SUM(J25:J26) -> 0 | ... N24: =SUM(N25:N26) -> 0 | O24: =SUM(C24:N24) -> 0
A25: Kinderbetreuung | B25: 1001 | C25: =SUMIFS(Ausg._Liste!$H$4:$H$550,Ausg._Liste!$F$4:$F$550,1001,Ausg._Liste!$G$4:$G$550,1) -> 0 | D25: =SUMIFS(Ausg._Liste!$H$4:$H$550,Ausg._Liste!$F$4:$F$550,1001,Ausg._Liste!$G$4:$G$550,2) -> 0 | E25: =SUMIFS(Ausg._Liste!$H$4:$H$550,Ausg._Liste!$F$4:$F$550,1001,Ausg._Liste!$G$4:$G$550,3) -> 0 | F25: =SUMIFS(Ausg._Liste!$H$4:$H$550,Ausg._Liste!$F$4:$F$550,1001,Ausg._Liste!$G$4:$G$550,4) -> 0 | G25: =SUMIFS(Ausg._Liste!$H$4:$H$550,Ausg._Liste!$F$4:$F$550,1001,Ausg._Liste!$G$4:$G$550,5) -> 0 | H25: =SUMIFS(Ausg._Liste!$H$4:$H$550,Ausg._Liste!$F$4:$F$550,1001,Ausg._Liste!$G$4:$G$550,6) -> 0 | I25: =SUMIFS(Ausg._Liste!$H$4:$H$550,Ausg._Liste!$F$4:$F$550,1001,Ausg._Liste!$G$4:$G$550,7) -> 0 | J25: =SUMIFS(Ausg._Liste!$H$4:$H$550,Ausg._Liste!$F$4:$F$550,1001,Ausg._Liste!$G$4:$G$550,8) -> 0 | K25: =SUMIFS(Ausg._Liste!$H$4:$H$550,Ausg._Liste!$F$4:$F$550,1001,Ausg._Liste!$G$4:$G$550,9) -> 0 | L25: =SUMIFS(Ausg._Liste!$H$4:$H$550,Ausg._Liste!$F$4:$F$550,1001,Ausg._Liste!$G$4:$G$550,10) -> 0 | M25: =SUMIFS(Ausg._Liste!$H$4:$H$550,Ausg._Liste!$F$4:$F$550,1001,Ausg._Liste!$G$4:$G$550,11) -> 0 | N25: =SUMIFS(Ausg._Liste!$H$4:$H$550,Ausg._Liste!$F$4:$F$550,1001,Ausg._Liste!$G$4:$G$550,12) -> 0 | O25: =SUM(C25:N25) -> 0
A26: Dienstleistungen für Altenpflege | B26: 1002 | C26: =SUMIFS(Ausg._Liste!$H$4:$H$550,Ausg._Liste!$F$4:$F$550,1002,Ausg._Liste!$G$4:$G$550,1) -> 0 | D26: =SUMIFS(Ausg._Liste!$H$4:$H$550,Ausg._Liste!$F$4:$F$550,1002,Ausg._Liste!$G$4:$G$550,2) -> 0 | E26: =SUMIFS(Ausg._Liste!$H$4:$H$550,Ausg._Liste!$F$4:$F$550,1002,Ausg._Liste!$G$4:$G$550,3) -> 0 | F26: =SUMIFS(Ausg._Liste!$H$4:$H$550,Ausg._Liste!$F$4:$F$550,1002,Ausg._Liste!$G$4:$G$550,4) -> 0 | G26: =SUMIFS(Ausg._Liste!$H$4:$H$550,Ausg._Liste!$F$4:$F$550,1002,Ausg._Liste!$G$4:$G$550,5) -> 0 | H26: =SUMIFS(Ausg._Liste!$H$4:$H$550,Ausg._Liste!$F$4:$F$550,1002,Ausg._Liste!$G$4:$G$550,6) -> 0 | I26: =SUMIFS(Ausg._Liste!$H$4:$H$550,Ausg._Liste!$F$4:$F$550,1002,Ausg._Liste!$G$4:$G$550,7) -> 0 | J26: =SUMIFS(Ausg._Liste!$H$4:$H$550,Ausg._Liste!$F$4:$F$550,1002,Ausg._Liste!$G$4:$G$550,8) -> 0 | K26: =SUMIFS(Ausg._Liste!$H$4:$H$550,Ausg._Liste!$F$4:$F$550,1002,Ausg._Liste!$G$4:$G$550,9) -> 0 | L26: =SUMIFS(Ausg._Liste!$H$4:$H$550,Ausg._Liste!$F$4:$F$550,1002,Ausg._Liste!$G$4:$G$550,10) -> 0 | M26: =SUMIFS(Ausg._Liste!$H$4:$H$550,Ausg._Liste!$F$4:$F$550,1002,Ausg._Liste!$G$4:$G$550,11) -> 0 | N26: =SUMIFS(Ausg._Liste!$H$4:$H$550,Ausg._Liste!$F$4:$F$550,1002,Ausg._Liste!$G$4:$G$550,12) -> 0 | O26: =SUM(C26:N26) -> 0
A27: Beiträge, Honorare, Geldtransfers | B27: 1100 | C27: =SUM(C28:C29) -> 0 | D27: =SUM(D28:D29) -> 0 | E27: =SUM(E28:E29) -> 0 | F27: =SUM(F28:F29) -> 0 | G27: =SUM(G28:G29) -> 0 | H27: =SUM(H28:H29) -> 0 | I27: =SUM(I28:I29) -> 0 | J27: =SUM(J28:J29) -> 0 | ... N27: =SUM(N28:N29) -> 0 | O27: =SUM(C27:N27) -> 0
A28: Unterhaltszahlungen | B28: 1101 | C28: =SUMIFS(Ausg._Liste!$H$4:$H$550,Ausg._Liste!$F$4:$F$550,1101,Ausg._Liste!$G$4:$G$550,1) -> 0 | D28: =SUMIFS(Ausg._Liste!$H$4:$H$550,Ausg._Liste!$F$4:$F$550,1101,Ausg._Liste!$G$4:$G$550,2) -> 0 | E28: =SUMIFS(Ausg._Liste!$H$4:$H$550,Ausg._Liste!$F$4:$F$550,1101,Ausg._Liste!$G$4:$G$550,3) -> 0 | F28: =SUMIFS(Ausg._Liste!$H$4:$H$550,Ausg._Liste!$F$4:$F$550,1101,Ausg._Liste!$G$4:$G$550,4) -> 0 | G28: =SUMIFS(Ausg._Liste!$H$4:$H$550,Ausg._Liste!$F$4:$F$550,1101,Ausg._Liste!$G$4:$G$550,5) -> 0 | H28: =SUMIFS(Ausg._Liste!$H$4:$H$550,Ausg._Liste!$F$4:$F$550,1101,Ausg._Liste!$G$4:$G$550,6) -> 0 | I28: =SUMIFS(Ausg._Liste!$H$4:$H$550,Ausg._Liste!$F$4:$F$550,1101,Ausg._Liste!$G$4:$G$550,7) -> 0 | J28: =SUMIFS(Ausg._Liste!$H$4:$H$550,Ausg._Liste!$F$4:$F$550,1101,Ausg._Liste!$G$4:$G$550,8) -> 0 | K28: =SUMIFS(Ausg._Liste!$H$4:$H$550,Ausg._Liste!$F$4:$F$550,1101,Ausg._Liste!$G$4:$G$550,9) -> 0 | L28: =SUMIFS(Ausg._Liste!$H$4:$H$550,Ausg._Liste!$F$4:$F$550,1101,Ausg._Liste!$G$4:$G$550,10) -> 0 | M28: =SUMIFS(Ausg._Liste!$H$4:$H$550,Ausg._Liste!$F$4:$F$550,1101,Ausg._Liste!$G$4:$G$550,11) -> 0 | N28: =SUMIFS(Ausg._Liste!$H$4:$H$550,Ausg._Liste!$F$4:$F$550,1101,Ausg._Liste!$G$4:$G$550,12) -> 0 | O28: =SUM(C28:N28) -> 0
A29: Geldgeschenke | B29: 1102 | C29: =SUMIFS(Ausg._Liste!$H$4:$H$550,Ausg._Liste!$F$4:$F$550,1102,Ausg._Liste!$G$4:$G$550,1) -> 0 | D29: =SUMIFS(Ausg._Liste!$H$4:$H$550,Ausg._Liste!$F$4:$F$550,1102,Ausg._Liste!$G$4:$G$550,2) -> 0 | E29: =SUMIFS(Ausg._Liste!$H$4:$H$550,Ausg._Liste!$F$4:$F$550,1102,Ausg._Liste!$G$4:$G$550,3) -> 0 | F29: =SUMIFS(Ausg._Liste!$H$4:$H$550,Ausg._Liste!$F$4:$F$550,1102,Ausg._Liste!$G$4:$G$550,4) -> 0 | G29: =SUMIFS(Ausg._Liste!$H$4:$H$550,Ausg._Liste!$F$4:$F$550,1102,Ausg._Liste!$G$4:$G$550,5) -> 0 | H29: =SUMIFS(Ausg._Liste!$H$4:$H$550,Ausg._Liste!$F$4:$F$550,1102,Ausg._Liste!$G$4:$G$550,6) -> 0 | I29: =SUMIFS(Ausg._Liste!$H$4:$H$550,Ausg._Liste!$F$4:$F$550,1102,Ausg._Liste!$G$4:$G$550,7) -> 0 | J29: =SUMIFS(Ausg._Liste!$H$4:$H$550,Ausg._Liste!$F$4:$F$550,1102,Ausg._Liste!$G$4:$G$550,8) -> 0 | K29: =SUMIFS(Ausg._Liste!$H$4:$H$550,Ausg._Liste!$F$4:$F$550,1102,Ausg._Liste!$G$4:$G$550,9) -> 0 | L29: =SUMIFS(Ausg._Liste!$H$4:$H$550,Ausg._Liste!$F$4:$F$550,1102,Ausg._Liste!$G$4:$G$550,10) -> 0 | M29: =SUMIFS(Ausg._Liste!$H$4:$H$550,Ausg._Liste!$F$4:$F$550,1102,Ausg._Liste!$G$4:$G$550,11) -> 0 | N29: =SUMIFS(Ausg._Liste!$H$4:$H$550,Ausg._Liste!$F$4:$F$550,1102,Ausg._Liste!$G$4:$G$550,12) -> 0 | O29: =SUM(C29:N29) -> 0
A30: Versicherungen | B30: 1200 | C30: =SUM(C31:C33) -> 0 | D30: =SUM(D31:D33) -> 0 | E30: =SUM(E31:E33) -> 0 | F30: =SUM(F31:F33) -> 0 | G30: =SUM(G31:G33) -> 0 | H30: =SUM(H31:H33) -> 0 | I30: =SUM(I31:I33) -> 0 | J30: =SUM(J31:J33) -> 0 | ... N30: =SUM(N31:N33) -> 0 | O30: =SUM(C30:N30) -> 0
A31: Kranken-, Pflegeversicherung | B31: 1201 | C31: =SUMIFS(Ausg._Liste!$H$4:$H$550,Ausg._Liste!$F$4:$F$550,1201,Ausg._Liste!$G$4:$G$550,1) -> 0 | D31: =SUMIFS(Ausg._Liste!$H$4:$H$550,Ausg._Liste!$F$4:$F$550,1201,Ausg._Liste!$G$4:$G$550,2) -> 0 | E31: =SUMIFS(Ausg._Liste!$H$4:$H$550,Ausg._Liste!$F$4:$F$550,1201,Ausg._Liste!$G$4:$G$550,3) -> 0 | F31: =SUMIFS(Ausg._Liste!$H$4:$H$550,Ausg._Liste!$F$4:$F$550,1201,Ausg._Liste!$G$4:$G$550,4) -> 0 | G31: =SUMIFS(Ausg._Liste!$H$4:$H$550,Ausg._Liste!$F$4:$F$550,1201,Ausg._Liste!$G$4:$G$550,5) -> 0 | H31: =SUMIFS(Ausg._Liste!$H$4:$H$550,Ausg._Liste!$F$4:$F$550,1201,Ausg._Liste!$G$4:$G$550,6) -> 0 | I31: =SUMIFS(Ausg._Liste!$H$4:$H$550,Ausg._Liste!$F$4:$F$550,1201,Ausg._Liste!$G$4:$G$550,7) -> 0 | J31: =SUMIFS(Ausg._Liste!$H$4:$H$550,Ausg._Liste!$F$4:$F$550,1201,Ausg._Liste!$G$4:$G$550,8) -> 0 | K31: =SUMIFS(Ausg._Liste!$H$4:$H$550,Ausg._Liste!$F$4:$F$550,1201,Ausg._Liste!$G$4:$G$550,9) -> 0 | L31: =SUMIFS(Ausg._Liste!$H$4:$H$550,Ausg._Liste!$F$4:$F$550,1201,Ausg._Liste!$G$4:$G$550,10) -> 0 | M31: =SUMIFS(Ausg._Liste!$H$4:$H$550,Ausg._Liste!$F$4:$F$550,1201,Ausg._Liste!$G$4:$G$550,11) -> 0 | N31: =SUMIFS(Ausg._Liste!$H$4:$H$550,Ausg._Liste!$F$4:$F$550,1201,Ausg._Liste!$G$4:$G$550,12) -> 0 | O31: =SUM(C31:N31) -> 0
A32: Unfallversicherung, Berufsgenossenschaft | B32: 1202 | C32: =SUMIFS(Ausg._Liste!$H$4:$H$550,Ausg._Liste!$F$4:$F$550,1202,Ausg._Liste!$G$4:$G$550,1) -> 0 | D32: =SUMIFS(Ausg._Liste!$H$4:$H$550,Ausg._Liste!$F$4:$F$550,1202,Ausg._Liste!$G$4:$G$550,2) -> 0 | E32: =SUMIFS(Ausg._Liste!$H$4:$H$550,Ausg._Liste!$F$4:$F$550,1202,Ausg._Liste!$G$4:$G$550,3) -> 0 | F32: =SUMIFS(Ausg._Liste!$H$4:$H$550,Ausg._Liste!$F$4:$F$550,1202,Ausg._Liste!$G$4:$G$550,4) -> 0 | G32: =SUMIFS(Ausg._Liste!$H$4:$H$550,Ausg._Liste!$F$4:$F$550,1202,Ausg._Liste!$G$4:$G$550,5) -> 0 | H32: =SUMIFS(Ausg._Liste!$H$4:$H$550,Ausg._Liste!$F$4:$F$550,1202,Ausg._Liste!$G$4:$G$550,6) -> 0 | I32: =SUMIFS(Ausg._Liste!$H$4:$H$550,Ausg._Liste!$F$4:$F$550,1202,Ausg._Liste!$G$4:$G$550,7) -> 0 | J32: =SUMIFS(Ausg._Liste!$H$4:$H$550,Ausg._Liste!$F$4:$F$550,1202,Ausg._Liste!$G$4:$G$550,8) -> 0 | K32: =SUMIFS(Ausg._Liste!$H$4:$H$550,Ausg._Liste!$F$4:$F$550,1202,Ausg._Liste!$G$4:$G$550,9) -> 0 | L32: =SUMIFS(Ausg._Liste!$H$4:$H$550,Ausg._Liste!$F$4:$F$550,1202,Ausg._Liste!$G$4:$G$550,10) -> 0 | M32: =SUMIFS(Ausg._Liste!$H$4:$H$550,Ausg._Liste!$F$4:$F$550,1202,Ausg._Liste!$G$4:$G$550,11) -> 0 | N32: =SUMIFS(Ausg._Liste!$H$4:$H$550,Ausg._Liste!$F$4:$F$550,1202,Ausg._Liste!$G$4:$G$550,12) -> 0 | O32: =SUM(C32:N32) -> 0
A33: Sonstige: BU, Hausrat, Haftpflicht, Rechtsschutz… | B33: 1203 | C33: =SUMIFS(Ausg._Liste!$H$4:$H$550,Ausg._Liste!$F$4:$F$550,1203,Ausg._Liste!$G$4:$G$550,1) -> 0 | D33: =SUMIFS(Ausg._Liste!$H$4:$H$550,Ausg._Liste!$F$4:$F$550,1203,Ausg._Liste!$G$4:$G$550,2) -> 0 | E33: =SUMIFS(Ausg._Liste!$H$4:$H$550,Ausg._Liste!$F$4:$F$550,1203,Ausg._Liste!$G$4:$G$550,3) -> 0 | F33: =SUMIFS(Ausg._Liste!$H$4:$H$550,Ausg._Liste!$F$4:$F$550,1203,Ausg._Liste!$G$4:$G$550,4) -> 0 | G33: =SUMIFS(Ausg._Liste!$H$4:$H$550,Ausg._Liste!$F$4:$F$550,1203,Ausg._Liste!$G$4:$G$550,5) -> 0 | H33: =SUMIFS(Ausg._Liste!$H$4:$H$550,Ausg._Liste!$F$4:$F$550,1203,Ausg._Liste!$G$4:$G$550,6) -> 0 | I33: =SUMIFS(Ausg._Liste!$H$4:$H$550,Ausg._Liste!$F$4:$F$550,1203,Ausg._Liste!$G$4:$G$550,7) -> 0 | J33: =SUMIFS(Ausg._Liste!$H$4:$H$550,Ausg._Liste!$F$4:$F$550,1203,Ausg._Liste!$G$4:$G$550,8) -> 0 | K33: =SUMIFS(Ausg._Liste!$H$4:$H$550,Ausg._Liste!$F$4:$F$550,1203,Ausg._Liste!$G$4:$G$550,9) -> 0 | L33: =SUMIFS(Ausg._Liste!$H$4:$H$550,Ausg._Liste!$F$4:$F$550,1203,Ausg._Liste!$G$4:$G$550,10) -> 0 | M33: =SUMIFS(Ausg._Liste!$H$4:$H$550,Ausg._Liste!$F$4:$F$550,1203,Ausg._Liste!$G$4:$G$550,11) -> 0 | N33: =SUMIFS(Ausg._Liste!$H$4:$H$550,Ausg._Liste!$F$4:$F$550,1203,Ausg._Liste!$G$4:$G$550,12) -> 0 | O33: =SUM(C33:N33) -> 0
A34: Vermögensbildung | B34: 1300 | C34: =SUM(C35:C38) -> 0 | D34: =SUM(D35:D38) -> 0 | E34: =SUM(E35:E38) -> 0 | F34: =SUM(F35:F38) -> 0 | G34: =SUM(G35:G38) -> 0 | H34: =SUM(H35:H38) -> 0 | I34: =SUM(I35:I38) -> 0 | J34: =SUM(J35:J38) -> 0 | ... N34: =SUM(N35:N38) -> 0 | O34: =SUM(C34:N34) -> 0
A35: Kapitalbildende Lv´en | B35: 1301 | C35: =SUMIFS(Ausg._Liste!$H$4:$H$550,Ausg._Liste!$F$4:$F$550,1301,Ausg._Liste!$G$4:$G$550,1) -> 0 | D35: =SUMIFS(Ausg._Liste!$H$4:$H$550,Ausg._Liste!$F$4:$F$550,1301,Ausg._Liste!$G$4:$G$550,2) -> 0 | E35: =SUMIFS(Ausg._Liste!$H$4:$H$550,Ausg._Liste!$F$4:$F$550,1301,Ausg._Liste!$G$4:$G$550,3) -> 0 | F35: =SUMIFS(Ausg._Liste!$H$4:$H$550,Ausg._Liste!$F$4:$F$550,1301,Ausg._Liste!$G$4:$G$550,4) -> 0 | G35: =SUMIFS(Ausg._Liste!$H$4:$H$550,Ausg._Liste!$F$4:$F$550,1301,Ausg._Liste!$G$4:$G$550,5) -> 0 | H35: =SUMIFS(Ausg._Liste!$H$4:$H$550,Ausg._Liste!$F$4:$F$550,1301,Ausg._Liste!$G$4:$G$550,6) -> 0 | I35: =SUMIFS(Ausg._Liste!$H$4:$H$550,Ausg._Liste!$F$4:$F$550,1301,Ausg._Liste!$G$4:$G$550,7) -> 0 | J35: =SUMIFS(Ausg._Liste!$H$4:$H$550,Ausg._Liste!$F$4:$F$550,1301,Ausg._Liste!$G$4:$G$550,8) -> 0 | K35: =SUMIFS(Ausg._Liste!$H$4:$H$550,Ausg._Liste!$F$4:$F$550,1301,Ausg._Liste!$G$4:$G$550,9) -> 0 | L35: =SUMIFS(Ausg._Liste!$H$4:$H$550,Ausg._Liste!$F$4:$F$550,1301,Ausg._Liste!$G$4:$G$550,10) -> 0 | M35: =SUMIFS(Ausg._Liste!$H$4:$H$550,Ausg._Liste!$F$4:$F$550,1301,Ausg._Liste!$G$4:$G$550,11) -> 0 | N35: =SUMIFS(Ausg._Liste!$H$4:$H$550,Ausg._Liste!$F$4:$F$550,1301,Ausg._Liste!$G$4:$G$550,12) -> 0 | O35: =SUM(C35:N35) -> 0
A36: Rentenversicherung | B36: 1302 | C36: =SUMIFS(Ausg._Liste!$H$4:$H$550,Ausg._Liste!$F$4:$F$550,1302,Ausg._Liste!$G$4:$G$550,1) -> 0 | D36: =SUMIFS(Ausg._Liste!$H$4:$H$550,Ausg._Liste!$F$4:$F$550,1302,Ausg._Liste!$G$4:$G$550,2) -> 0 | E36: =SUMIFS(Ausg._Liste!$H$4:$H$550,Ausg._Liste!$F$4:$F$550,1302,Ausg._Liste!$G$4:$G$550,3) -> 0 | F36: =SUMIFS(Ausg._Liste!$H$4:$H$550,Ausg._Liste!$F$4:$F$550,1302,Ausg._Liste!$G$4:$G$550,4) -> 0 | G36: =SUMIFS(Ausg._Liste!$H$4:$H$550,Ausg._Liste!$F$4:$F$550,1302,Ausg._Liste!$G$4:$G$550,5) -> 0 | H36: =SUMIFS(Ausg._Liste!$H$4:$H$550,Ausg._Liste!$F$4:$F$550,1302,Ausg._Liste!$G$4:$G$550,6) -> 0 | I36: =SUMIFS(Ausg._Liste!$H$4:$H$550,Ausg._Liste!$F$4:$F$550,1302,Ausg._Liste!$G$4:$G$550,7) -> 0 | J36: =SUMIFS(Ausg._Liste!$H$4:$H$550,Ausg._Liste!$F$4:$F$550,1302,Ausg._Liste!$G$4:$G$550,8) -> 0 | K36: =SUMIFS(Ausg._Liste!$H$4:$H$550,Ausg._Liste!$F$4:$F$550,1302,Ausg._Liste!$G$4:$G$550,9) -> 0 | L36: =SUMIFS(Ausg._Liste!$H$4:$H$550,Ausg._Liste!$F$4:$F$550,1302,Ausg._Liste!$G$4:$G$550,10) -> 0 | M36: =SUMIFS(Ausg._Liste!$H$4:$H$550,Ausg._Liste!$F$4:$F$550,1302,Ausg._Liste!$G$4:$G$550,11) -> 0 | N36: =SUMIFS(Ausg._Liste!$H$4:$H$550,Ausg._Liste!$F$4:$F$550,1302,Ausg._Liste!$G$4:$G$550,12) -> 0 | O36: =SUM(C36:N36) -> 0
A37: Sparverträge | B37: 1303 | C37: =SUMIFS(Ausg._Liste!$H$4:$H$550,Ausg._Liste!$F$4:$F$550,1303,Ausg._Liste!$G$4:$G$550,1) -> 0 | D37: =SUMIFS(Ausg._Liste!$H$4:$H$550,Ausg._Liste!$F$4:$F$550,1303,Ausg._Liste!$G$4:$G$550,2) -> 0 | E37: =SUMIFS(Ausg._Liste!$H$4:$H$550,Ausg._Liste!$F$4:$F$550,1303,Ausg._Liste!$G$4:$G$550,3) -> 0 | F37: =SUMIFS(Ausg._Liste!$H$4:$H$550,Ausg._Liste!$F$4:$F$550,1303,Ausg._Liste!$G$4:$G$550,4) -> 0 | G37: =SUMIFS(Ausg._Liste!$H$4:$H$550,Ausg._Liste!$F$4:$F$550,1303,Ausg._Liste!$G$4:$G$550,5) -> 0 | H37: =SUMIFS(Ausg._Liste!$H$4:$H$550,Ausg._Liste!$F$4:$F$550,1303,Ausg._Liste!$G$4:$G$550,6) -> 0 | I37: =SUMIFS(Ausg._Liste!$H$4:$H$550,Ausg._Liste!$F$4:$F$550,1303,Ausg._Liste!$G$4:$G$550,7) -> 0 | J37: =SUMIFS(Ausg._Liste!$H$4:$H$550,Ausg._Liste!$F$4:$F$550,1303,Ausg._Liste!$G$4:$G$550,8) -> 0 | K37: =SUMIFS(Ausg._Liste!$H$4:$H$550,Ausg._Liste!$F$4:$F$550,1303,Ausg._Liste!$G$4:$G$550,9) -> 0 | L37: =SUMIFS(Ausg._Liste!$H$4:$H$550,Ausg._Liste!$F$4:$F$550,1303,Ausg._Liste!$G$4:$G$550,10) -> 0 | M37: =SUMIFS(Ausg._Liste!$H$4:$H$550,Ausg._Liste!$F$4:$F$550,1303,Ausg._Liste!$G$4:$G$550,11) -> 0 | N37: =SUMIFS(Ausg._Liste!$H$4:$H$550,Ausg._Liste!$F$4:$F$550,1303,Ausg._Liste!$G$4:$G$550,12) -> 0 | O37: =SUM(C37:N37) -> 0
A38: Wertpapiere | B38: 1304 | C38: =SUMIFS(Ausg._Liste!$H$4:$H$550,Ausg._Liste!$F$4:$F$550,1304,Ausg._Liste!$G$4:$G$550,1) -> 0 | D38: =SUMIFS(Ausg._Liste!$H$4:$H$550,Ausg._Liste!$F$4:$F$550,1304,Ausg._Liste!$G$4:$G$550,2) -> 0 | E38: =SUMIFS(Ausg._Liste!$H$4:$H$550,Ausg._Liste!$F$4:$F$550,1304,Ausg._Liste!$G$4:$G$550,3) -> 0 | F38: =SUMIFS(Ausg._Liste!$H$4:$H$550,Ausg._Liste!$F$4:$F$550,1304,Ausg._Liste!$G$4:$G$550,4) -> 0 | G38: =SUMIFS(Ausg._Liste!$H$4:$H$550,Ausg._Liste!$F$4:$F$550,1304,Ausg._Liste!$G$4:$G$550,5) -> 0 | H38: =SUMIFS(Ausg._Liste!$H$4:$H$550,Ausg._Liste!$F$4:$F$550,1304,Ausg._Liste!$G$4:$G$550,6) -> 0 | I38: =SUMIFS(Ausg._Liste!$H$4:$H$550,Ausg._Liste!$F$4:$F$550,1304,Ausg._Liste!$G$4:$G$550,7) -> 0 | J38: =SUMIFS(Ausg._Liste!$H$4:$H$550,Ausg._Liste!$F$4:$F$550,1304,Ausg._Liste!$G$4:$G$550,8) -> 0 | K38: =SUMIFS(Ausg._Liste!$H$4:$H$550,Ausg._Liste!$F$4:$F$550,1304,Ausg._Liste!$G$4:$G$550,9) -> 0 | L38: =SUMIFS(Ausg._Liste!$H$4:$H$550,Ausg._Liste!$F$4:$F$550,1304,Ausg._Liste!$G$4:$G$550,10) -> 0 | M38: =SUMIFS(Ausg._Liste!$H$4:$H$550,Ausg._Liste!$F$4:$F$550,1304,Ausg._Liste!$G$4:$G$550,11) -> 0 | N38: =SUMIFS(Ausg._Liste!$H$4:$H$550,Ausg._Liste!$F$4:$F$550,1304,Ausg._Liste!$G$4:$G$550,12) -> 0 | O38: =SUM(C38:N38) -> 0
A39: Verbindlichkeiten | B39: 1400 | C39: =SUM(C40:C46) -> 0 | D39: =SUM(D40:D46) -> 0 | E39: =SUM(E40:E46) -> 0 | F39: =SUM(F40:F46) -> 0 | G39: =SUM(G40:G46) -> 0 | H39: =SUM(H40:H46) -> 0 | I39: =SUM(I40:I46) -> 0 | J39: =SUM(J40:J46) -> 0 | ... N39: =SUM(N40:N46) -> 0 | O39: =SUM(C39:N39) -> 0
A40: Dispokredit | B40: 1401 | C40: =SUMIFS(Ausg._Liste!$H$4:$H$550,Ausg._Liste!$F$4:$F$550,1401,Ausg._Liste!$G$4:$G$550,1) -> 0 | D40: =SUMIFS(Ausg._Liste!$H$4:$H$550,Ausg._Liste!$F$4:$F$550,1401,Ausg._Liste!$G$4:$G$550,2) -> 0 | E40: =SUMIFS(Ausg._Liste!$H$4:$H$550,Ausg._Liste!$F$4:$F$550,1401,Ausg._Liste!$G$4:$G$550,3) -> 0 | F40: =SUMIFS(Ausg._Liste!$H$4:$H$550,Ausg._Liste!$F$4:$F$550,1401,Ausg._Liste!$G$4:$G$550,4) -> 0 | G40: =SUMIFS(Ausg._Liste!$H$4:$H$550,Ausg._Liste!$F$4:$F$550,1401,Ausg._Liste!$G$4:$G$550,5) -> 0 | H40: =SUMIFS(Ausg._Liste!$H$4:$H$550,Ausg._Liste!$F$4:$F$550,1401,Ausg._Liste!$G$4:$G$550,6) -> 0 | I40: =SUMIFS(Ausg._Liste!$H$4:$H$550,Ausg._Liste!$F$4:$F$550,1401,Ausg._Liste!$G$4:$G$550,7) -> 0 | J40: =SUMIFS(Ausg._Liste!$H$4:$H$550,Ausg._Liste!$F$4:$F$550,1401,Ausg._Liste!$G$4:$G$550,8) -> 0 | K40: =SUMIFS(Ausg._Liste!$H$4:$H$550,Ausg._Liste!$F$4:$F$550,1401,Ausg._Liste!$G$4:$G$550,9) -> 0 | L40: =SUMIFS(Ausg._Liste!$H$4:$H$550,Ausg._Liste!$F$4:$F$550,1401,Ausg._Liste!$G$4:$G$550,10) -> 0 | M40: =SUMIFS(Ausg._Liste!$H$4:$H$550,Ausg._Liste!$F$4:$F$550,1401,Ausg._Liste!$G$4:$G$550,11) -> 0 | N40: =SUMIFS(Ausg._Liste!$H$4:$H$550,Ausg._Liste!$F$4:$F$550,1401,Ausg._Liste!$G$4:$G$550,12) -> 0 | O40: =SUM(C40:N40) -> 0
A41: Ratenkredit | B41: 1402 | C41: =SUMIFS(Ausg._Liste!$H$4:$H$550,Ausg._Liste!$F$4:$F$550,1402,Ausg._Liste!$G$4:$G$550,1) -> 0 | D41: =SUMIFS(Ausg._Liste!$H$4:$H$550,Ausg._Liste!$F$4:$F$550,1402,Ausg._Liste!$G$4:$G$550,2) -> 0 | E41: =SUMIFS(Ausg._Liste!$H$4:$H$550,Ausg._Liste!$F$4:$F$550,1402,Ausg._Liste!$G$4:$G$550,3) -> 0 | F41: =SUMIFS(Ausg._Liste!$H$4:$H$550,Ausg._Liste!$F$4:$F$550,1402,Ausg._Liste!$G$4:$G$550,4) -> 0 | G41: =SUMIFS(Ausg._Liste!$H$4:$H$550,Ausg._Liste!$F$4:$F$550,1402,Ausg._Liste!$G$4:$G$550,5) -> 0 | H41: =SUMIFS(Ausg._Liste!$H$4:$H$550,Ausg._Liste!$F$4:$F$550,1402,Ausg._Liste!$G$4:$G$550,6) -> 0 | I41: =SUMIFS(Ausg._Liste!$H$4:$H$550,Ausg._Liste!$F$4:$F$550,1402,Ausg._Liste!$G$4:$G$550,7) -> 0 | J41: =SUMIFS(Ausg._Liste!$H$4:$H$550,Ausg._Liste!$F$4:$F$550,1402,Ausg._Liste!$G$4:$G$550,8) -> 0 | K41: =SUMIFS(Ausg._Liste!$H$4:$H$550,Ausg._Liste!$F$4:$F$550,1402,Ausg._Liste!$G$4:$G$550,9) -> 0 | L41: =SUMIFS(Ausg._Liste!$H$4:$H$550,Ausg._Liste!$F$4:$F$550,1402,Ausg._Liste!$G$4:$G$550,10) -> 0 | M41: =SUMIFS(Ausg._Liste!$H$4:$H$550,Ausg._Liste!$F$4:$F$550,1402,Ausg._Liste!$G$4:$G$550,11) -> 0 | N41: =SUMIFS(Ausg._Liste!$H$4:$H$550,Ausg._Liste!$F$4:$F$550,1402,Ausg._Liste!$G$4:$G$550,12) -> 0 | O41: =SUM(C41:N41) -> 0
A42: ADAC-Kfz.-Kredit | B42: 1403 | C42: =SUMIFS(Ausg._Liste!$H$4:$H$550,Ausg._Liste!$F$4:$F$550,1403,Ausg._Liste!$G$4:$G$550,1) -> 0 | D42: =SUMIFS(Ausg._Liste!$H$4:$H$550,Ausg._Liste!$F$4:$F$550,1403,Ausg._Liste!$G$4:$G$550,2) -> 0 | E42: =SUMIFS(Ausg._Liste!$H$4:$H$550,Ausg._Liste!$F$4:$F$550,1403,Ausg._Liste!$G$4:$G$550,3) -> 0 | F42: =SUMIFS(Ausg._Liste!$H$4:$H$550,Ausg._Liste!$F$4:$F$550,1403,Ausg._Liste!$G$4:$G$550,4) -> 0 | G42: =SUMIFS(Ausg._Liste!$H$4:$H$550,Ausg._Liste!$F$4:$F$550,1403,Ausg._Liste!$G$4:$G$550,5) -> 0 | H42: =SUMIFS(Ausg._Liste!$H$4:$H$550,Ausg._Liste!$F$4:$F$550,1403,Ausg._Liste!$G$4:$G$550,6) -> 0 | I42: =SUMIFS(Ausg._Liste!$H$4:$H$550,Ausg._Liste!$F$4:$F$550,1403,Ausg._Liste!$G$4:$G$550,7) -> 0 | J42: =SUMIFS(Ausg._Liste!$H$4:$H$550,Ausg._Liste!$F$4:$F$550,1403,Ausg._Liste!$G$4:$G$550,8) -> 0 | K42: =SUMIFS(Ausg._Liste!$H$4:$H$550,Ausg._Liste!$F$4:$F$550,1403,Ausg._Liste!$G$4:$G$550,9) -> 0 | L42: =SUMIFS(Ausg._Liste!$H$4:$H$550,Ausg._Liste!$F$4:$F$550,1403,Ausg._Liste!$G$4:$G$550,10) -> 0 | M42: =SUMIFS(Ausg._Liste!$H$4:$H$550,Ausg._Liste!$F$4:$F$550,1403,Ausg._Liste!$G$4:$G$550,11) -> 0 | N42: =SUMIFS(Ausg._Liste!$H$4:$H$550,Ausg._Liste!$F$4:$F$550,1403,Ausg._Liste!$G$4:$G$550,12) -> 0 | O42: =SUM(C42:N42) -> 0
A43: Beleihung LV | B43: 1404 | C43: =SUMIFS(Ausg._Liste!$H$4:$H$550,Ausg._Liste!$F$4:$F$550,1404,Ausg._Liste!$G$4:$G$550,1) -> 0 | D43: =SUMIFS(Ausg._Liste!$H$4:$H$550,Ausg._Liste!$F$4:$F$550,1404,Ausg._Liste!$G$4:$G$550,2) -> 0 | E43: =SUMIFS(Ausg._Liste!$H$4:$H$550,Ausg._Liste!$F$4:$F$550,1404,Ausg._Liste!$G$4:$G$550,3) -> 0 | F43: =SUMIFS(Ausg._Liste!$H$4:$H$550,Ausg._Liste!$F$4:$F$550,1404,Ausg._Liste!$G$4:$G$550,4) -> 0 | G43: =SUMIFS(Ausg._Liste!$H$4:$H$550,Ausg._Liste!$F$4:$F$550,1404,Ausg._Liste!$G$4:$G$550,5) -> 0 | H43: =SUMIFS(Ausg._Liste!$H$4:$H$550,Ausg._Liste!$F$4:$F$550,1404,Ausg._Liste!$G$4:$G$550,6) -> 0 | I43: =SUMIFS(Ausg._Liste!$H$4:$H$550,Ausg._Liste!$F$4:$F$550,1404,Ausg._Liste!$G$4:$G$550,7) -> 0 | J43: =SUMIFS(Ausg._Liste!$H$4:$H$550,Ausg._Liste!$F$4:$F$550,1404,Ausg._Liste!$G$4:$G$550,8) -> 0 | K43: =SUMIFS(Ausg._Liste!$H$4:$H$550,Ausg._Liste!$F$4:$F$550,1404,Ausg._Liste!$G$4:$G$550,9) -> 0 | L43: =SUMIFS(Ausg._Liste!$H$4:$H$550,Ausg._Liste!$F$4:$F$550,1404,Ausg._Liste!$G$4:$G$550,10) -> 0 | M43: =SUMIFS(Ausg._Liste!$H$4:$H$550,Ausg._Liste!$F$4:$F$550,1404,Ausg._Liste!$G$4:$G$550,11) -> 0 | N43: =SUMIFS(Ausg._Liste!$H$4:$H$550,Ausg._Liste!$F$4:$F$550,1404,Ausg._Liste!$G$4:$G$550,12) -> 0 | O43: =SUM(C43:N43) -> 0
A44: Bausparkredit Wüstenrot | B44: 1405 | C44: =SUMIFS(Ausg._Liste!$H$4:$H$550,Ausg._Liste!$F$4:$F$550,1405,Ausg._Liste!$G$4:$G$550,1) -> 0 | D44: =SUMIFS(Ausg._Liste!$H$4:$H$550,Ausg._Liste!$F$4:$F$550,1405,Ausg._Liste!$G$4:$G$550,2) -> 0 | E44: =SUMIFS(Ausg._Liste!$H$4:$H$550,Ausg._Liste!$F$4:$F$550,1405,Ausg._Liste!$G$4:$G$550,3) -> 0 | F44: =SUMIFS(Ausg._Liste!$H$4:$H$550,Ausg._Liste!$F$4:$F$550,1405,Ausg._Liste!$G$4:$G$550,4) -> 0 | G44: =SUMIFS(Ausg._Liste!$H$4:$H$550,Ausg._Liste!$F$4:$F$550,1405,Ausg._Liste!$G$4:$G$550,5) -> 0 | H44: =SUMIFS(Ausg._Liste!$H$4:$H$550,Ausg._Liste!$F$4:$F$550,1405,Ausg._Liste!$G$4:$G$550,6) -> 0 | I44: =SUMIFS(Ausg._Liste!$H$4:$H$550,Ausg._Liste!$F$4:$F$550,1405,Ausg._Liste!$G$4:$G$550,7) -> 0 | J44: =SUMIFS(Ausg._Liste!$H$4:$H$550,Ausg._Liste!$F$4:$F$550,1405,Ausg._Liste!$G$4:$G$550,8) -> 0 | K44: =SUMIFS(Ausg._Liste!$H$4:$H$550,Ausg._Liste!$F$4:$F$550,1405,Ausg._Liste!$G$4:$G$550,9) -> 0 | L44: =SUMIFS(Ausg._Liste!$H$4:$H$550,Ausg._Liste!$F$4:$F$550,1405,Ausg._Liste!$G$4:$G$550,10) -> 0 | M44: =SUMIFS(Ausg._Liste!$H$4:$H$550,Ausg._Liste!$F$4:$F$550,1405,Ausg._Liste!$G$4:$G$550,11) -> 0 | N44: =SUMIFS(Ausg._Liste!$H$4:$H$550,Ausg._Liste!$F$4:$F$550,1405,Ausg._Liste!$G$4:$G$550,12) -> 0 | O44: =SUM(C44:N44) -> 0
A45: Gewinnspiele (Fernsehlotterie, PS-Sparen) | B45: 1406 | C45: =SUMIFS(Ausg._Liste!$H$4:$H$550,Ausg._Liste!$F$4:$F$550,1406,Ausg._Liste!$G$4:$G$550,1) -> 0 | D45: =SUMIFS(Ausg._Liste!$H$4:$H$550,Ausg._Liste!$F$4:$F$550,1406,Ausg._Liste!$G$4:$G$550,2) -> 0 | E45: =SUMIFS(Ausg._Liste!$H$4:$H$550,Ausg._Liste!$F$4:$F$550,1406,Ausg._Liste!$G$4:$G$550,3) -> 0 | F45: =SUMIFS(Ausg._Liste!$H$4:$H$550,Ausg._Liste!$F$4:$F$550,1406,Ausg._Liste!$G$4:$G$550,4) -> 0 | G45: =SUMIFS(Ausg._Liste!$H$4:$H$550,Ausg._Liste!$F$4:$F$550,1406,Ausg._Liste!$G$4:$G$550,5) -> 0 | H45: =SUMIFS(Ausg._Liste!$H$4:$H$550,Ausg._Liste!$F$4:$F$550,1406,Ausg._Liste!$G$4:$G$550,6) -> 0 | I45: =SUMIFS(Ausg._Liste!$H$4:$H$550,Ausg._Liste!$F$4:$F$550,1406,Ausg._Liste!$G$4:$G$550,7) -> 0 | J45: =SUMIFS(Ausg._Liste!$H$4:$H$550,Ausg._Liste!$F$4:$F$550,1406,Ausg._Liste!$G$4:$G$550,8) -> 0 | K45: =SUMIFS(Ausg._Liste!$H$4:$H$550,Ausg._Liste!$F$4:$F$550,1406,Ausg._Liste!$G$4:$G$550,9) -> 0 | L45: =SUMIFS(Ausg._Liste!$H$4:$H$550,Ausg._Liste!$F$4:$F$550,1406,Ausg._Liste!$G$4:$G$550,10) -> 0 | M45: =SUMIFS(Ausg._Liste!$H$4:$H$550,Ausg._Liste!$F$4:$F$550,1406,Ausg._Liste!$G$4:$G$550,11) -> 0 | N45: =SUMIFS(Ausg._Liste!$H$4:$H$550,Ausg._Liste!$F$4:$F$550,1406,Ausg._Liste!$G$4:$G$550,12) -> 0 | O45: =SUM(C45:N45) -> 0
A46: Kreditkarte | B46: 1407 | C46: =SUMIFS(Ausg._Liste!$H$4:$H$550,Ausg._Liste!$F$4:$F$550,1407,Ausg._Liste!$G$4:$G$550,1) -> 0 | D46: =SUMIFS(Ausg._Liste!$H$4:$H$550,Ausg._Liste!$F$4:$F$550,1407,Ausg._Liste!$G$4:$G$550,2) -> 0 | E46: =SUMIFS(Ausg._Liste!$H$4:$H$550,Ausg._Liste!$F$4:$F$550,1407,Ausg._Liste!$G$4:$G$550,3) -> 0 | F46: =SUMIFS(Ausg._Liste!$H$4:$H$550,Ausg._Liste!$F$4:$F$550,1407,Ausg._Liste!$G$4:$G$550,4) -> 0 | G46: =SUMIFS(Ausg._Liste!$H$4:$H$550,Ausg._Liste!$F$4:$F$550,1407,Ausg._Liste!$G$4:$G$550,5) -> 0 | H46: =SUMIFS(Ausg._Liste!$H$4:$H$550,Ausg._Liste!$F$4:$F$550,1407,Ausg._Liste!$G$4:$G$550,6) -> 0 | I46: =SUMIFS(Ausg._Liste!$H$4:$H$550,Ausg._Liste!$F$4:$F$550,1407,Ausg._Liste!$G$4:$G$550,7) -> 0 | J46: =SUMIFS(Ausg._Liste!$H$4:$H$550,Ausg._Liste!$F$4:$F$550,1407,Ausg._Liste!$G$4:$G$550,8) -> 0 | K46: =SUMIFS(Ausg._Liste!$H$4:$H$550,Ausg._Liste!$F$4:$F$550,1407,Ausg._Liste!$G$4:$G$550,9) -> 0 | L46: =SUMIFS(Ausg._Liste!$H$4:$H$550,Ausg._Liste!$F$4:$F$550,1407,Ausg._Liste!$G$4:$G$550,10) -> 0 | M46: =SUMIFS(Ausg._Liste!$H$4:$H$550,Ausg._Liste!$F$4:$F$550,1407,Ausg._Liste!$G$4:$G$550,11) -> 0 | N46: =SUMIFS(Ausg._Liste!$H$4:$H$550,Ausg._Liste!$F$4:$F$550,1407,Ausg._Liste!$G$4:$G$550,12) -> 0 | O46: =SUM(C46:N46) -> 0

Sheet Veränderliche Ausgaben
A1: Veränderliche Ausgaben | B1: Sa.: | C1: =SUM(C3,C7,C14,C19,C25,C29,C32,C36,C43,C46) -> 0 | D1: =SUM(D3,D7,D14,D19,D25,D29,D32,D36,D43,D46) -> 0 | E1: =SUM(E3,E7,E14,E19,E25,E29,E32,E36,E43,E46) -> 0 | F1: =SUM(F3,F7,F14,F19,F25,F29,F32,F36,F43,F46) -> 0 | G1: =SUM(G3,G7,G14,G19,G25,G29,G32,G36,G43,G46) -> 0 | H1: =SUM(H3,H7,H14,H19,H25,H29,H32,H36,H43,H46) -> 0 | I1: =SUM(I3,I7,I14,I19,I25,I29,I32,I36,I43,I46) -> 0 | J1: =SUM(J3,J7,J14,J19,J25,J29,J32,J36,J43,J46) -> 0 | ... O1: =SUM(O3,O7,O14,O19,O25,O29,O32,O36,O43,O46) -> 0 | P1: Datum | Q1: =TODAY() -> 43579 | R1: Ø je Monat
B2: Kostenstelle | C2: Januar | D2: Februar | E2: März | F2: April | G2: Mai | H2: Juni | I2: Juli | J2: August | K2: September | L2: Oktober | M2: November | N2: Dezember | O2: Gesamt | P2: Lfd. Monat | Q2: =MONTH(Q1) -> 4 | R2: =O1/Q2 -> 0
A3: Wohnen | B3: 200 | C3: =SUM(C4:C6) -> 0 | D3: =SUM(D4:D6) -> 0 | E3: =SUM(E4:E6) -> 0 | F3: =SUM(F4:F6) -> 0 | G3: =SUM(G4:G6) -> 0 | H3: =SUM(H4:H6) -> 0 | I3: =SUM(I4:I6) -> 0 | J3: =SUM(J4:J6) -> 0 | ... O3: =SUM(O4:O6) -> 0
A4: Schönheitsreperaturen | B4: 208 | C4: =SUMIFS(Ausg._Liste!$H$4:$H$550,Ausg._Liste!$F$4:$F$550,208,Ausg._Liste!$G$4:$G$550,1) -> 0 | D4: =SUMIFS(Ausg._Liste!$H$4:$H$550,Ausg._Liste!$F$4:$F$550,208,Ausg._Liste!$G$4:$G$550,2) -> 0 | E4: =SUMIFS(Ausg._Liste!$H$4:$H$550,Ausg._Liste!$F$4:$F$550,208,Ausg._Liste!$G$4:$G$550,3) -> 0 | F4: =SUMIFS(Ausg._Liste!$H$4:$H$550,Ausg._Liste!$F$4:$F$550,208,Ausg._Liste!$G$4:$G$550,4) -> 0 | G4: =SUMIFS(Ausg._Liste!$H$4:$H$550,Ausg._Liste!$F$4:$F$550,208,Ausg._Liste!$G$4:$G$550,5) -> 0 | H4: =SUMIFS(Ausg._Liste!$H$4:$H$550,Ausg._Liste!$F$4:$F$550,208,Ausg._Liste!$G$4:$G$550,6) -> 0 | I4: =SUMIFS(Ausg._Liste!$H$4:$H$550,Ausg._Liste!$F$4:$F$550,208,Ausg._Liste!$G$4:$G$550,7) -> 0 | J4: =SUMIFS(Ausg._Liste!$H$4:$H$550,Ausg._Liste!$F$4:$F$550,208,Ausg._Liste!$G$4:$G$550,8) -> 0 | K4: =SUMIFS(Ausg._Liste!$H$4:$H$550,Ausg._Liste!$F$4:$F$550,208,Ausg._Liste!$G$4:$G$550,9) -> 0 | L4: =SUMIFS(Ausg._Liste!$H$4:$H$550,Ausg._Liste!$F$4:$F$550,208,Ausg._Liste!$G$4:$G$550,10) -> 0 | M4: =SUMIFS(Ausg._Liste!$H$4:$H$550,Ausg._Liste!$F$4:$F$550,208,Ausg._Liste!$G$4:$G$550,11) -> 0 | N4: =SUMIFS(Ausg._Liste!$H$4:$H$550,Ausg._Liste!$F$4:$F$550,208,Ausg._Liste!$G$4:$G$550,12) -> 0 | O4: =SUM(C4:N4) -> 0
A5: Instandsetzung | B5: 209 | C5: =SUMIFS(Ausg._Liste!$H$4:$H$550,Ausg._Liste!$F$4:$F$550,209,Ausg._Liste!$G$4:$G$550,1) -> 0 | D5: =SUMIFS(Ausg._Liste!$H$4:$H$550,Ausg._Liste!$F$4:$F$550,209,Ausg._Liste!$G$4:$G$550,2) -> 0 | E5: =SUMIFS(Ausg._Liste!$H$4:$H$550,Ausg._Liste!$F$4:$F$550,209,Ausg._Liste!$G$4:$G$550,3) -> 0 | F5: =SUMIFS(Ausg._Liste!$H$4:$H$550,Ausg._Liste!$F$4:$F$550,209,Ausg._Liste!$G$4:$G$550,4) -> 0 | G5: =SUMIFS(Ausg._Liste!$H$4:$H$550,Ausg._Liste!$F$4:$F$550,209,Ausg._Liste!$G$4:$G$550,5) -> 0 | H5: =SUMIFS(Ausg._Liste!$H$4:$H$550,Ausg._Liste!$F$4:$F$550,209,Ausg._Liste!$G$4:$G$550,6) -> 0 | I5: =SUMIFS(Ausg._Liste!$H$4:$H$550,Ausg._Liste!$F$4:$F$550,209,Ausg._Liste!$G$4:$G$550,7) -> 0 | J5: =SUMIFS(Ausg._Liste!$H$4:$H$550,Ausg._Liste!$F$4:$F$550,209,Ausg._Liste!$G$4:$G$550,8) -> 0 | K5: =SUMIFS(Ausg._Liste!$H$4:$H$550,Ausg._Liste!$F$4:$F$550,209,Ausg._Liste!$G$4:$G$550,9) -> 0 | L5: =SUMIFS(Ausg._Liste!$H$4:$H$550,Ausg._Liste!$F$4:$F$550,209,Ausg._Liste!$G$4:$G$550,10) -> 0 | M5: =SUMIFS(Ausg._Liste!$H$4:$H$550,Ausg._Liste!$F$4:$F$550,209,Ausg._Liste!$G$4:$G$550,11) -> 0 | N5: =SUMIFS(Ausg._Liste!$H$4:$H$550,Ausg._Liste!$F$4:$F$550,209,Ausg._Liste!$G$4:$G$550,12) -> 0 | O5: =SUM(C5:N5) -> 0
A6: Wohnungseinrichtung | B6: 210 | C6: =SUMIFS(Ausg._Liste!$H$4:$H$550,Ausg._Liste!$F$4:$F$550,210,Ausg._Liste!$G$4:$G$550,1) -> 0 | D6: =SUMIFS(Ausg._Liste!$H$4:$H$550,Ausg._Liste!$F$4:$F$550,210,Ausg._Liste!$G$4:$G$550,2) -> 0 | E6: =SUMIFS(Ausg._Liste!$H$4:$H$550,Ausg._Liste!$F$4:$F$550,210,Ausg._Liste!$G$4:$G$550,3) -> 0 | F6: =SUMIFS(Ausg._Liste!$H$4:$H$550,Ausg._Liste!$F$4:$F$550,210,Ausg._Liste!$G$4:$G$550,4) -> 0 | G6: =SUMIFS(Ausg._Liste!$H$4:$H$550,Ausg._Liste!$F$4:$F$550,210,Ausg._Liste!$G$4:$G$550,5) -> 0 | H6: =SUMIFS(Ausg._Liste!$H$4:$H$550,Ausg._Liste!$F$4:$F$550,210,Ausg._Liste!$G$4:$G$550,6) -> 0 | I6: =SUMIFS(Ausg._Liste!$H$4:$H$550,Ausg._Liste!$F$4:$F$550,210,Ausg._Liste!$G$4:$G$550,7) -> 0 | J6: =SUMIFS(Ausg._Liste!$H$4:$H$550,Ausg._Liste!$F$4:$F$550,210,Ausg._Liste!$G$4:$G$550,8) -> 0 | K6: =SUMIFS(Ausg._Liste!$H$4:$H$550,Ausg._Liste!$F$4:$F$550,210,Ausg._Liste!$G$4:$G$550,9) -> 0 | L6: =SUMIFS(Ausg._Liste!$H$4:$H$550,Ausg._Liste!$F$4:$F$550,210,Ausg._Liste!$G$4:$G$550,10) -> 0 | M6: =SUMIFS(Ausg._Liste!$H$4:$H$550,Ausg._Liste!$F$4:$F$550,210,Ausg._Liste!$G$4:$G$550,11) -> 0 | N6: =SUMIFS(Ausg._Liste!$H$4:$H$550,Ausg._Liste!$F$4:$F$550,210,Ausg._Liste!$G$4:$G$550,12) -> 0 | O6: =SUM(C6:N6) -> 0
A7: Hauswirtschaft | B7: 300 | C7: =SUM(C8:C13) -> 0 | D7: =SUM(D8:D13) -> 0 | E7: =SUM(E8:E13) -> 0 | F7: =SUM(F8:F13) -> 0 | G7: =SUM(G8:G13) -> 0 | H7: =SUM(H8:H13) -> 0 | I7: =SUM(I8:I13) -> 0 | J7: =SUM(J8:J13) -> 0 | ... O7: =SUM(O8:O13) -> 0
A8: Hausrat und kleine Geräte | B8: 301 | C8: =SUMIFS(Ausg._Liste!$H$4:$H$550,Ausg._Liste!$F$4:$F$550,301,Ausg._Liste!$G$4:$G$550,1) -> 0 | D8: =SUMIFS(Ausg._Liste!$H$4:$H$550,Ausg._Liste!$F$4:$F$550,301,Ausg._Liste!$G$4:$G$550,2) -> 0 | E8: =SUMIFS(Ausg._Liste!$H$4:$H$550,Ausg._Liste!$F$4:$F$550,301,Ausg._Liste!$G$4:$G$550,3) -> 0 | F8: =SUMIFS(Ausg._Liste!$H$4:$H$550,Ausg._Liste!$F$4:$F$550,301,Ausg._Liste!$G$4:$G$550,4) -> 0 | G8: =SUMIFS(Ausg._Liste!$H$4:$H$550,Ausg._Liste!$F$4:$F$550,301,Ausg._Liste!$G$4:$G$550,5) -> 0 | H8: =SUMIFS(Ausg._Liste!$H$4:$H$550,Ausg._Liste!$F$4:$F$550,301,Ausg._Liste!$G$4:$G$550,6) -> 0 | I8: =SUMIFS(Ausg._Liste!$H$4:$H$550,Ausg._Liste!$F$4:$F$550,301,Ausg._Liste!$G$4:$G$550,7) -> 0 | J8: =SUMIFS(Ausg._Liste!$H$4:$H$550,Ausg._Liste!$F$4:$F$550,301,Ausg._Liste!$G$4:$G$550,8) -> 0 | K8: =SUMIFS(Ausg._Liste!$H$4:$H$550,Ausg._Liste!$F$4:$F$550,301,Ausg._Liste!$G$4:$G$550,9) -> 0 | L8: =SUMIFS(Ausg._Liste!$H$4:$H$550,Ausg._Liste!$F$4:$F$550,301,Ausg._Liste!$G$4:$G$550,10) -> 0 | M8: =SUMIFS(Ausg._Liste!$H$4:$H$550,Ausg._Liste!$F$4:$F$550,301,Ausg._Liste!$G$4:$G$550,11) -> 0 | N8: =SUMIFS(Ausg._Liste!$H$4:$H$550,Ausg._Liste!$F$4:$F$550,301,Ausg._Liste!$G$4:$G$550,12) -> 0 | O8: =SUM(C8:N8) -> 0
A9: Reinigungsmittel | B9: 302 | C9: =SUMIFS(Ausg._Liste!$H$4:$H$550,Ausg._Liste!$F$4:$F$550,302,Ausg._Liste!$G$4:$G$550,1) -> 0 | D9: =SUMIFS(Ausg._Liste!$H$4:$H$550,Ausg._Liste!$F$4:$F$550,302,Ausg._Liste!$G$4:$G$550,2) -> 0 | E9: =SUMIFS(Ausg._Liste!$H$4:$H$550,Ausg._Liste!$F$4:$F$550,302,Ausg._Liste!$G$4:$G$550,3) -> 0 | F9: =SUMIFS(Ausg._Liste!$H$4:$H$550,Ausg._Liste!$F$4:$F$550,302,Ausg._Liste!$G$4:$G$550,4) -> 0 | G9: =SUMIFS(Ausg._Liste!$H$4:$H$550,Ausg._Liste!$F$4:$F$550,302,Ausg._Liste!$G$4:$G$550,5) -> 0 | H9: =SUMIFS(Ausg._Liste!$H$4:$H$550,Ausg._Liste!$F$4:$F$550,302,Ausg._Liste!$G$4:$G$550,6) -> 0 | I9: =SUMIFS(Ausg._Liste!$H$4:$H$550,Ausg._Liste!$F$4:$F$550,302,Ausg._Liste!$G$4:$G$550,7) -> 0 | J9: =SUMIFS(Ausg._Liste!$H$4:$H$550,Ausg._Liste!$F$4:$F$550,302,Ausg._Liste!$G$4:$G$550,8) -> 0 | K9: =SUMIFS(Ausg._Liste!$H$4:$H$550,Ausg._Liste!$F$4:$F$550,302,Ausg._Liste!$G$4:$G$550,9) -> 0 | L9: =SUMIFS(Ausg._Liste!$H$4:$H$550,Ausg._Liste!$F$4:$F$550,302,Ausg._Liste!$G$4:$G$550,10) -> 0 | M9: =SUMIFS(Ausg._Liste!$H$4:$H$550,Ausg._Liste!$F$4:$F$550,302,Ausg._Liste!$G$4:$G$550,11) -> 0 | N9: =SUMIFS(Ausg._Liste!$H$4:$H$550,Ausg._Liste!$F$4:$F$550,302,Ausg._Liste!$G$4:$G$550,12) -> 0 | O9: =SUM(C9:N9) -> 0
A10: Blumen, Gartenbedarf | B10: 303 | C10: =SUMIFS(Ausg._Liste!$H$4:$H$550,Ausg._Liste!$F$4:$F$550,303,Ausg._Liste!$G$4:$G$550,1) -> 0 | D10: =SUMIFS(Ausg._Liste!$H$4:$H$550,Ausg._Liste!$F$4:$F$550,303,Ausg._Liste!$G$4:$G$550,2) -> 0 | E10: =SUMIFS(Ausg._Liste!$H$4:$H$550,Ausg._Liste!$F$4:$F$550,303,Ausg._Liste!$G$4:$G$550,3) -> 0 | F10: =SUMIFS(Ausg._Liste!$H$4:$H$550,Ausg._Liste!$F$4:$F$550,303,Ausg._Liste!$G$4:$G$550,4) -> 0 | G10: =SUMIFS(Ausg._Liste!$H$4:$H$550,Ausg._Liste!$F$4:$F$550,303,Ausg._Liste!$G$4:$G$550,5) -> 0 | H10: =SUMIFS(Ausg._Liste!$H$4:$H$550,Ausg._Liste!$F$4:$F$550,303,Ausg._Liste!$G$4:$G$550,6) -> 0 | I10: =SUMIFS(Ausg._Liste!$H$4:$H$550,Ausg._Liste!$F$4:$F$550,303,Ausg._Liste!$G$4:$G$550,7) -> 0 | J10: =SUMIFS(Ausg._Liste!$H$4:$H$550,Ausg._Liste!$F$4:$F$550,303,Ausg._Liste!$G$4:$G$550,8) -> 0 | K10: =SUMIFS(Ausg._Liste!$H$4:$H$550,Ausg._Liste!$F$4:$F$550,303,Ausg._Liste!$G$4:$G$550,9) -> 0 | L10: =SUMIFS(Ausg._Liste!$H$4:$H$550,Ausg._Liste!$F$4:$F$550,303,Ausg._Liste!$G$4:$G$550,10) -> 0 | M10: =SUMIFS(Ausg._Liste!$H$4:$H$550,Ausg._Liste!$F$4:$F$550,303,Ausg._Liste!$G$4:$G$550,11) -> 0 | N10: =SUMIFS(Ausg._Liste!$H$4:$H$550,Ausg._Liste!$F$4:$F$550,303,Ausg._Liste!$G$4:$G$550,12) -> 0 | O10: =SUM(C10:N10) -> 0
A11: Haustiere, incl. Hundesteuer | B11: 304 | C11: =SUMIFS(Ausg._Liste!$H$4:$H$550,Ausg._Liste!$F$4:$F$550,304,Ausg._Liste!$G$4:$G$550,1) -> 0 | D11: =SUMIFS(Ausg._Liste!$H$4:$H$550,Ausg._Liste!$F$4:$F$550,304,Ausg._Liste!$G$4:$G$550,2) -> 0 | E11: =SUMIFS(Ausg._Liste!$H$4:$H$550,Ausg._Liste!$F$4:$F$550,304,Ausg._Liste!$G$4:$G$550,3) -> 0 | F11: =SUMIFS(Ausg._Liste!$H$4:$H$550,Ausg._Liste!$F$4:$F$550,304,Ausg._Liste!$G$4:$G$550,4) -> 0 | G11: =SUMIFS(Ausg._Liste!$H$4:$H$550,Ausg._Liste!$F$4:$F$550,304,Ausg._Liste!$G$4:$G$550,5) -> 0 | H11: =SUMIFS(Ausg._Liste!$H$4:$H$550,Ausg._Liste!$F$4:$F$550,304,Ausg._Liste!$G$4:$G$550,6) -> 0 | I11: =SUMIFS(Ausg._Liste!$H$4:$H$550,Ausg._Liste!$F$4:$F$550,304,Ausg._Liste!$G$4:$G$550,7) -> 0 | J11: =SUMIFS(Ausg._Liste!$H$4:$H$550,Ausg._Liste!$F$4:$F$550,304,Ausg._Liste!$G$4:$G$550,8) -> 0 | K11: =SUMIFS(Ausg._Liste!$H$4:$H$550,Ausg._Liste!$F$4:$F$550,304,Ausg._Liste!$G$4:$G$550,9) -> 0 | L11: =SUMIFS(Ausg._Liste!$H$4:$H$550,Ausg._Liste!$F$4:$F$550,304,Ausg._Liste!$G$4:$G$550,10) -> 0 | M11: =SUMIFS(Ausg._Liste!$H$4:$H$550,Ausg._Liste!$F$4:$F$550,304,Ausg._Liste!$G$4:$G$550,11) -> 0 | N11: =SUMIFS(Ausg._Liste!$H$4:$H$550,Ausg._Liste!$F$4:$F$550,304,Ausg._Liste!$G$4:$G$550,12) -> 0 | O11: =SUM(C11:N11) -> 0
A12: Reperaturen | B12: 305 | C12: =SUMIFS(Ausg._Liste!$H$4:$H$550,Ausg._Liste!$F$4:$F$550,305,Ausg._Liste!$G$4:$G$550,1) -> 0 | D12: =SUMIFS(Ausg._Liste!$H$4:$H$550,Ausg._Liste!$F$4:$F$550,305,Ausg._Liste!$G$4:$G$550,2) -> 0 | E12: =SUMIFS(Ausg._Liste!$H$4:$H$550,Ausg._Liste!$F$4:$F$550,305,Ausg._Liste!$G$4:$G$550,3) -> 0 | F12: =SUMIFS(Ausg._Liste!$H$4:$H$550,Ausg._Liste!$F$4:$F$550,305,Ausg._Liste!$G$4:$G$550,4) -> 0 | G12: =SUMIFS(Ausg._Liste!$H$4:$H$550,Ausg._Liste!$F$4:$F$550,305,Ausg._Liste!$G$4:$G$550,5) -> 0 | H12: =SUMIFS(Ausg._Liste!$H$4:$H$550,Ausg._Liste!$F$4:$F$550,305,Ausg._Liste!$G$4:$G$550,6) -> 0 | I12: =SUMIFS(Ausg._Liste!$H$4:$H$550,Ausg._Liste!$F$4:$F$550,305,Ausg._Liste!$G$4:$G$550,7) -> 0 | J12: =SUMIFS(Ausg._Liste!$H$4:$H$550,Ausg._Liste!$F$4:$F$550,305,Ausg._Liste!$G$4:$G$550,8) -> 0 | K12: =SUMIFS(Ausg._Liste!$H$4:$H$550,Ausg._Liste!$F$4:$F$550,305,Ausg._Liste!$G$4:$G$550,9) -> 0 | L12: =SUMIFS(Ausg._Liste!$H$4:$H$550,Ausg._Liste!$F$4:$F$550,305,Ausg._Liste!$G$4:$G$550,10) -> 0 | M12: =SUMIFS(Ausg._Liste!$H$4:$H$550,Ausg._Liste!$F$4:$F$550,305,Ausg._Liste!$G$4:$G$550,11) -> 0 | N12: =SUMIFS(Ausg._Liste!$H$4:$H$550,Ausg._Liste!$F$4:$F$550,305,Ausg._Liste!$G$4:$G$550,12) -> 0 | O12: =SUM(C12:N12) -> 0
A13: Hilfe für Haushalt, Garten, Grabpflege | B13: 306 | C13: =SUMIFS(Ausg._Liste!$H$4:$H$550,Ausg._Liste!$F$4:$F$550,306,Ausg._Liste!$G$4:$G$550,1) -> 0 | D13: =SUMIFS(Ausg._Liste!$H$4:$H$550,Ausg._Liste!$F$4:$F$550,306,Ausg._Liste!$G$4:$G$550,2) -> 0 | E13: =SUMIFS(Ausg._Liste!$H$4:$H$550,Ausg._Liste!$F$4:$F$550,306,Ausg._Liste!$G$4:$G$550,3) -> 0 | F13: =SUMIFS(Ausg._Liste!$H$4:$H$550,Ausg._Liste!$F$4:$F$550,306,Ausg._Liste!$G$4:$G$550,4) -> 0 | G13: =SUMIFS(Ausg._Liste!$H$4:$H$550,Ausg._Liste!$F$4:$F$550,306,Ausg._Liste!$G$4:$G$550,5) -> 0 | H13: =SUMIFS(Ausg._Liste!$H$4:$H$550,Ausg._Liste!$F$4:$F$550,306,Ausg._Liste!$G$4:$G$550,6) -> 0 | I13: =SUMIFS(Ausg._Liste!$H$4:$H$550,Ausg._Liste!$F$4:$F$550,306,Ausg._Liste!$G$4:$G$550,7) -> 0 | J13: =SUMIFS(Ausg._Liste!$H$4:$H$550,Ausg._Liste!$F$4:$F$550,306,Ausg._Liste!$G$4:$G$550,8) -> 0 | K13: =SUMIFS(Ausg._Liste!$H$4:$H$550,Ausg._Liste!$F$4:$F$550,306,Ausg._Liste!$G$4:$G$550,9) -> 0 | L13: =SUMIFS(Ausg._Liste!$H$4:$H$550,Ausg._Liste!$F$4:$F$550,306,Ausg._Liste!$G$4:$G$550,10) -> 0 | M13: =SUMIFS(Ausg._Liste!$H$4:$H$550,Ausg._Liste!$F$4:$F$550,306,Ausg._Liste!$G$4:$G$550,11) -> 0 | N13: =SUMIFS(Ausg._Liste!$H$4:$H$550,Ausg._Liste!$F$4:$F$550,306,Ausg._Liste!$G$4:$G$550,12) -> 0 | O13: =SUM(C13:N13) -> 0
A14: Ernährung | B14: 400 | C14: =SUM(C15:C18) -> 0 | D14: =SUM(D15:D18) -> 0 | E14: =SUM(E15:E18) -> 0 | F14: =SUM(F15:F18) -> 0 | G14: =SUM(G15:G18) -> 0 | H14: =SUM(H15:H18) -> 0 | I14: =SUM(I15:I18) -> 0 | J14: =SUM(J15:J18) -> 0 | ... O14: =SUM(O15:O18) -> 0
A15: Nahrungsmittel, Getränke | B15: 401 | C15: =SUMIFS(Ausg._Liste!$H$4:$H$550,Ausg._Liste!$F$4:$F$550,401,Ausg._Liste!$G$4:$G$550,1) -> 0 | D15: =SUMIFS(Ausg._Liste!$H$4:$H$550,Ausg._Liste!$F$4:$F$550,401,Ausg._Liste!$G$4:$G$550,2) -> 0 | E15: =SUMIFS(Ausg._Liste!$H$4:$H$550,Ausg._Liste!$F$4:$F$550,401,Ausg._Liste!$G$4:$G$550,3) -> 0 | F15: =SUMIFS(Ausg._Liste!$H$4:$H$550,Ausg._Liste!$F$4:$F$550,401,Ausg._Liste!$G$4:$G$550,4) -> 0 | G15: =SUMIFS(Ausg._Liste!$H$4:$H$550,Ausg._Liste!$F$4:$F$550,401,Ausg._Liste!$G$4:$G$550,5) -> 0 | H15: =SUMIFS(Ausg._Liste!$H$4:$H$550,Ausg._Liste!$F$4:$F$550,401,Ausg._Liste!$G$4:$G$550,6) -> 0 | I15: =SUMIFS(Ausg._Liste!$H$4:$H$550,Ausg._Liste!$F$4:$F$550,401,Ausg._Liste!$G$4:$G$550,7) -> 0 | J15: =SUMIFS(Ausg._Liste!$H$4:$H$550,Ausg._Liste!$F$4:$F$550,401,Ausg._Liste!$G$4:$G$550,8) -> 0 | K15: =SUMIFS(Ausg._Liste!$H$4:$H$550,Ausg._Liste!$F$4:$F$550,401,Ausg._Liste!$G$4:$G$550,9) -> 0 | L15: =SUMIFS(Ausg._Liste!$H$4:$H$550,Ausg._Liste!$F$4:$F$550,401,Ausg._Liste!$G$4:$G$550,10) -> 0 | M15: =SUMIFS(Ausg._Liste!$H$4:$H$550,Ausg._Liste!$F$4:$F$550,401,Ausg._Liste!$G$4:$G$550,11) -> 0 | N15: =SUMIFS(Ausg._Liste!$H$4:$H$550,Ausg._Liste!$F$4:$F$550,401,Ausg._Liste!$G$4:$G$550,12) -> 0 | O15: =SUM(C15:N15) -> 0
A16: Alkohol, Tabakwaren | B16: 402 | C16: =SUMIFS(Ausg._Liste!$H$4:$H$550,Ausg._Liste!$F$4:$F$550,402,Ausg._Liste!$G$4:$G$550,1) -> 0 | D16: =SUMIFS(Ausg._Liste!$H$4:$H$550,Ausg._Liste!$F$4:$F$550,402,Ausg._Liste!$G$4:$G$550,2) -> 0 | E16: =SUMIFS(Ausg._Liste!$H$4:$H$550,Ausg._Liste!$F$4:$F$550,402,Ausg._Liste!$G$4:$G$550,3) -> 0 | F16: =SUMIFS(Ausg._Liste!$H$4:$H$550,Ausg._Liste!$F$4:$F$550,402,Ausg._Liste!$G$4:$G$550,4) -> 0 | G16: =SUMIFS(Ausg._Liste!$H$4:$H$550,Ausg._Liste!$F$4:$F$550,402,Ausg._Liste!$G$4:$G$550,5) -> 0 | H16: =SUMIFS(Ausg._Liste!$H$4:$H$550,Ausg._Liste!$F$4:$F$550,402,Ausg._Liste!$G$4:$G$550,6) -> 0 | I16: =SUMIFS(Ausg._Liste!$H$4:$H$550,Ausg._Liste!$F$4:$F$550,402,Ausg._Liste!$G$4:$G$550,7) -> 0 | J16: =SUMIFS(Ausg._Liste!$H$4:$H$550,Ausg._Liste!$F$4:$F$550,402,Ausg._Liste!$G$4:$G$550,8) -> 0 | K16: =SUMIFS(Ausg._Liste!$H$4:$H$550,Ausg._Liste!$F$4:$F$550,402,Ausg._Liste!$G$4:$G$550,9) -> 0 | L16: =SUMIFS(Ausg._Liste!$H$4:$H$550,Ausg._Liste!$F$4:$F$550,402,Ausg._Liste!$G$4:$G$550,10) -> 0 | M16: =SUMIFS(Ausg._Liste!$H$4:$H$550,Ausg._Liste!$F$4:$F$550,402,Ausg._Liste!$G$4:$G$550,11) -> 0 | N16: =SUMIFS(Ausg._Liste!$H$4:$H$550,Ausg._Liste!$F$4:$F$550,402,Ausg._Liste!$G$4:$G$550,12) -> 0 | O16: =SUM(C16:N16) -> 0
A17: Außer-Haus-Verzehr (Schule, Kita) | B17: 403 | C17: =SUMIFS(Ausg._Liste!$H$4:$H$550,Ausg._Liste!$F$4:$F$550,403,Ausg._Liste!$G$4:$G$550,1) -> 0 | D17: =SUMIFS(Ausg._Liste!$H$4:$H$550,Ausg._Liste!$F$4:$F$550,403,Ausg._Liste!$G$4:$G$550,2) -> 0 | E17: =SUMIFS(Ausg._Liste!$H$4:$H$550,Ausg._Liste!$F$4:$F$550,403,Ausg._Liste!$G$4:$G$550,3) -> 0 | F17: =SUMIFS(Ausg._Liste!$H$4:$H$550,Ausg._Liste!$F$4:$F$550,403,Ausg._Liste!$G$4:$G$550,4) -> 0 | G17: =SUMIFS(Ausg._Liste!$H$4:$H$550,Ausg._Liste!$F$4:$F$550,403,Ausg._Liste!$G$4:$G$550,5) -> 0 | H17: =SUMIFS(Ausg._Liste!$H$4:$H$550,Ausg._Liste!$F$4:$F$550,403,Ausg._Liste!$G$4:$G$550,6) -> 0 | I17: =SUMIFS(Ausg._Liste!$H$4:$H$550,Ausg._Liste!$F$4:$F$550,403,Ausg._Liste!$G$4:$G$550,7) -> 0 | J17: =SUMIFS(Ausg._Liste!$H$4:$H$550,Ausg._Liste!$F$4:$F$550,403,Ausg._Liste!$G$4:$G$550,8) -> 0 | K17: =SUMIFS(Ausg._Liste!$H$4:$H$550,Ausg._Liste!$F$4:$F$550,403,Ausg._Liste!$G$4:$G$550,9) -> 0 | L17: =SUMIFS(Ausg._Liste!$H$4:$H$550,Ausg._Liste!$F$4:$F$550,403,Ausg._Liste!$G$4:$G$550,10) -> 0 | M17: =SUMIFS(Ausg._Liste!$H$4:$H$550,Ausg._Liste!$F$4:$F$550,403,Ausg._Liste!$G$4:$G$550,11) -> 0 | N17: =SUMIFS(Ausg._Liste!$H$4:$H$550,Ausg._Liste!$F$4:$F$550,403,Ausg._Liste!$G$4:$G$550,12) -> 0 | O17: =SUM(C17:N17) -> 0
A18: Genussmittel (Süßwaren) | B18: 404 | C18: =SUMIFS(Ausg._Liste!$H$4:$H$550,Ausg._Liste!$F$4:$F$550,404,Ausg._Liste!$G$4:$G$550,1) -> 0 | D18: =SUMIFS(Ausg._Liste!$H$4:$H$550,Ausg._Liste!$F$4:$F$550,404,Ausg._Liste!$G$4:$G$550,2) -> 0 | E18: =SUMIFS(Ausg._Liste!$H$4:$H$550,Ausg._Liste!$F$4:$F$550,404,Ausg._Liste!$G$4:$G$550,3) -> 0 | F18: =SUMIFS(Ausg._Liste!$H$4:$H$550,Ausg._Liste!$F$4:$F$550,404,Ausg._Liste!$G$4:$G$550,4) -> 0 | G18: =SUMIFS(Ausg._Liste!$H$4:$H$550,Ausg._Liste!$F$4:$F$550,404,Ausg._Liste!$G$4:$G$550,5) -> 0 | H18: =SUMIFS(Ausg._Liste!$H$4:$H$550,Ausg._Liste!$F$4:$F$550,404,Ausg._Liste!$G$4:$G$550,6) -> 0 | I18: =SUMIFS(Ausg._Liste!$H$4:$H$550,Ausg._Liste!$F$4:$F$550,404,Ausg._Liste!$G$4:$G$550,7) -> 0 | J18: =SUMIFS(Ausg._Liste!$H$4:$H$550,Ausg._Liste!$F$4:$F$550,404,Ausg._Liste!$G$4:$G$550,8) -> 0 | K18: =SUMIFS(Ausg._Liste!$H$4:$H$550,Ausg._Liste!$F$4:$F$550,404,Ausg._Liste!$G$4:$G$550,9) -> 0 | L18: =SUMIFS(Ausg._Liste!$H$4:$H$550,Ausg._Liste!$F$4:$F$550,404,Ausg._Liste!$G$4:$G$550,10) -> 0 | M18: =SUMIFS(Ausg._Liste!$H$4:$H$550,Ausg._Liste!$F$4:$F$550,404,Ausg._Liste!$G$4:$G$550,11) -> 0 | N18: =SUMIFS(Ausg._Liste!$H$4:$H$550,Ausg._Liste!$F$4:$F$550,404,Ausg._Liste!$G$4:$G$550,12) -> 0 | O18: =SUM(C18:N18) -> 0
A19: Körper- und Gesundheitspflege | B19: 500 | C19: =SUM(C20:C24) -> 0 | D19: =SUM(D20:D24) -> 0 | E19: =SUM(E20:E24) -> 0 | F19: =SUM(F20:F24) -> 0 | G19: =SUM(G20:G24) -> 0 | H19: =SUM(H20:H24) -> 0 | I19: =SUM(I20:I24) -> 0 | J19: =SUM(J20:J24) -> 0 | ... O19: =SUM(O20:O24) -> 0
A20: Körperpflegemittel | B20: 501 | C20: =SUMIFS(Ausg._Liste!$H$4:$H$550,Ausg._Liste!$F$4:$F$550,501,Ausg._Liste!$G$4:$G$550,1) -> 0 | D20: =SUMIFS(Ausg._Liste!$H$4:$H$550,Ausg._Liste!$F$4:$F$550,501,Ausg._Liste!$G$4:$G$550,2) -> 0 | E20: =SUMIFS(Ausg._Liste!$H$4:$H$550,Ausg._Liste!$F$4:$F$550,501,Ausg._Liste!$G$4:$G$550,3) -> 0 | F20: =SUMIFS(Ausg._Liste!$H$4:$H$550,Ausg._Liste!$F$4:$F$550,501,Ausg._Liste!$G$4:$G$550,4) -> 0 | G20: =SUMIFS(Ausg._Liste!$H$4:$H$550,Ausg._Liste!$F$4:$F$550,501,Ausg._Liste!$G$4:$G$550,5) -> 0 | H20: =SUMIFS(Ausg._Liste!$H$4:$H$550,Ausg._Liste!$F$4:$F$550,501,Ausg._Liste!$G$4:$G$550,6) -> 0 | I20: =SUMIFS(Ausg._Liste!$H$4:$H$550,Ausg._Liste!$F$4:$F$550,501,Ausg._Liste!$G$4:$G$550,7) -> 0 | J20: =SUMIFS(Ausg._Liste!$H$4:$H$550,Ausg._Liste!$F$4:$F$550,501,Ausg._Liste!$G$4:$G$550,8) -> 0 | K20: =SUMIFS(Ausg._Liste!$H$4:$H$550,Ausg._Liste!$F$4:$F$550,501,Ausg._Liste!$G$4:$G$550,9) -> 0 | L20: =SUMIFS(Ausg._Liste!$H$4:$H$550,Ausg._Liste!$F$4:$F$550,501,Ausg._Liste!$G$4:$G$550,10) -> 0 | M20: =SUMIFS(Ausg._Liste!$H$4:$H$550,Ausg._Liste!$F$4:$F$550,501,Ausg._Liste!$G$4:$G$550,11) -> 0 | N20: =SUMIFS(Ausg._Liste!$H$4:$H$550,Ausg._Liste!$F$4:$F$550,501,Ausg._Liste!$G$4:$G$550,12) -> 0 | O20: =SUM(C20:N20) -> 0
A21: Friseur, Sauna, Solarium | B21: 502 | C21: =SUMIFS(Ausg._Liste!$H$4:$H$550,Ausg._Liste!$F$4:$F$550,502,Ausg._Liste!$G$4:$G$550,1) -> 0 | D21: =SUMIFS(Ausg._Liste!$H$4:$H$550,Ausg._Liste!$F$4:$F$550,502,Ausg._Liste!$G$4:$G$550,2) -> 0 | E21: =SUMIFS(Ausg._Liste!$H$4:$H$550,Ausg._Liste!$F$4:$F$550,502,Ausg._Liste!$G$4:$G$550,3) -> 0 | F21: =SUMIFS(Ausg._Liste!$H$4:$H$550,Ausg._Liste!$F$4:$F$550,502,Ausg._Liste!$G$4:$G$550,4) -> 0 | G21: =SUMIFS(Ausg._Liste!$H$4:$H$550,Ausg._Liste!$F$4:$F$550,502,Ausg._Liste!$G$4:$G$550,5) -> 0 | H21: =SUMIFS(Ausg._Liste!$H$4:$H$550,Ausg._Liste!$F$4:$F$550,502,Ausg._Liste!$G$4:$G$550,6) -> 0 | I21: =SUMIFS(Ausg._Liste!$H$4:$H$550,Ausg._Liste!$F$4:$F$550,502,Ausg._Liste!$G$4:$G$550,7) -> 0 | J21: =SUMIFS(Ausg._Liste!$H$4:$H$550,Ausg._Liste!$F$4:$F$550,502,Ausg._Liste!$G$4:$G$550,8) -> 0 | K21: =SUMIFS(Ausg._Liste!$H$4:$H$550,Ausg._Liste!$F$4:$F$550,502,Ausg._Liste!$G$4:$G$550,9) -> 0 | L21: =SUMIFS(Ausg._Liste!$H$4:$H$550,Ausg._Liste!$F$4:$F$550,502,Ausg._Liste!$G$4:$G$550,10) -> 0 | M21: =SUMIFS(Ausg._Liste!$H$4:$H$550,Ausg._Liste!$F$4:$F$550,502,Ausg._Liste!$G$4:$G$550,11) -> 0 | N21: =SUMIFS(Ausg._Liste!$H$4:$H$550,Ausg._Liste!$F$4:$F$550,502,Ausg._Liste!$G$4:$G$550,12) -> 0 | O21: =SUM(C21:N21) -> 0
A22: Praxisgebühren, Arznei-/Heilmittel | B22: 503 | C22: =SUMIFS(Ausg._Liste!$H$4:$H$550,Ausg._Liste!$F$4:$F$550,503,Ausg._Liste!$G$4:$G$550,1) -> 0 | D22: =SUMIFS(Ausg._Liste!$H$4:$H$550,Ausg._Liste!$F$4:$F$550,503,Ausg._Liste!$G$4:$G$550,2) -> 0 | E22: =SUMIFS(Ausg._Liste!$H$4:$H$550,Ausg._Liste!$F$4:$F$550,503,Ausg._Liste!$G$4:$G$550,3) -> 0 | F22: =SUMIFS(Ausg._Liste!$H$4:$H$550,Ausg._Liste!$F$4:$F$550,503,Ausg._Liste!$G$4:$G$550,4) -> 0 | G22: =SUMIFS(Ausg._Liste!$H$4:$H$550,Ausg._Liste!$F$4:$F$550,503,Ausg._Liste!$G$4:$G$550,5) -> 0 | H22: =SUMIFS(Ausg._Liste!$H$4:$H$550,Ausg._Liste!$F$4:$F$550,503,Ausg._Liste!$G$4:$G$550,6) -> 0 | I22: =SUMIFS(Ausg._Liste!$H$4:$H$550,Ausg._Liste!$F$4:$F$550,503,Ausg._Liste!$G$4:$G$550,7) -> 0 | J22: =SUMIFS(Ausg._Liste!$H$4:$H$550,Ausg._Liste!$F$4:$F$550,503,Ausg._Liste!$G$4:$G$550,8) -> 0 | K22: =SUMIFS(Ausg._Liste!$H$4:$H$550,Ausg._Liste!$F$4:$F$550,503,Ausg._Liste!$G$4:$G$550,9) -> 0 | L22: =SUMIFS(Ausg._Liste!$H$4:$H$550,Ausg._Liste!$F$4:$F$550,503,Ausg._Liste!$G$4:$G$550,10) -> 0 | M22: =SUMIFS(Ausg._Liste!$H$4:$H$550,Ausg._Liste!$F$4:$F$550,503,Ausg._Liste!$G$4:$G$550,11) -> 0 | N22: =SUMIFS(Ausg._Liste!$H$4:$H$550,Ausg._Liste!$F$4:$F$550,503,Ausg._Liste!$G$4:$G$550,12) -> 0 | O22: =SUM(C22:N22) -> 0
A23: Arzthonorare, Krankenhaus | B23: 504 | C23: =SUMIFS(Ausg._Liste!$H$4:$H$550,Ausg._Liste!$F$4:$F$550,504,Ausg._Liste!$G$4:$G$550,1) -> 0 | D23: =SUMIFS(Ausg._Liste!$H$4:$H$550,Ausg._Liste!$F$4:$F$550,504,Ausg._Liste!$G$4:$G$550,2) -> 0 | E23: =SUMIFS(Ausg._Liste!$H$4:$H$550,Ausg._Liste!$F$4:$F$550,504,Ausg._Liste!$G$4:$G$550,3) -> 0 | F23: =SUMIFS(Ausg._Liste!$H$4:$H$550,Ausg._Liste!$F$4:$F$550,504,Ausg._Liste!$G$4:$G$550,4) -> 0 | G23: =SUMIFS(Ausg._Liste!$H$4:$H$550,Ausg._Liste!$F$4:$F$550,504,Ausg._Liste!$G$4:$G$550,5) -> 0 | H23: =SUMIFS(Ausg._Liste!$H$4:$H$550,Ausg._Liste!$F$4:$F$550,504,Ausg._Liste!$G$4:$G$550,6) -> 0 | I23: =SUMIFS(Ausg._Liste!$H$4:$H$550,Ausg._Liste!$F$4:$F$550,504,Ausg._Liste!$G$4:$G$550,7) -> 0 | J23: =SUMIFS(Ausg._Liste!$H$4:$H$550,Ausg._Liste!$F$4:$F$550,504,Ausg._Liste!$G$4:$G$550,8) -> 0 | K23: =SUMIFS(Ausg._Liste!$H$4:$H$550,Ausg._Liste!$F$4:$F$550,504,Ausg._Liste!$G$4:$G$550,9) -> 0 | L23: =SUMIFS(Ausg._Liste!$H$4:$H$550,Ausg._Liste!$F$4:$F$550,504,Ausg._Liste!$G$4:$G$550,10) -> 0 | M23: =SUMIFS(Ausg._Liste!$H$4:$H$550,Ausg._Liste!$F$4:$F$550,504,Ausg._Liste!$G$4:$G$550,11) -> 0 | N23: =SUMIFS(Ausg._Liste!$H$4:$H$550,Ausg._Liste!$F$4:$F$550,504,Ausg._Liste!$G$4:$G$550,12) -> 0 | O23: =SUM(C23:N23) -> 0
A24: Labor, Physiotherapie | B24: 505 | C24: =SUMIFS(Ausg._Liste!$H$4:$H$550,Ausg._Liste!$F$4:$F$550,505,Ausg._Liste!$G$4:$G$550,1) -> 0 | D24: =SUMIFS(Ausg._Liste!$H$4:$H$550,Ausg._Liste!$F$4:$F$550,505,Ausg._Liste!$G$4:$G$550,2) -> 0 | E24: =SUMIFS(Ausg._Liste!$H$4:$H$550,Ausg._Liste!$F$4:$F$550,505,Ausg._Liste!$G$4:$G$550,3) -> 0 | F24: =SUMIFS(Ausg._Liste!$H$4:$H$550,Ausg._Liste!$F$4:$F$550,505,Ausg._Liste!$G$4:$G$550,4) -> 0 | G24: =SUMIFS(Ausg._Liste!$H$4:$H$550,Ausg._Liste!$F$4:$F$550,505,Ausg._Liste!$G$4:$G$550,5) -> 0 | H24: =SUMIFS(Ausg._Liste!$H$4:$H$550,Ausg._Liste!$F$4:$F$550,505,Ausg._Liste!$G$4:$G$550,6) -> 0 | I24: =SUMIFS(Ausg._Liste!$H$4:$H$550,Ausg._Liste!$F$4:$F$550,505,Ausg._Liste!$G$4:$G$550,7) -> 0 | J24: =SUMIFS(Ausg._Liste!$H$4:$H$550,Ausg._Liste!$F$4:$F$550,505,Ausg._Liste!$G$4:$G$550,8) -> 0 | K24: =SUMIFS(Ausg._Liste!$H$4:$H$550,Ausg._Liste!$F$4:$F$550,505,Ausg._Liste!$G$4:$G$550,9) -> 0 | L24: =SUMIFS(Ausg._Liste!$H$4:$H$550,Ausg._Liste!$F$4:$F$550,505,Ausg._Liste!$G$4:$G$550,10) -> 0 | M24: =SUMIFS(Ausg._Liste!$H$4:$H$550,Ausg._Liste!$F$4:$F$550,505,Ausg._Liste!$G$4:$G$550,11) -> 0 | N24: =SUMIFS(Ausg._Liste!$H$4:$H$550,Ausg._Liste!$F$4:$F$550,505,Ausg._Liste!$G$4:$G$550,12) -> 0 | O24: =SUM(C24:N24) -> 0
A25: Persönliche Ausstattung | B25: 600 | C25: =SUM(C26:C28) -> 0 | D25: =SUM(D26:D28) -> 0 | E25: =SUM(E26:E28) -> 0 | F25: =SUM(F26:F28) -> 0 | G25: =SUM(G26:G28) -> 0 | H25: =SUM(H26:H28) -> 0 | I25: =SUM(I26:I28) -> 0 | J25: =SUM(J26:J28) -> 0 | ... O25: =SUM(O26:O28) -> 0
A26: Bekleidung, Schuhe | B26: 601 | C26: =SUMIFS(Ausg._Liste!$H$4:$H$550,Ausg._Liste!$F$4:$F$550,601,Ausg._Liste!$G$4:$G$550,1) -> 0 | D26: =SUMIFS(Ausg._Liste!$H$4:$H$550,Ausg._Liste!$F$4:$F$550,601,Ausg._Liste!$G$4:$G$550,2) -> 0 | E26: =SUMIFS(Ausg._Liste!$H$4:$H$550,Ausg._Liste!$F$4:$F$550,601,Ausg._Liste!$G$4:$G$550,3) -> 0 | F26: =SUMIFS(Ausg._Liste!$H$4:$H$550,Ausg._Liste!$F$4:$F$550,601,Ausg._Liste!$G$4:$G$550,4) -> 0 | G26: =SUMIFS(Ausg._Liste!$H$4:$H$550,Ausg._Liste!$F$4:$F$550,601,Ausg._Liste!$G$4:$G$550,5) -> 0 | H26: =SUMIFS(Ausg._Liste!$H$4:$H$550,Ausg._Liste!$F$4:$F$550,601,Ausg._Liste!$G$4:$G$550,6) -> 0 | I26: =SUMIFS(Ausg._Liste!$H$4:$H$550,Ausg._Liste!$F$4:$F$550,601,Ausg._Liste!$G$4:$G$550,7) -> 0 | J26: =SUMIFS(Ausg._Liste!$H$4:$H$550,Ausg._Liste!$F$4:$F$550,601,Ausg._Liste!$G$4:$G$550,8) -> 0 | K26: =SUMIFS(Ausg._Liste!$H$4:$H$550,Ausg._Liste!$F$4:$F$550,601,Ausg._Liste!$G$4:$G$550,9) -> 0 | L26: =SUMIFS(Ausg._Liste!$H$4:$H$550,Ausg._Liste!$F$4:$F$550,601,Ausg._Liste!$G$4:$G$550,10) -> 0 | M26: =SUMIFS(Ausg._Liste!$H$4:$H$550,Ausg._Liste!$F$4:$F$550,601,Ausg._Liste!$G$4:$G$550,11) -> 0 | N26: =SUMIFS(Ausg._Liste!$H$4:$H$550,Ausg._Liste!$F$4:$F$550,601,Ausg._Liste!$G$4:$G$550,12) -> 0 | O26: =SUM(C26:N26) -> 0
A27: Schmuck, Taschen, Schirme | B27: 602 | C27: =SUMIFS(Ausg._Liste!$H$4:$H$550,Ausg._Liste!$F$4:$F$550,602,Ausg._Liste!$G$4:$G$550,1) -> 0 | D27: =SUMIFS(Ausg._Liste!$H$4:$H$550,Ausg._Liste!$F$4:$F$550,602,Ausg._Liste!$G$4:$G$550,2) -> 0 | E27: =SUMIFS(Ausg._Liste!$H$4:$H$550,Ausg._Liste!$F$4:$F$550,602,Ausg._Liste!$G$4:$G$550,3) -> 0 | F27: =SUMIFS(Ausg._Liste!$H$4:$H$550,Ausg._Liste!$F$4:$F$550,602,Ausg._Liste!$G$4:$G$550,4) -> 0 | G27: =SUMIFS(Ausg._Liste!$H$4:$H$550,Ausg._Liste!$F$4:$F$550,602,Ausg._Liste!$G$4:$G$550,5) -> 0 | H27: =SUMIFS(Ausg._Liste!$H$4:$H$550,Ausg._Liste!$F$4:$F$550,602,Ausg._Liste!$G$4:$G$550,6) -> 0 | I27: =SUMIFS(Ausg._Liste!$H$4:$H$550,Ausg._Liste!$F$4:$F$550,602,Ausg._Liste!$G$4:$G$550,7) -> 0 | J27: =SUMIFS(Ausg._Liste!$H$4:$H$550,Ausg._Liste!$F$4:$F$550,602,Ausg._Liste!$G$4:$G$550,8) -> 0 | K27: =SUMIFS(Ausg._Liste!$H$4:$H$550,Ausg._Liste!$F$4:$F$550,602,Ausg._Liste!$G$4:$G$550,9) -> 0 | L27: =SUMIFS(Ausg._Liste!$H$4:$H$550,Ausg._Liste!$F$4:$F$550,602,Ausg._Liste!$G$4:$G$550,10) -> 0 | M27: =SUMIFS(Ausg._Liste!$H$4:$H$550,Ausg._Liste!$F$4:$F$550,602,Ausg._Liste!$G$4:$G$550,11) -> 0 | N27: =SUMIFS(Ausg._Liste!$H$4:$H$550,Ausg._Liste!$F$4:$F$550,602,Ausg._Liste!$G$4:$G$550,12) -> 0 | O27: =SUM(C27:N27) -> 0
A28: Reinigung und Reperaturen | B28: 603 | C28: =SUMIFS(Ausg._Liste!$H$4:$H$550,Ausg._Liste!$F$4:$F$550,603,Ausg._Liste!$G$4:$G$550,1) -> 0 | D28: =SUMIFS(Ausg._Liste!$H$4:$H$550,Ausg._Liste!$F$4:$F$550,603,Ausg._Liste!$G$4:$G$550,2) -> 0 | E28: =SUMIFS(Ausg._Liste!$H$4:$H$550,Ausg._Liste!$F$4:$F$550,603,Ausg._Liste!$G$4:$G$550,3) -> 0 | F28: =SUMIFS(Ausg._Liste!$H$4:$H$550,Ausg._Liste!$F$4:$F$550,603,Ausg._Liste!$G$4:$G$550,4) -> 0 | G28: =SUMIFS(Ausg._Liste!$H$4:$H$550,Ausg._Liste!$F$4:$F$550,603,Ausg._Liste!$G$4:$G$550,5) -> 0 | H28: =SUMIFS(Ausg._Liste!$H$4:$H$550,Ausg._Liste!$F$4:$F$550,603,Ausg._Liste!$G$4:$G$550,6) -> 0 | I28: =SUMIFS(Ausg._Liste!$H$4:$H$550,Ausg._Liste!$F$4:$F$550,603,Ausg._Liste!$G$4:$G$550,7) -> 0 | J28: =SUMIFS(Ausg._Liste!$H$4:$H$550,Ausg._Liste!$F$4:$F$550,603,Ausg._Liste!$G$4:$G$550,8) -> 0 | K28: =SUMIFS(Ausg._Liste!$H$4:$H$550,Ausg._Liste!$F$4:$F$550,603,Ausg._Liste!$G$4:$G$550,9) -> 0 | L28: =SUMIFS(Ausg._Liste!$H$4:$H$550,Ausg._Liste!$F$4:$F$550,603,Ausg._Liste!$G$4:$G$550,10) -> 0 | M28: =SUMIFS(Ausg._Liste!$H$4:$H$550,Ausg._Liste!$F$4:$F$550,603,Ausg._Liste!$G$4:$G$550,11) -> 0 | N28: =SUMIFS(Ausg._Liste!$H$4:$H$550,Ausg._Liste!$F$4:$F$550,603,Ausg._Liste!$G$4:$G$550,12) -> 0 | O28: =SUM(C28:N28) -> 0
A29: Mobilität | B29: 700 | C29: =SUM(C30:C31) -> 0 | D29: =SUM(D30:D31) -> 0 | E29: =SUM(E30:E31) -> 0 | F29: =SUM(F30:F31) -> 0 | G29: =SUM(G30:G31) -> 0 | H29: =SUM(H30:H31) -> 0 | I29: =SUM(I30:I31) -> 0 | J29: =SUM(J30:J31) -> 0 | ... O29: =SUM(O30:O31) -> 0
A30: Private Verkehrsmittel (Benzin, Ersatzteile) | B30: 705 | C30: =SUMIFS(Ausg._Liste!$H$4:$H$550,Ausg._Liste!$F$4:$F$550,705,Ausg._Liste!$G$4:$G$550,1) -> 0 | D30: =SUMIFS(Ausg._Liste!$H$4:$H$550,Ausg._Liste!$F$4:$F$550,705,Ausg._Liste!$G$4:$G$550,2) -> 0 | E30: =SUMIFS(Ausg._Liste!$H$4:$H$550,Ausg._Liste!$F$4:$F$550,705,Ausg._Liste!$G$4:$G$550,3) -> 0 | F30: =SUMIFS(Ausg._Liste!$H$4:$H$550,Ausg._Liste!$F$4:$F$550,705,Ausg._Liste!$G$4:$G$550,4) -> 0 | G30: =SUMIFS(Ausg._Liste!$H$4:$H$550,Ausg._Liste!$F$4:$F$550,705,Ausg._Liste!$G$4:$G$550,5) -> 0 | H30: =SUMIFS(Ausg._Liste!$H$4:$H$550,Ausg._Liste!$F$4:$F$550,705,Ausg._Liste!$G$4:$G$550,6) -> 0 | I30: =SUMIFS(Ausg._Liste!$H$4:$H$550,Ausg._Liste!$F$4:$F$550,705,Ausg._Liste!$G$4:$G$550,7) -> 0 | J30: =SUMIFS(Ausg._Liste!$H$4:$H$550,Ausg._Liste!$F$4:$F$550,705,Ausg._Liste!$G$4:$G$550,8) -> 0 | K30: =SUMIFS(Ausg._Liste!$H$4:$H$550,Ausg._Liste!$F$4:$F$550,705,Ausg._Liste!$G$4:$G$550,9) -> 0 | L30: =SUMIFS(Ausg._Liste!$H$4:$H$550,Ausg._Liste!$F$4:$F$550,705,Ausg._Liste!$G$4:$G$550,10) -> 0 | M30: =SUMIFS(Ausg._Liste!$H$4:$H$550,Ausg._Liste!$F$4:$F$550,705,Ausg._Liste!$G$4:$G$550,11) -> 0 | N30: =SUMIFS(Ausg._Liste!$H$4:$H$550,Ausg._Liste!$F$4:$F$550,705,Ausg._Liste!$G$4:$G$550,12) -> 0 | O30: =SUM(C30:N30) -> 0
A31: Reperaturen | B31: 706 | C31: =SUMIFS(Ausg._Liste!$H$4:$H$550,Ausg._Liste!$F$4:$F$550,706,Ausg._Liste!$G$4:$G$550,1) -> 0 | D31: =SUMIFS(Ausg._Liste!$H$4:$H$550,Ausg._Liste!$F$4:$F$550,706,Ausg._Liste!$G$4:$G$550,2) -> 0 | E31: =SUMIFS(Ausg._Liste!$H$4:$H$550,Ausg._Liste!$F$4:$F$550,706,Ausg._Liste!$G$4:$G$550,3) -> 0 | F31: =SUMIFS(Ausg._Liste!$H$4:$H$550,Ausg._Liste!$F$4:$F$550,706,Ausg._Liste!$G$4:$G$550,4) -> 0 | G31: =SUMIFS(Ausg._Liste!$H$4:$H$550,Ausg._Liste!$F$4:$F$550,706,Ausg._Liste!$G$4:$G$550,5) -> 0 | H31: =SUMIFS(Ausg._Liste!$H$4:$H$550,Ausg._Liste!$F$4:$F$550,706,Ausg._Liste!$G$4:$G$550,6) -> 0 | I31: =SUMIFS(Ausg._Liste!$H$4:$H$550,Ausg._Liste!$F$4:$F$550,706,Ausg._Liste!$G$4:$G$550,7) -> 0 | J31: =SUMIFS(Ausg._Liste!$H$4:$H$550,Ausg._Liste!$F$4:$F$550,706,Ausg._Liste!$G$4:$G$550,8) -> 0 | K31: =SUMIFS(Ausg._Liste!$H$4:$H$550,Ausg._Liste!$F$4:$F$550,706,Ausg._Liste!$G$4:$G$550,9) -> 0 | L31: =SUMIFS(Ausg._Liste!$H$4:$H$550,Ausg._Liste!$F$4:$F$550,706,Ausg._Liste!$G$4:$G$550,10) -> 0 | M31: =SUMIFS(Ausg._Liste!$H$4:$H$550,Ausg._Liste!$F$4:$F$550,706,Ausg._Liste!$G$4:$G$550,11) -> 0 | N31: =SUMIFS(Ausg._Liste!$H$4:$H$550,Ausg._Liste!$F$4:$F$550,706,Ausg._Liste!$G$4:$G$550,12) -> 0 | O31: =SUM(C31:N31) -> 0
A32: Kommunikation | B32: 800 | C32: =SUM(C33:C35) -> 0 | D32: =SUM(D33:D35) -> 0 | E32: =SUM(E33:E35) -> 0 | F32: =SUM(F33:F35) -> 0 | G32: =SUM(G33:G35) -> 0 | H32: =SUM(H33:H35) -> 0 | I32: =SUM(I33:I35) -> 0 | J32: =SUM(J33:J35) -> 0 | ... O32: =SUM(O33:O35) -> 0
A33: Büromaterial, Porto | B33: 803 | C33: =SUMIFS(Ausg._Liste!$H$4:$H$550,Ausg._Liste!$F$4:$F$550,803,Ausg._Liste!$G$4:$G$550,1) -> 0 | D33: =SUMIFS(Ausg._Liste!$H$4:$H$550,Ausg._Liste!$F$4:$F$550,803,Ausg._Liste!$G$4:$G$550,2) -> 0 | E33: =SUMIFS(Ausg._Liste!$H$4:$H$550,Ausg._Liste!$F$4:$F$550,803,Ausg._Liste!$G$4:$G$550,3) -> 0 | F33: =SUMIFS(Ausg._Liste!$H$4:$H$550,Ausg._Liste!$F$4:$F$550,803,Ausg._Liste!$G$4:$G$550,4) -> 0 | G33: =SUMIFS(Ausg._Liste!$H$4:$H$550,Ausg._Liste!$F$4:$F$550,803,Ausg._Liste!$G$4:$G$550,5) -> 0 | H33: =SUMIFS(Ausg._Liste!$H$4:$H$550,Ausg._Liste!$F$4:$F$550,803,Ausg._Liste!$G$4:$G$550,6) -> 0 | I33: =SUMIFS(Ausg._Liste!$H$4:$H$550,Ausg._Liste!$F$4:$F$550,803,Ausg._Liste!$G$4:$G$550,7) -> 0 | J33: =SUMIFS(Ausg._Liste!$H$4:$H$550,Ausg._Liste!$F$4:$F$550,803,Ausg._Liste!$G$4:$G$550,8) -> 0 | K33: =SUMIFS(Ausg._Liste!$H$4:$H$550,Ausg._Liste!$F$4:$F$550,803,Ausg._Liste!$G$4:$G$550,9) -> 0 | L33: =SUMIFS(Ausg._Liste!$H$4:$H$550,Ausg._Liste!$F$4:$F$550,803,Ausg._Liste!$G$4:$G$550,10) -> 0 | M33: =SUMIFS(Ausg._Liste!$H$4:$H$550,Ausg._Liste!$F$4:$F$550,803,Ausg._Liste!$G$4:$G$550,11) -> 0 | N33: =SUMIFS(Ausg._Liste!$H$4:$H$550,Ausg._Liste!$F$4:$F$550,803,Ausg._Liste!$G$4:$G$550,12) -> 0 | O33: =SUM(C33:N33) -> 0
A34: Computer (Hardware) | B34: 804 | C34: =SUMIFS(Ausg._Liste!$H$4:$H$550,Ausg._Liste!$F$4:$F$550,804,Ausg._Liste!$G$4:$G$550,1) -> 0 | D34: =SUMIFS(Ausg._Liste!$H$4:$H$550,Ausg._Liste!$F$4:$F$550,804,Ausg._Liste!$G$4:$G$550,2) -> 0 | E34: =SUMIFS(Ausg._Liste!$H$4:$H$550,Ausg._Liste!$F$4:$F$550,804,Ausg._Liste!$G$4:$G$550,3) -> 0 | F34: =SUMIFS(Ausg._Liste!$H$4:$H$550,Ausg._Liste!$F$4:$F$550,804,Ausg._Liste!$G$4:$G$550,4) -> 0 | G34: =SUMIFS(Ausg._Liste!$H$4:$H$550,Ausg._Liste!$F$4:$F$550,804,Ausg._Liste!$G$4:$G$550,5) -> 0 | H34: =SUMIFS(Ausg._Liste!$H$4:$H$550,Ausg._Liste!$F$4:$F$550,804,Ausg._Liste!$G$4:$G$550,6) -> 0 | I34: =SUMIFS(Ausg._Liste!$H$4:$H$550,Ausg._Liste!$F$4:$F$550,804,Ausg._Liste!$G$4:$G$550,7) -> 0 | J34: =SUMIFS(Ausg._Liste!$H$4:$H$550,Ausg._Liste!$F$4:$F$550,804,Ausg._Liste!$G$4:$G$550,8) -> 0 | K34: =SUMIFS(Ausg._Liste!$H$4:$H$550,Ausg._Liste!$F$4:$F$550,804,Ausg._Liste!$G$4:$G$550,9) -> 0 | L34: =SUMIFS(Ausg._Liste!$H$4:$H$550,Ausg._Liste!$F$4:$F$550,804,Ausg._Liste!$G$4:$G$550,10) -> 0 | M34: =SUMIFS(Ausg._Liste!$H$4:$H$550,Ausg._Liste!$F$4:$F$550,804,Ausg._Liste!$G$4:$G$550,11) -> 0 | N34: =SUMIFS(Ausg._Liste!$H$4:$H$550,Ausg._Liste!$F$4:$F$550,804,Ausg._Liste!$G$4:$G$550,12) -> 0 | O34: =SUM(C34:N34) -> 0
A35: Computer (Software) | B35: 805 | C35: =SUMIFS(Ausg._Liste!$H$4:$H$550,Ausg._Liste!$F$4:$F$550,805,Ausg._Liste!$G$4:$G$550,1) -> 0 | D35: =SUMIFS(Ausg._Liste!$H$4:$H$550,Ausg._Liste!$F$4:$F$550,805,Ausg._Liste!$G$4:$G$550,2) -> 0 | E35: =SUMIFS(Ausg._Liste!$H$4:$H$550,Ausg._Liste!$F$4:$F$550,805,Ausg._Liste!$G$4:$G$550,3) -> 0 | F35: =SUMIFS(Ausg._Liste!$H$4:$H$550,Ausg._Liste!$F$4:$F$550,805,Ausg._Liste!$G$4:$G$550,4) -> 0 | G35: =SUMIFS(Ausg._Liste!$H$4:$H$550,Ausg._Liste!$F$4:$F$550,805,Ausg._Liste!$G$4:$G$550,5) -> 0 | H35: =SUMIFS(Ausg._Liste!$H$4:$H$550,Ausg._Liste!$F$4:$F$550,805,Ausg._Liste!$G$4:$G$550,6) -> 0 | I35: =SUMIFS(Ausg._Liste!$H$4:$H$550,Ausg._Liste!$F$4:$F$550,805,Ausg._Liste!$G$4:$G$550,7) -> 0 | J35: =SUMIFS(Ausg._Liste!$H$4:$H$550,Ausg._Liste!$F$4:$F$550,805,Ausg._Liste!$G$4:$G$550,8) -> 0 | K35: =SUMIFS(Ausg._Liste!$H$4:$H$550,Ausg._Liste!$F$4:$F$550,805,Ausg._Liste!$G$4:$G$550,9) -> 0 | L35: =SUMIFS(Ausg._Liste!$H$4:$H$550,Ausg._Liste!$F$4:$F$550,805,Ausg._Liste!$G$4:$G$550,10) -> 0 | M35: =SUMIFS(Ausg._Liste!$H$4:$H$550,Ausg._Liste!$F$4:$F$550,805,Ausg._Liste!$G$4:$G$550,11) -> 0 | N35: =SUMIFS(Ausg._Liste!$H$4:$H$550,Ausg._Liste!$F$4:$F$550,805,Ausg._Liste!$G$4:$G$550,12) -> 0 | O35: =SUM(C35:N35) -> 0
A36: Bildung und Freizeit | B36: 900 | C36: =SUM(C37:C42) -> 0 | D36: =SUM(D37:D42) -> 0 | E36: =SUM(E37:E42) -> 0 | F36: =SUM(F37:F42) -> 0 | G36: =SUM(G37:G42) -> 0 | H36: =SUM(H37:H42) -> 0 | I36: =SUM(I37:I42) -> 0 | J36: =SUM(J37:J42) -> 0 | ... O36: =SUM(O37:O42) -> 0
A37: Bücher, Zeitschriften, Spiel, Sport | B37: 905 | C37: =SUMIFS(Ausg._Liste!$H$4:$H$550,Ausg._Liste!$F$4:$F$550,905,Ausg._Liste!$G$4:$G$550,1) -> 0 | D37: =SUMIFS(Ausg._Liste!$H$4:$H$550,Ausg._Liste!$F$4:$F$550,905,Ausg._Liste!$G$4:$G$550,2) -> 0 | E37: =SUMIFS(Ausg._Liste!$H$4:$H$550,Ausg._Liste!$F$4:$F$550,905,Ausg._Liste!$G$4:$G$550,3) -> 0 | F37: =SUMIFS(Ausg._Liste!$H$4:$H$550,Ausg._Liste!$F$4:$F$550,905,Ausg._Liste!$G$4:$G$550,4) -> 0 | G37: =SUMIFS(Ausg._Liste!$H$4:$H$550,Ausg._Liste!$F$4:$F$550,905,Ausg._Liste!$G$4:$G$550,5) -> 0 | H37: =SUMIFS(Ausg._Liste!$H$4:$H$550,Ausg._Liste!$F$4:$F$550,905,Ausg._Liste!$G$4:$G$550,6) -> 0 | I37: =SUMIFS(Ausg._Liste!$H$4:$H$550,Ausg._Liste!$F$4:$F$550,905,Ausg._Liste!$G$4:$G$550,7) -> 0 | J37: =SUMIFS(Ausg._Liste!$H$4:$H$550,Ausg._Liste!$F$4:$F$550,905,Ausg._Liste!$G$4:$G$550,8) -> 0 | K37: =SUMIFS(Ausg._Liste!$H$4:$H$550,Ausg._Liste!$F$4:$F$550,905,Ausg._Liste!$G$4:$G$550,9) -> 0 | L37: =SUMIFS(Ausg._Liste!$H$4:$H$550,Ausg._Liste!$F$4:$F$550,905,Ausg._Liste!$G$4:$G$550,10) -> 0 | M37: =SUMIFS(Ausg._Liste!$H$4:$H$550,Ausg._Liste!$F$4:$F$550,905,Ausg._Liste!$G$4:$G$550,11) -> 0 | N37: =SUMIFS(Ausg._Liste!$H$4:$H$550,Ausg._Liste!$F$4:$F$550,905,Ausg._Liste!$G$4:$G$550,12) -> 0 | O37: =SUM(C37:N37) -> 0
A38: Eintrittsgelder | B38: 906 | C38: =SUMIFS(Ausg._Liste!$H$4:$H$550,Ausg._Liste!$F$4:$F$550,906,Ausg._Liste!$G$4:$G$550,1) -> 0 | D38: =SUMIFS(Ausg._Liste!$H$4:$H$550,Ausg._Liste!$F$4:$F$550,906,Ausg._Liste!$G$4:$G$550,2) -> 0 | E38: =SUMIFS(Ausg._Liste!$H$4:$H$550,Ausg._Liste!$F$4:$F$550,906,Ausg._Liste!$G$4:$G$550,3) -> 0 | F38: =SUMIFS(Ausg._Liste!$H$4:$H$550,Ausg._Liste!$F$4:$F$550,906,Ausg._Liste!$G$4:$G$550,4) -> 0 | G38: =SUMIFS(Ausg._Liste!$H$4:$H$550,Ausg._Liste!$F$4:$F$550,906,Ausg._Liste!$G$4:$G$550,5) -> 0 | H38: =SUMIFS(Ausg._Liste!$H$4:$H$550,Ausg._Liste!$F$4:$F$550,906,Ausg._Liste!$G$4:$G$550,6) -> 0 | I38: =SUMIFS(Ausg._Liste!$H$4:$H$550,Ausg._Liste!$F$4:$F$550,906,Ausg._Liste!$G$4:$G$550,7) -> 0 | J38: =SUMIFS(Ausg._Liste!$H$4:$H$550,Ausg._Liste!$F$4:$F$550,906,Ausg._Liste!$G$4:$G$550,8) -> 0 | K38: =SUMIFS(Ausg._Liste!$H$4:$H$550,Ausg._Liste!$F$4:$F$550,906,Ausg._Liste!$G$4:$G$550,9) -> 0 | L38: =SUMIFS(Ausg._Liste!$H$4:$H$550,Ausg._Liste!$F$4:$F$550,906,Ausg._Liste!$G$4:$G$550,10) -> 0 | M38: =SUMIFS(Ausg._Liste!$H$4:$H$550,Ausg._Liste!$F$4:$F$550,906,Ausg._Liste!$G$4:$G$550,11) -> 0 | N38: =SUMIFS(Ausg._Liste!$H$4:$H$550,Ausg._Liste!$F$4:$F$550,906,Ausg._Liste!$G$4:$G$550,12) -> 0 | O38: =SUM(C38:N38) -> 0
A39: Pauschalreisen, Hotel, Ferienwohnung | B39: 907 | C39: =SUMIFS(Ausg._Liste!$H$4:$H$550,Ausg._Liste!$F$4:$F$550,907,Ausg._Liste!$G$4:$G$550,1) -> 0 | D39: =SUMIFS(Ausg._Liste!$H$4:$H$550,Ausg._Liste!$F$4:$F$550,907,Ausg._Liste!$G$4:$G$550,2) -> 0 | E39: =SUMIFS(Ausg._Liste!$H$4:$H$550,Ausg._Liste!$F$4:$F$550,907,Ausg._Liste!$G$4:$G$550,3) -> 0 | F39: =SUMIFS(Ausg._Liste!$H$4:$H$550,Ausg._Liste!$F$4:$F$550,907,Ausg._Liste!$G$4:$G$550,4) -> 0 | G39: =SUMIFS(Ausg._Liste!$H$4:$H$550,Ausg._Liste!$F$4:$F$550,907,Ausg._Liste!$G$4:$G$550,5) -> 0 | H39: =SUMIFS(Ausg._Liste!$H$4:$H$550,Ausg._Liste!$F$4:$F$550,907,Ausg._Liste!$G$4:$G$550,6) -> 0 | I39: =SUMIFS(Ausg._Liste!$H$4:$H$550,Ausg._Liste!$F$4:$F$550,907,Ausg._Liste!$G$4:$G$550,7) -> 0 | J39: =SUMIFS(Ausg._Liste!$H$4:$H$550,Ausg._Liste!$F$4:$F$550,907,Ausg._Liste!$G$4:$G$550,8) -> 0 | K39: =SUMIFS(Ausg._Liste!$H$4:$H$550,Ausg._Liste!$F$4:$F$550,907,Ausg._Liste!$G$4:$G$550,9) -> 0 | L39: =SUMIFS(Ausg._Liste!$H$4:$H$550,Ausg._Liste!$F$4:$F$550,907,Ausg._Liste!$G$4:$G$550,10) -> 0 | M39: =SUMIFS(Ausg._Liste!$H$4:$H$550,Ausg._Liste!$F$4:$F$550,907,Ausg._Liste!$G$4:$G$550,11) -> 0 | N39: =SUMIFS(Ausg._Liste!$H$4:$H$550,Ausg._Liste!$F$4:$F$550,907,Ausg._Liste!$G$4:$G$550,12) -> 0 | O39: =SUM(C39:N39) -> 0
A40: Geschenke | B40: 908 | C40: =SUMIFS(Ausg._Liste!$H$4:$H$550,Ausg._Liste!$F$4:$F$550,908,Ausg._Liste!$G$4:$G$550,1) -> 0 | D40: =SUMIFS(Ausg._Liste!$H$4:$H$550,Ausg._Liste!$F$4:$F$550,908,Ausg._Liste!$G$4:$G$550,2) -> 0 | E40: =SUMIFS(Ausg._Liste!$H$4:$H$550,Ausg._Liste!$F$4:$F$550,908,Ausg._Liste!$G$4:$G$550,3) -> 0 | F40: =SUMIFS(Ausg._Liste!$H$4:$H$550,Ausg._Liste!$F$4:$F$550,908,Ausg._Liste!$G$4:$G$550,4) -> 0 | G40: =SUMIFS(Ausg._Liste!$H$4:$H$550,Ausg._Liste!$F$4:$F$550,908,Ausg._Liste!$G$4:$G$550,5) -> 0 | H40: =SUMIFS(Ausg._Liste!$H$4:$H$550,Ausg._Liste!$F$4:$F$550,908,Ausg._Liste!$G$4:$G$550,6) -> 0 | I40: =SUMIFS(Ausg._Liste!$H$4:$H$550,Ausg._Liste!$F$4:$F$550,908,Ausg._Liste!$G$4:$G$550,7) -> 0 | J40: =SUMIFS(Ausg._Liste!$H$4:$H$550,Ausg._Liste!$F$4:$F$550,908,Ausg._Liste!$G$4:$G$550,8) -> 0 | K40: =SUMIFS(Ausg._Liste!$H$4:$H$550,Ausg._Liste!$F$4:$F$550,908,Ausg._Liste!$G$4:$G$550,9) -> 0 | L40: =SUMIFS(Ausg._Liste!$H$4:$H$550,Ausg._Liste!$F$4:$F$550,908,Ausg._Liste!$G$4:$G$550,10) -> 0 | M40: =SUMIFS(Ausg._Liste!$H$4:$H$550,Ausg._Liste!$F$4:$F$550,908,Ausg._Liste!$G$4:$G$550,11) -> 0 | N40: =SUMIFS(Ausg._Liste!$H$4:$H$550,Ausg._Liste!$F$4:$F$550,908,Ausg._Liste!$G$4:$G$550,12) -> 0 | O40: =SUM(C40:N40) -> 0
A41: Jagd | B41: 909 | C41: =SUMIFS(Ausg._Liste!$H$4:$H$550,Ausg._Liste!$F$4:$F$550,909,Ausg._Liste!$G$4:$G$550,1) -> 0 | D41: =SUMIFS(Ausg._Liste!$H$4:$H$550,Ausg._Liste!$F$4:$F$550,909,Ausg._Liste!$G$4:$G$550,2) -> 0 | E41: =SUMIFS(Ausg._Liste!$H$4:$H$550,Ausg._Liste!$F$4:$F$550,909,Ausg._Liste!$G$4:$G$550,3) -> 0 | F41: =SUMIFS(Ausg._Liste!$H$4:$H$550,Ausg._Liste!$F$4:$F$550,909,Ausg._Liste!$G$4:$G$550,4) -> 0 | G41: =SUMIFS(Ausg._Liste!$H$4:$H$550,Ausg._Liste!$F$4:$F$550,909,Ausg._Liste!$G$4:$G$550,5) -> 0 | H41: =SUMIFS(Ausg._Liste!$H$4:$H$550,Ausg._Liste!$F$4:$F$550,909,Ausg._Liste!$G$4:$G$550,6) -> 0 | I41: =SUMIFS(Ausg._Liste!$H$4:$H$550,Ausg._Liste!$F$4:$F$550,909,Ausg._Liste!$G$4:$G$550,7) -> 0 | J41: =SUMIFS(Ausg._Liste!$H$4:$H$550,Ausg._Liste!$F$4:$F$550,909,Ausg._Liste!$G$4:$G$550,8) -> 0 | K41: =SUMIFS(Ausg._Liste!$H$4:$H$550,Ausg._Liste!$F$4:$F$550,909,Ausg._Liste!$G$4:$G$550,9) -> 0 | L41: =SUMIFS(Ausg._Liste!$H$4:$H$550,Ausg._Liste!$F$4:$F$550,909,Ausg._Liste!$G$4:$G$550,10) -> 0 | M41: =SUMIFS(Ausg._Liste!$H$4:$H$550,Ausg._Liste!$F$4:$F$550,909,Ausg._Liste!$G$4:$G$550,11) -> 0 | N41: =SUMIFS(Ausg._Liste!$H$4:$H$550,Ausg._Liste!$F$4:$F$550,909,Ausg._Liste!$G$4:$G$550,12) -> 0 | O41: =SUM(C41:N41) -> 0
A42: Fotografie | B42: 910 | C42: =SUMIFS(Ausg._Liste!$H$4:$H$550,Ausg._Liste!$F$4:$F$550,910,Ausg._Liste!$G$4:$G$550,1) -> 0 | D42: =SUMIFS(Ausg._Liste!$H$4:$H$550,Ausg._Liste!$F$4:$F$550,910,Ausg._Liste!$G$4:$G$550,2) -> 0 | E42: =SUMIFS(Ausg._Liste!$H$4:$H$550,Ausg._Liste!$F$4:$F$550,910,Ausg._Liste!$G$4:$G$550,3) -> 0 | F42: =SUMIFS(Ausg._Liste!$H$4:$H$550,Ausg._Liste!$F$4:$F$550,910,Ausg._Liste!$G$4:$G$550,4) -> 0 | G42: =SUMIFS(Ausg._Liste!$H$4:$H$550,Ausg._Liste!$F$4:$F$550,910,Ausg._Liste!$G$4:$G$550,5) -> 0 | H42: =SUMIFS(Ausg._Liste!$H$4:$H$550,Ausg._Liste!$F$4:$F$550,910,Ausg._Liste!$G$4:$G$550,6) -> 0 | I42: =SUMIFS(Ausg._Liste!$H$4:$H$550,Ausg._Liste!$F$4:$F$550,910,Ausg._Liste!$G$4:$G$550,7) -> 0 | J42: =SUMIFS(Ausg._Liste!$H$4:$H$550,Ausg._Liste!$F$4:$F$550,910,Ausg._Liste!$G$4:$G$550,8) -> 0 | K42: =SUMIFS(Ausg._Liste!$H$4:$H$550,Ausg._Liste!$F$4:$F$550,910,Ausg._Liste!$G$4:$G$550,9) -> 0 | L42: =SUMIFS(Ausg._Liste!$H$4:$H$550,Ausg._Liste!$F$4:$F$550,910,Ausg._Liste!$G$4:$G$550,10) -> 0 | M42: =SUMIFS(Ausg._Liste!$H$4:$H$550,Ausg._Liste!$F$4:$F$550,910,Ausg._Liste!$G$4:$G$550,11) -> 0 | N42: =SUMIFS(Ausg._Liste!$H$4:$H$550,Ausg._Liste!$F$4:$F$550,910,Ausg._Liste!$G$4:$G$550,12) -> 0 | O42: =SUM(C42:N42) -> 0
A43: Beiträge, Honorare, Geldtransfers | B43: 1100 | C43: =SUM(C44:C45) -> 0 | D43: =SUM(D44:D45) -> 0 | E43: =SUM(E44:E45) -> 0 | F43: =SUM(F44:F45) -> 0 | G43: =SUM(G44:G45) -> 0 | H43: =SUM(H44:H45) -> 0 | I43: =SUM(I44:I45) -> 0 | J43: =SUM(J44:J45) -> 0 | ... O43: =SUM(O44:O45) -> 0
A44: Gebühren | B44: 1103 | C44: =SUMIFS(Ausg._Liste!$H$4:$H$550,Ausg._Liste!$F$4:$F$550,1103,Ausg._Liste!$G$4:$G$550,1) -> 0 | D44: =SUMIFS(Ausg._Liste!$H$4:$H$550,Ausg._Liste!$F$4:$F$550,1103,Ausg._Liste!$G$4:$G$550,2) -> 0 | E44: =SUMIFS(Ausg._Liste!$H$4:$H$550,Ausg._Liste!$F$4:$F$550,1103,Ausg._Liste!$G$4:$G$550,3) -> 0 | F44: =SUMIFS(Ausg._Liste!$H$4:$H$550,Ausg._Liste!$F$4:$F$550,1103,Ausg._Liste!$G$4:$G$550,4) -> 0 | G44: =SUMIFS(Ausg._Liste!$H$4:$H$550,Ausg._Liste!$F$4:$F$550,1103,Ausg._Liste!$G$4:$G$550,5) -> 0 | H44: =SUMIFS(Ausg._Liste!$H$4:$H$550,Ausg._Liste!$F$4:$F$550,1103,Ausg._Liste!$G$4:$G$550,6) -> 0 | I44: =SUMIFS(Ausg._Liste!$H$4:$H$550,Ausg._Liste!$F$4:$F$550,1103,Ausg._Liste!$G$4:$G$550,7) -> 0 | J44: =SUMIFS(Ausg._Liste!$H$4:$H$550,Ausg._Liste!$F$4:$F$550,1103,Ausg._Liste!$G$4:$G$550,8) -> 0 | K44: =SUMIFS(Ausg._Liste!$H$4:$H$550,Ausg._Liste!$F$4:$F$550,1103,Ausg._Liste!$G$4:$G$550,9) -> 0 | L44: =SUMIFS(Ausg._Liste!$H$4:$H$550,Ausg._Liste!$F$4:$F$550,1103,Ausg._Liste!$G$4:$G$550,10) -> 0 | M44: =SUMIFS(Ausg._Liste!$H$4:$H$550,Ausg._Liste!$F$4:$F$550,1103,Ausg._Liste!$G$4:$G$550,11) -> 0 | N44: =SUMIFS(Ausg._Liste!$H$4:$H$550,Ausg._Liste!$F$4:$F$550,1103,Ausg._Liste!$G$4:$G$550,12) -> 0 | O44: =SUM(C44:N44) -> 0
A45: Geldspenden | B45: 1104 | C45: =SUMIFS(Ausg._Liste!$H$4:$H$550,Ausg._Liste!$F$4:$F$550,1104,Ausg._Liste!$G$4:$G$550,1) -> 0 | D45: =SUMIFS(Ausg._Liste!$H$4:$H$550,Ausg._Liste!$F$4:$F$550,1104,Ausg._Liste!$G$4:$G$550,2) -> 0 | E45: =SUMIFS(Ausg._Liste!$H$4:$H$550,Ausg._Liste!$F$4:$F$550,1104,Ausg._Liste!$G$4:$G$550,3) -> 0 | F45: =SUMIFS(Ausg._Liste!$H$4:$H$550,Ausg._Liste!$F$4:$F$550,1104,Ausg._Liste!$G$4:$G$550,4) -> 0 | G45: =SUMIFS(Ausg._Liste!$H$4:$H$550,Ausg._Liste!$F$4:$F$550,1104,Ausg._Liste!$G$4:$G$550,5) -> 0 | H45: =SUMIFS(Ausg._Liste!$H$4:$H$550,Ausg._Liste!$F$4:$F$550,1104,Ausg._Liste!$G$4:$G$550,6) -> 0 | I45: =SUMIFS(Ausg._Liste!$H$4:$H$550,Ausg._Liste!$F$4:$F$550,1104,Ausg._Liste!$G$4:$G$550,7) -> 0 | J45: =SUMIFS(Ausg._Liste!$H$4:$H$550,Ausg._Liste!$F$4:$F$550,1104,Ausg._Liste!$G$4:$G$550,8) -> 0 | K45: =SUMIFS(Ausg._Liste!$H$4:$H$550,Ausg._Liste!$F$4:$F$550,1104,Ausg._Liste!$G$4:$G$550,9) -> 0 | L45: =SUMIFS(Ausg._Liste!$H$4:$H$550,Ausg._Liste!$F$4:$F$550,1104,Ausg._Liste!$G$4:$G$550,10) -> 0 | M45: =SUMIFS(Ausg._Liste!$H$4:$H$550,Ausg._Liste!$F$4:$F$550,1104,Ausg._Liste!$G$4:$G$550,11) -> 0 | N45: =SUMIFS(Ausg._Liste!$H$4:$H$550,Ausg._Liste!$F$4:$F$550,1104,Ausg._Liste!$G$4:$G$550,12) -> 0 | O45: =SUM(C45:N45) -> 0
A46: Außerordentliche Aufwendungen | B46: 1500 | C46: =SUM(C47:C50) -> 0 | D46: =SUM(D47:D50) -> 0 | E46: =SUM(E47:E50) -> 0 | F46: =SUM(F47:F50) -> 0 | G46: =SUM(G47:G50) -> 0 | H46: =SUM(H47:H50) -> 0 | I46: =SUM(I47:I50) -> 0 | J46: =SUM(J47:J50) -> 0 | ... O46: =SUM(O47:O50) -> 0
A47: Investitionen (> 800 €) | B47: 1501 | C47: =SUMIFS(Ausg._Liste!$H$4:$H$550,Ausg._Liste!$F$4:$F$550,1501,Ausg._Liste!$G$4:$G$550,1) -> 0 | D47: =SUMIFS(Ausg._Liste!$H$4:$H$550,Ausg._Liste!$F$4:$F$550,1502,Ausg._Liste!$G$4:$G$550,2) -> 0 | E47: =SUMIFS(Ausg._Liste!$H$4:$H$550,Ausg._Liste!$F$4:$F$550,1502,Ausg._Liste!$G$4:$G$550,3) -> 0 | F47: =SUMIFS(Ausg._Liste!$H$4:$H$550,Ausg._Liste!$F$4:$F$550,1502,Ausg._Liste!$G$4:$G$550,4) -> 0 | G47: =SUMIFS(Ausg._Liste!$H$4:$H$550,Ausg._Liste!$F$4:$F$550,1502,Ausg._Liste!$G$4:$G$550,5) -> 0 | H47: =SUMIFS(Ausg._Liste!$H$4:$H$550,Ausg._Liste!$F$4:$F$550,1502,Ausg._Liste!$G$4:$G$550,6) -> 0 | I47: =SUMIFS(Ausg._Liste!$H$4:$H$550,Ausg._Liste!$F$4:$F$550,1502,Ausg._Liste!$G$4:$G$550,7) -> 0 | J47: =SUMIFS(Ausg._Liste!$H$4:$H$550,Ausg._Liste!$F$4:$F$550,1502,Ausg._Liste!$G$4:$G$550,8) -> 0 | K47: =SUMIFS(Ausg._Liste!$H$4:$H$550,Ausg._Liste!$F$4:$F$550,1502,Ausg._Liste!$G$4:$G$550,9) -> 0 | L47: =SUMIFS(Ausg._Liste!$H$4:$H$550,Ausg._Liste!$F$4:$F$550,1502,Ausg._Liste!$G$4:$G$550,10) -> 0 | M47: =SUMIFS(Ausg._Liste!$H$4:$H$550,Ausg._Liste!$F$4:$F$550,1502,Ausg._Liste!$G$4:$G$550,11) -> 0 | N47: =SUMIFS(Ausg._Liste!$H$4:$H$550,Ausg._Liste!$F$4:$F$550,1502,Ausg._Liste!$G$4:$G$550,12) -> 0 | O47: =SUM(C47:N47) -> 0
A48: Zuzahlungen (> 1000 €) | B48: 1502 | C48: =SUMIFS(Ausg._Liste!$H$4:$H$550,Ausg._Liste!$F$4:$F$550,1502,Ausg._Liste!$G$4:$G$550,1) -> 0 | D48: =SUMIFS(Ausg._Liste!$H$4:$H$550,Ausg._Liste!$F$4:$F$550,1502,Ausg._Liste!$G$4:$G$550,2) -> 0 | E48: =SUMIFS(Ausg._Liste!$H$4:$H$550,Ausg._Liste!$F$4:$F$550,1502,Ausg._Liste!$G$4:$G$550,3) -> 0 | F48: =SUMIFS(Ausg._Liste!$H$4:$H$550,Ausg._Liste!$F$4:$F$550,1502,Ausg._Liste!$G$4:$G$550,4) -> 0 | G48: =SUMIFS(Ausg._Liste!$H$4:$H$550,Ausg._Liste!$F$4:$F$550,1502,Ausg._Liste!$G$4:$G$550,5) -> 0 | H48: =SUMIFS(Ausg._Liste!$H$4:$H$550,Ausg._Liste!$F$4:$F$550,1502,Ausg._Liste!$G$4:$G$550,6) -> 0 | I48: =SUMIFS(Ausg._Liste!$H$4:$H$550,Ausg._Liste!$F$4:$F$550,1502,Ausg._Liste!$G$4:$G$550,7) -> 0 | J48: =SUMIFS(Ausg._Liste!$H$4:$H$550,Ausg._Liste!$F$4:$F$550,1502,Ausg._Liste!$G$4:$G$550,8) -> 0 | K48: =SUMIFS(Ausg._Liste!$H$4:$H$550,Ausg._Liste!$F$4:$F$550,1502,Ausg._Liste!$G$4:$G$550,9) -> 0 | L48: =SUMIFS(Ausg._Liste!$H$4:$H$550,Ausg._Liste!$F$4:$F$550,1502,Ausg._Liste!$G$4:$G$550,10) -> 0 | M48: =SUMIFS(Ausg._Liste!$H$4:$H$550,Ausg._Liste!$F$4:$F$550,1502,Ausg._Liste!$G$4:$G$550,11) -> 0 | N48: =SUMIFS(Ausg._Liste!$H$4:$H$550,Ausg._Liste!$F$4:$F$550,1502,Ausg._Liste!$G$4:$G$550,12) -> 0 | O48: =SUM(C48:N48) -> 0
A49: Familienfeiern (> 1000 €) | B49: 1503 | C49: =SUMIFS(Ausg._Liste!$H$4:$H$550,Ausg._Liste!$F$4:$F$550,1503,Ausg._Liste!$G$4:$G$550,1) -> 0 | D49: =SUMIFS(Ausg._Liste!$H$4:$H$550,Ausg._Liste!$F$4:$F$550,1503,Ausg._Liste!$G$4:$G$550,2) -> 0 | E49: =SUMIFS(Ausg._Liste!$H$4:$H$550,Ausg._Liste!$F$4:$F$550,1503,Ausg._Liste!$G$4:$G$550,3) -> 0 | F49: =SUMIFS(Ausg._Liste!$H$4:$H$550,Ausg._Liste!$F$4:$F$550,1503,Ausg._Liste!$G$4:$G$550,4) -> 0 | G49: =SUMIFS(Ausg._Liste!$H$4:$H$550,Ausg._Liste!$F$4:$F$550,1503,Ausg._Liste!$G$4:$G$550,5) -> 0 | H49: =SUMIFS(Ausg._Liste!$H$4:$H$550,Ausg._Liste!$F$4:$F$550,1503,Ausg._Liste!$G$4:$G$550,6) -> 0 | I49: =SUMIFS(Ausg._Liste!$H$4:$H$550,Ausg._Liste!$F$4:$F$550,1503,Ausg._Liste!$G$4:$G$550,7) -> 0 | J49: =SUMIFS(Ausg._Liste!$H$4:$H$550,Ausg._Liste!$F$4:$F$550,1503,Ausg._Liste!$G$4:$G$550,8) -> 0 | K49: =SUMIFS(Ausg._Liste!$H$4:$H$550,Ausg._Liste!$F$4:$F$550,1503,Ausg._Liste!$G$4:$G$550,9) -> 0 | L49: =SUMIFS(Ausg._Liste!$H$4:$H$550,Ausg._Liste!$F$4:$F$550,1503,Ausg._Liste!$G$4:$G$550,10) -> 0 | M49: =SUMIFS(Ausg._Liste!$H$4:$H$550,Ausg._Liste!$F$4:$F$550,1503,Ausg._Liste!$G$4:$G$550,11) -> 0 | N49: =SUMIFS(Ausg._Liste!$H$4:$H$550,Ausg._Liste!$F$4:$F$550,1503,Ausg._Liste!$G$4:$G$550,12) -> 0 | O49: =SUM(C49:N49) -> 0
A50: Abfindungen, Heiratsgut | B50: 1504 | C50: =SUMIFS(Ausg._Liste!$H$4:$H$550,Ausg._Liste!$F$4:$F$550,1504,Ausg._Liste!$G$4:$G$550,1) -> 0 | D50: =SUMIFS(Ausg._Liste!$H$4:$H$550,Ausg._Liste!$F$4:$F$550,1504,Ausg._Liste!$G$4:$G$550,2) -> 0 | E50: =SUMIFS(Ausg._Liste!$H$4:$H$550,Ausg._Liste!$F$4:$F$550,1504,Ausg._Liste!$G$4:$G$550,3) -> 0 | F50: =SUMIFS(Ausg._Liste!$H$4:$H$550,Ausg._Liste!$F$4:$F$550,1504,Ausg._Liste!$G$4:$G$550,4) -> 0 | G50: =SUMIFS(Ausg._Liste!$H$4:$H$550,Ausg._Liste!$F$4:$F$550,1504,Ausg._Liste!$G$4:$G$550,5) -> 0 | H50: =SUMIFS(Ausg._Liste!$H$4:$H$550,Ausg._Liste!$F$4:$F$550,1504,Ausg._Liste!$G$4:$G$550,6) -> 0 | I50: =SUMIFS(Ausg._Liste!$H$4:$H$550,Ausg._Liste!$F$4:$F$550,1504,Ausg._Liste!$G$4:$G$550,7) -> 0 | J50: =SUMIFS(Ausg._Liste!$H$4:$H$550,Ausg._Liste!$F$4:$F$550,1504,Ausg._Liste!$G$4:$G$550,8) -> 0 | K50: =SUMIFS(Ausg._Liste!$H$4:$H$550,Ausg._Liste!$F$4:$F$550,1504,Ausg._Liste!$G$4:$G$550,9) -> 0 | L50: =SUMIFS(Ausg._Liste!$H$4:$H$550,Ausg._Liste!$F$4:$F$550,1504,Ausg._Liste!$G$4:$G$550,10) -> 0 | M50: =SUMIFS(Ausg._Liste!$H$4:$H$550,Ausg._Liste!$F$4:$F$550,1504,Ausg._Liste!$G$4:$G$550,11) -> 0 | N50: =SUMIFS(Ausg._Liste!$H$4:$H$550,Ausg._Liste!$F$4:$F$550,1504,Ausg._Liste!$G$4:$G$550,12) -> 0 | O50: =SUM(C50:N50) -> 0

Sheet Kreditkartenausgaben
A1: Aufteilung Kreditkartenausgaben | G1: LBBerlin | I1: Nach Einzug durch die Bank ist die Aus._Liste zu ergänzen!
A2: Monat | B2: Einzug | C2: Betrag | D2: Kraftstoff | E2: Kaffee | F2: Alkoh. Getränke | G2: Bücher, Zeitschriften | H2: Software | I2: Hardware | J2: Kfz. Zubehör | K2: Kartengebühr | L2: Rückzahlung Weihnachtskredit | M2: Kontrolle
A3: Januar | C3: =SUMIFS(Ausg._Liste!H4:H250,Ausg._Liste!B4:B250,"Kreditkarte",Ausg._Liste!G4:G250,1) -> 0 | D3: {=SUMIFS($D$18:$D$2045,$I$18:$I$2045,705,$J$18:$J$2045,1)} -> 0 | E3: =SUMIFS($D$18:$D$2045,$I$18:$I$2045,401,$J$18:$J$2045,1) -> 0 | F3: =SUMIFS($D$18:$D$2045,$I$18:$I$2045,402,$J$18:$J$2045,1) -> 0 | G3: =SUMIFS($D$18:$D$2045,$I$18:$I$2045,905,$J$18:$J$2045,1) -> 0 | H3: =SUMIFS($D$18:$D$2045,$I$18:$I$2045,805,$J$18:$J$2045,1) -> 0 | I3: =SUMIFS($D$18:$D$2045,$I$18:$I$2045,804,$J$18:$J$2045,1) -> 0 | J3: =SUMIFS($D$18:$D$2045,$I$18:$I$2045,706,$J$18:$J$2045,1) -> 0 | K3: =SUMIFS($D$18:$D$2045,$I$18:$I$2045,1407,$J$18:$J$2045,1) -> 0 | L3: =SUMIFS($D$18:$D$2045,$I$18:$I$2045,1402,$J$18:$J$2045,1) -> 0 | M3: =SUM(D3:L3) -> 0
A4: Februar | C4: =SUMIFS(Ausg._Liste!$H$4:$H$250,Ausg._Liste!$B$4:$B$250,"Kreditkarte",Ausg._Liste!$G$4:$G$250,2) -> 0 | D4: =SUMIFS($D$18:$D$2045,$I$18:$I$2045,705,$J$18:$J$2045,2) -> 0 | E4: =SUMIFS($D$18:$D$2045,$I$18:$I$2045,401,$J$18:$J$2045,2) -> 0 | F4: =SUMIFS($D$18:$D$2045,$I$18:$I$2045,402,$J$18:$J$2045,2) -> 0 | G4: =SUMIFS($D$18:$D$2045,$I$18:$I$2045,905,$J$18:$J$2045,2) -> 0 | H4: =SUMIFS($D$18:$D$2045,$I$18:$I$2045,805,$J$18:$J$2045,2) -> 0 | I4: =SUMIFS($D$18:$D$2045,$I$18:$I$2045,804,$J$18:$J$2045,2) -> 0 | J4: =SUMIFS($D$18:$D$2045,$I$18:$I$2045,706,$J$18:$J$2045,2) -> 0 | K4: =SUMIFS($D$18:$D$2045,$I$18:$I$2045,1407,$J$18:$J$2045,2) -> 0 | L4: =SUMIFS($D$18:$D$2045,$I$18:$I$2045,"",$J$18:$J$2045,2) -> 0 | M4: =SUM(D4:L4) -> 0
A5: März | C5: =SUMIFS(Ausg._Liste!$H$4:$H$250,Ausg._Liste!$B$4:$B$250,"Kreditkarte",Ausg._Liste!$G$4:$G$250,3) -> 0 | D5: =SUMIFS($D$18:$D$2045,$I$18:$I$2045,705,$J$18:$J$2045,3) -> 0 | E5: =SUMIFS($D$18:$D$2045,$I$18:$I$2045,401,$J$18:$J$2045,3) -> 0 | F5: =SUMIFS($D$18:$D$2045,$I$18:$I$2045,402,$J$18:$J$2045,3) -> 0 | G5: =SUMIFS($D$18:$D$2045,$I$18:$I$2045,905,$J$18:$J$2045,3) -> 0 | H5: =SUMIFS($D$18:$D$2045,$I$18:$I$2045,805,$J$18:$J$2045,3) -> 0 | I5: =SUMIFS($D$18:$D$2045,$I$18:$I$2045,804,$J$18:$J$2045,3) -> 0 | J5: =SUMIFS($D$18:$D$2045,$I$18:$I$2045,706,$J$18:$J$2045,3) -> 0 | K5: =SUMIFS($D$18:$D$2045,$I$18:$I$2045,1407,$J$18:$J$2045,13) -> 0 | L5: =SUMIFS($D$18:$D$2045,$I$18:$I$2045,"",$J$18:$J$2045,3) -> 0 | M5: =SUM(D5:L5) -> 0
A6: April | C6: =SUMIFS(Ausg._Liste!$H$4:$H$250,Ausg._Liste!$B$4:$B$250,"Kreditkarte",Ausg._Liste!$G$4:$G$250,4) -> 0 | D6: =SUMIFS($D$18:$D$2045,$I$18:$I$2045,705,$J$18:$J$2045,4) -> 0 | E6: =SUMIFS($D$18:$D$2045,$I$18:$I$2045,401,$J$18:$J$2045,4) -> 0 | F6: =SUMIFS($D$18:$D$2045,$I$18:$I$2045,402,$J$18:$J$2045,4) -> 0 | G6: =SUMIFS($D$18:$D$2045,$I$18:$I$2045,905,$J$18:$J$2045,4) -> 0 | H6: =SUMIFS($D$18:$D$2045,$I$18:$I$2045,805,$J$18:$J$2045,4) -> 0 | I6: =SUMIFS($D$18:$D$2045,$I$18:$I$2045,804,$J$18:$J$2045,4) -> 0 | J6: =SUMIFS($D$18:$D$2045,$I$18:$I$2045,706,$J$18:$J$2045,4) -> 0 | K6: =SUMIFS($D$18:$D$2045,$I$18:$I$2045,1407,$J$18:$J$2045,4) -> 0 | L6: =SUMIFS($D$18:$D$2045,$I$18:$I$2045,"",$J$18:$J$2045,4) -> 0 | M6: =SUM(D6:L6) -> 0
A7: Mai | C7: =SUMIFS(Ausg._Liste!$H$4:$H$250,Ausg._Liste!$B$4:$B$250,"Kreditkarte",Ausg._Liste!$G$4:$G$250,5) -> 0 | D7: =SUMIFS($D$18:$D$2045,$I$18:$I$2045,705,$J$18:$J$2045,5) -> 0 | E7: =SUMIFS($D$18:$D$2045,$I$18:$I$2045,401,$J$18:$J$2045,5) -> 0 | F7: =SUMIFS($D$18:$D$2045,$I$18:$I$2045,402,$J$18:$J$2045,5) -> 0 | G7: =SUMIFS($D$18:$D$2045,$I$18:$I$2045,905,$J$18:$J$2045,5) -> 0 | H7: =SUMIFS($D$18:$D$2045,$I$18:$I$2045,805,$J$18:$J$2045,5) -> 0 | I7: =SUMIFS($D$18:$D$2045,$I$18:$I$2045,804,$J$18:$J$2045,5) -> 0 | J7: =SUMIFS($D$18:$D$2045,$I$18:$I$2045,706,$J$18:$J$2045,5) -> 0 | K7: =SUMIFS($D$18:$D$2045,$I$18:$I$2045,1407,$J$18:$J$2045,5) -> 0 | L7: =SUMIFS($D$18:$D$2045,$I$18:$I$2045,"",$J$18:$J$2045,5) -> 0 | M7: =SUM(D7:L7) -> 0
A8: Juni | C8: =SUMIFS(Ausg._Liste!$H$4:$H$250,Ausg._Liste!$B$4:$B$250,"Kreditkarte",Ausg._Liste!$G$4:$G$250,6) -> 0 | D8: =SUMIFS($D$18:$D$2045,$I$18:$I$2045,705,$J$18:$J$2045,6) -> 0 | E8: =SUMIFS($D$18:$D$2045,$I$18:$I$2045,401,$J$18:$J$2045,6) -> 0 | F8: =SUMIFS($D$18:$D$2045,$I$18:$I$2045,402,$J$18:$J$2045,6) -> 0 | G8: =SUMIFS($D$18:$D$2045,$I$18:$I$2045,905,$J$18:$J$2045,6) -> 0 | H8: =SUMIFS($D$18:$D$2045,$I$18:$I$2045,805,$J$18:$J$2045,6) -> 0 | I8: =SUMIFS($D$18:$D$2045,$I$18:$I$2045,804,$J$18:$J$2045,6) -> 0 | J8: =SUMIFS($D$18:$D$2045,$I$18:$I$2045,706,$J$18:$J$2045,16) -> 0 | K8: =SUMIFS($D$18:$D$2045,$I$18:$I$2045,1407,$J$18:$J$2045,6) -> 0 | L8: =SUMIFS($D$18:$D$2045,$I$18:$I$2045,"",$J$18:$J$2045,6) -> 0 | M8: =SUM(D8:L8) -> 0
A9: Juli | C9: =SUMIFS(Ausg._Liste!$H$4:$H$250,Ausg._Liste!$B$4:$B$250,"Kreditkarte",Ausg._Liste!$G$4:$G$250,7) -> 0 | D9: =SUMIFS($D$18:$D$2045,$I$18:$I$2045,705,$J$18:$J$2045,7) -> 0 | E9: =SUMIFS($D$18:$D$2045,$I$18:$I$2045,401,$J$18:$J$2045,7) -> 0 | F9: =SUMIFS($D$18:$D$2045,$I$18:$I$2045,402,$J$18:$J$2045,7) -> 0 | G9: =SUMIFS($D$18:$D$2045,$I$18:$I$2045,905,$J$18:$J$2045,7) -> 0 | H9: =SUMIFS($D$18:$D$2045,$I$18:$I$2045,805,$J$18:$J$2045,7) -> 0 | I9: =SUMIFS($D$18:$D$2045,$I$18:$I$2045,804,$J$18:$J$2045,7) -> 0 | J9: =SUMIFS($D$18:$D$2045,$I$18:$I$2045,706,$J$18:$J$2045,7) -> 0 | K9: =SUMIFS($D$18:$D$2045,$I$18:$I$2045,1407,$J$18:$J$2045,7) -> 0 | L9: =SUMIFS($D$18:$D$2045,$I$18:$I$2045,"",$J$18:$J$2045,7) -> 0 | M9: =SUM(D9:L9) -> 0
A10: August | C10: =SUMIFS(Ausg._Liste!$H$4:$H$250,Ausg._Liste!$B$4:$B$250,"Kreditkarte",Ausg._Liste!$G$4:$G$250,8) -> 0 | D10: =SUMIFS($D$18:$D$2045,$I$18:$I$2045,705,$J$18:$J$2045,8) -> 0 | E10: =SUMIFS($D$18:$D$2045,$I$18:$I$2045,401,$J$18:$J$2045,8) -> 0 | F10: =SUMIFS($D$18:$D$2045,$I$18:$I$2045,402,$J$18:$J$2045,8) -> 0 | G10: =SUMIFS($D$18:$D$2045,$I$18:$I$2045,905,$J$18:$J$2045,8) -> 0 | H10: =SUMIFS($D$18:$D$2045,$I$18:$I$2045,805,$J$18:$J$2045,8) -> 0 | I10: =SUMIFS($D$18:$D$2045,$I$18:$I$2045,804,$J$18:$J$2045,8) -> 0 | J10: =SUMIFS($D$18:$D$2045,$I$18:$I$2045,706,$J$18:$J$2045,8) -> 0 | K10: =SUMIFS($D$18:$D$2045,$I$18:$I$2045,1407,$J$18:$J$2045,8) -> 0 | L10: =SUMIFS($D$18:$D$2045,$I$18:$I$2045,"",$J$18:$J$2045,8) -> 0 | M10: =SUM(D10:L10) -> 0
A11: September | C11: =SUMIFS(Ausg._Liste!$H$4:$H$250,Ausg._Liste!$B$4:$B$250,"Kreditkarte",Ausg._Liste!$G$4:$G$250,9) -> 0 | D11: =SUMIFS($D$18:$D$2045,$I$18:$I$2045,705,$J$18:$J$2045,9) -> 0 | E11: =SUMIFS($D$18:$D$2045,$I$18:$I$2045,401,$J$18:$J$2045,9) -> 0 | F11: =SUMIFS($D$18:$D$2045,$I$18:$I$2045,402,$J$18:$J$2045,9) -> 0 | G11: =SUMIFS($D$18:$D$2045,$I$18:$I$2045,905,$J$18:$J$2045,9) -> 0 | H11: =SUMIFS($D$18:$D$2045,$I$18:$I$2045,805,$J$18:$J$2045,9) -> 0 | I11: =SUMIFS($D$18:$D$2045,$I$18:$I$2045,804,$J$18:$J$2045,9) -> 0 | J11: =SUMIFS($D$18:$D$2045,$I$18:$I$2045,706,$J$18:$J$2045,9) -> 0 | K11: =SUMIFS($D$18:$D$2045,$I$18:$I$2045,1407,$J$18:$J$2045,9) -> 0 | L11: =SUMIFS($D$18:$D$2045,$I$18:$I$2045,"",$J$18:$J$2045,9) -> 0 | M11: =SUM(D11:L11) -> 0
A12: Oktober | C12: =SUMIFS(Ausg._Liste!$H$4:$H$250,Ausg._Liste!$B$4:$B$250,"Kreditkarte",Ausg._Liste!$G$4:$G$250,10) -> 0 | D12: =SUMIFS($D$18:$D$2045,$I$18:$I$2045,705,$J$18:$J$2045,10) -> 0 | E12: =SUMIFS($D$18:$D$2045,$I$18:$I$2045,401,$J$18:$J$2045,10) -> 0 | F12: =SUMIFS($D$18:$D$2045,$I$18:$I$2045,402,$J$18:$J$2045,10) -> 0 | G12: =SUMIFS($D$18:$D$2045,$I$18:$I$2045,905,$J$18:$J$2045,10) -> 0 | H12: =SUMIFS($D$18:$D$2045,$I$18:$I$2045,805,$J$18:$J$2045,10) -> 0 | I12: =SUMIFS($D$18:$D$2045,$I$18:$I$2045,804,$J$18:$J$2045,10) -> 0 | J12: =SUMIFS($D$18:$D$2045,$I$18:$I$2045,706,$J$18:$J$2045,10) -> 0 | K12: =SUMIFS($D$18:$D$2045,$I$18:$I$2045,1407,$J$18:$J$2045,10) -> 0 | L12: =SUMIFS($D$18:$D$2045,$I$18:$I$2045,"",$J$18:$J$2045,10) -> 0 | M12: =SUM(D12:L12) -> 0
A13: November | C13: =SUMIFS(Ausg._Liste!$H$4:$H$250,Ausg._Liste!$B$4:$B$250,"Kreditkarte",Ausg._Liste!$G$4:$G$250,11) -> 0 | D13: =SUMIFS($D$18:$D$2045,$I$18:$I$2045,705,$J$18:$J$2045,11) -> 0 | E13: =SUMIFS($D$18:$D$2045,$I$18:$I$2045,401,$J$18:$J$2045,11) -> 0 | F13: =SUMIFS($D$18:$D$2045,$I$18:$I$2045,402,$J$18:$J$2045,11) -> 0 | G13: =SUMIFS($D$18:$D$2045,$I$18:$I$2045,905,$J$18:$J$2045,11) -> 0 | H13: =SUMIFS($D$18:$D$2045,$I$18:$I$2045,805,$J$18:$J$2045,11) -> 0 | I13: =SUMIFS($D$18:$D$2045,$I$18:$I$2045,804,$J$18:$J$2045,11) -> 0 | J13: =SUMIFS($D$18:$D$2045,$I$18:$I$2045,706,$J$18:$J$2045,11) -> 0 | K13: =SUMIFS($D$18:$D$2045,$I$18:$I$2045,1407,$J$18:$J$2045,11) -> 0 | L13: =SUMIFS($D$18:$D$2045,$I$18:$I$2045,"",$J$18:$J$2045,11) -> 0 | M13: =SUM(D13:L13) -> 0
A14: Dezember | C14: =SUMIFS(Ausg._Liste!$H$4:$H$250,Ausg._Liste!$B$4:$B$250,"Kreditkarte",Ausg._Liste!$G$4:$G$250,12) -> 0 | D14: =SUMIFS($D$18:$D$2045,$I$18:$I$2045,705,$J$18:$J$2045,12) -> 0 | E14: =SUMIFS($D$18:$D$2045,$I$18:$I$2045,401,$J$18:$J$2045,12) -> 0 | F14: =SUMIFS($D$18:$D$2045,$I$18:$I$2045,402,$J$18:$J$2045,12) -> 0 | G14: =SUMIFS($D$18:$D$2045,$I$18:$I$2045,905,$J$18:$J$2045,12) -> 0 | H14: =SUMIFS($D$18:$D$2045,$I$18:$I$2045,805,$J$18:$J$2045,12) -> 0 | I14: =SUMIFS($D$18:$D$2045,$I$18:$I$2045,804,$J$18:$J$2045,12) -> 0 | J14: =SUMIFS($D$18:$D$2045,$I$18:$I$2045,706,$J$18:$J$2045,12) -> 0 | K14: =SUMIFS($D$18:$D$2045,$I$18:$I$2045,1407,$J$18:$J$2045,12) -> 0 | L14: =SUMIFS($D$18:$D$2045,$I$18:$I$2045,"",$J$18:$J$2045,12) -> 0 | M14: =SUM(D14:L14) -> 0
A15: Jahr: | C15: =SUM(C3:C14) -> 0 | D15: =SUM(D3:D14) -> 0 | E15: =SUM(E3:E14) -> 0 | F15: =SUM(F3:F14) -> 0 | G15: =SUM(G3:G14) -> 0 | H15: =SUM(H3:H14) -> 0 | I15: =SUM(I3:I14) -> 0 | J15: =SUM(J3:J14) -> 0 | ... M15: =SUM(M3:M14) -> 0
A16: Auflistung der per Kreditkarte getätigten Ausgaben: | H16: Aktualisieren, wenn Ausgabe anfällt! | N16: Nachrichtlich:
A17: Datum | B17: Empfänger | D17: Betrag | E17: Summe je Ausgabe | F17: Summe /Monat | G17: Gegenstand / Ware | H17: ltr | I17: Code | J17: in Monat bezahlt | K17: Einzug am | L17: Bemerkungen | N17: Durchlaufende Posten | O17: Gesamt- betrag
